Workbook

Sheet BAR
A1: Мовенпик Красная Поляна 5*
A2: Тариф "Базовый с завтраком"
A3: Открытые тарифы
A4: завтраки формата "Шведский стол" | B4: 46283 | C4: 46284 | D4: 46285 | E4: 46286 | F4: 46287 | G4: 46288 | H4: 46289 | I4: 46290 | J4: 46291 | K4: 46292 | L4: 46293 | M4: 46294 | N4: 46295 | O4: 46296 | P4: 46297 | Q4: 46298 | R4: 46299 | S4: 46300 | T4: 46301 | U4: 46302 | V4: 46303 | W4: 46304 | X4: 46305 | Y4: 46306 | Z4: 46307 | AA4: 46308 | AB4: 46309 | AC4: 46310 | AD4: 46311 | AE4: 46312 | AF4: 46313 | AG4: 46314 | AH4: 46315 | AI4: 46316 | AJ4: 46317 | AK4: 46318 | AL4: 46319 | AM4: 46320 | AN4: 46321 | AO4: 46322 | AP4: 46323 | AQ4: 46324 | AR4: 46325 | AS4: 46326 | AT4: 46327 | AU4: 46328 | AV4: 46329 | AW4: 46330 | AX4: 46331 | AY4: 46332 | AZ4: 46333 | BA4: 46334 | BB4: 46335 | BC4: 46336 | BD4: 46337 | BE4: 46338 | BF4: 46339 | BG4: 46340 | BH4: 46341 | BI4: 46342 | BJ4: 46343 | BK4: 46344 | BL4: 46345 | BM4: 46346 | BN4: 46347 | BO4: 46348 | BP4: 46349 | BQ4: 46350 | BR4: 46351 | BS4: 46352 | BT4: 46353 | BU4: 46354 | BV4: 46355 | BW4: 46356 | BX4: 46357 | BY4: 46358 | BZ4: 46359 | CA4: 46360 | CB4: 46361 | CC4: 46362 | CD4: 46363 | CE4: 46364 | CF4: 46365 | CG4: 46366 | CH4: 46367 | CI4: 46368 | CJ4: 46369 | CK4: 46370 | CL4: 46371 | CM4: 46372 | CN4: 46373 | CO4: 46374 | CP4: 46375 | CQ4: 46376 | CR4: 46377 | CS4: 46378 | CT4: 46379 | CU4: 46380 | CV4: 46381 | CW4: 46382 | CX4: 46383 | CY4: 46384 | CZ4: 46385 | DA4: 46386 | DB4: 46387 | DC4: 46388 | DD4: 46389 | DE4: 46390 | DF4: 46391 | DG4: 46392 | DH4: 46393 | DI4: 46394 | DJ4: 46395 | DK4: 46396 | DL4: 46397 | DM4: 46398 | DN4: 46399 | DO4: 46400 | DP4: 46401 | DQ4: 46402 | DR4: 46403 | DS4: 46404 | DT4: 46405 | DU4: 46406 | DV4: 46407 | DW4: 46408 | DX4: 46409 | DY4: 46410 | DZ4: 46411 | EA4: 46412 | EB4: 46413 | EC4: 46414 | ED4: 46415 | EE4: 46416 | EF4: 46417 | EG4: 46418 | EH4: 46419 | EI4: 46420 | EJ4: 46421 | EK4: 46422 | EL4: 46423 | EM4: 46424 | EN4: 46425 | EO4: 46426 | EP4: 46427 | EQ4: 46428 | ER4: 46429 | ES4: 46430 | ET4: 46431 | EU4: 46432 | EV4: 46433 | EW4: 46434 | EX4: 46435 | EY4: 46436 | EZ4: 46437 | FA4: 46438 | FB4: 46439 | FC4: 46440 | FD4: 46441 | FE4: 46442 | FF4: 46443 | FG4: 46444 | FH4: 46445 | FI4: 46446 | FJ4: 46447 | FK4: 46448 | FL4: 46449 | FM4: 46450 | FN4: 46451 | FO4: 46452 | FP4: 46453 | FQ4: 46454 | FR4: 46455 | FS4: 46456 | FT4: 46457 | FU4: 46458 | FV4: 46459 | FW4: 46460 | FX4: 46461 | FY4: 46462 | FZ4: 46463 | GA4: 46464 | GB4: 46465 | GC4: 46466 | GD4: 46467 | GE4: 46468 | GF4: 46469 | GG4: 46470 | GH4: 46471 | GI4: 46472 | GJ4: 46473 | GK4: 46474 | GL4: 46475 | GM4: 46476 | GN4: 46477
A5: Улучшенный номер - с двуспальной кроватью Улучшенный номер с 2 односпальными кроватями Улучшенный номер, для маломобильных - с двуспальной кроватью
A6: 1 | B6: 13200 | C6: 13200 | D6: 12700 | E6: 12700 | F6: 12700 | G6: 12700 | H6: 12700 | I6: 12700 | J6: 12700 | K6: 12700 | L6: 12700 | M6: 12700 | N6: 12700 | O6: 11700 | P6: 11700 | Q6: 11700 | R6: 11700 | S6: 11700 | T6: 11700 | U6: 11700 | V6: 11700 | W6: 11700 | X6: 11700 | Y6: 9700 | Z6: 9700 | AA6: 9700 | AB6: 9700 | AC6: 9700 | AD6: 10200 | AE6: 10200 | AF6: 9700 | AG6: 9700 | AH6: 9700 | AI6: 9700 | AJ6: 9700 | AK6: 10200 | AL6: 10200 | AM6: 9700 | AN6: 9700 | AO6: 9700 | AP6: 9700 | AQ6: 9700 | AR6: 10200 | AS6: 10200 | AT6: 9400 | AU6: 9400 | AV6: 9700 | AW6: 10200 | AX6: 7900 | AY6: 9400 | AZ6: 9400 | BA6: 7900 | BB6: 7900 | BC6: 7900 | BD6: 7900 | BE6: 7900 | BF6: 9400 | BG6: 9400 | BH6: 7900 | BI6: 7900 | BJ6: 7900 | BK6: 7900 | BL6: 7900 | BM6: 9400 | BN6: 9400 | BO6: 7900 | BP6: 7900 | BQ6: 7900 | BR6: 7900 | BS6: 7900 | BT6: 9400 | BU6: 9400 | BV6: 7900 | BW6: 7900 | BX6: 10200 | BY6: 10200 | BZ6: 10200 | CA6: 10500 | CB6: 10500 | CC6: 10200 | CD6: 10200 | CE6: 10200 | CF6: 10200 | CG6: 10200 | CH6: 12000 | CI6: 12000 | CJ6: 10200 | CK6: 10200 | CL6: 11200 | CM6: 11200 | CN6: 10500 | CO6: 11200 | CP6: 11200 | CQ6: 11200 | CR6: 11200 | CS6: 11700 | CT6: 11700 | CU6: 12000 | CV6: 12000 | CW6: 12000 | CX6: 12000 | CY6: 12000 | CZ6: 37950 | DA6: 51450 | DB6: 51450 | DC6: 53450 | DD6: 53450 | DE6: 53450 | DF6: 53450 | DG6: 53450 | DH6: 51450 | DI6: 51450 | DJ6: 51450 | DK6: 27050 | DL6: 27050 | DM6: 27050 | DN6: 22350 | DO6: 22350 | DP6: 22350 | DQ6: 22350 | DR6: 21350 | DS6: 20150 | DT6: 20650 | DU6: 20150 | DV6: 20650 | DW6: 20150 | DX6: 20150 | DY6: 21350 | DZ6: 22350 | EA6: 22350 | EB6: 22350 | EC6: 22350 | ED6: 22350 | EE6: 22350 | EF6: 22350 | EG6: 19650 | EH6: 24850 | EI6: 24850 | EJ6: 24850 | EK6: 24850 | EL6: 24850 | EM6: 24850 | EN6: 24850 | EO6: 24850 | EP6: 24850 | EQ6: 24850 | ER6: 24850 | ES6: 24850 | ET6: 24850 | EU6: 24850 | EV6: 24850 | EW6: 24850 | EX6: 24850 | EY6: 24850 | EZ6: 40850 | FA6: 42350 | FB6: 42350 | FC6: 42350 | FD6: 42350 | FE6: 27550 | FF6: 27550 | FG6: 40850 | FH6: 40850 | FI6: 40850 | FJ6: 24850 | FK6: 23350 | FL6: 23350 | FM6: 23350 | FN6: 23350 | FO6: 23350 | FP6: 23350 | FQ6: 23350 | FR6: 18450 | FS6: 18450 | FT6: 18450 | FU6: 18450 | FV6: 18450 | FW6: 18450 | FX6: 18450 | FY6: 18450 | FZ6: 18450 | GA6: 18450 | GB6: 18450 | GC6: 18450 | GD6: 18450 | GE6: 18450 | GF6: 18450 | GG6: 18450 | GH6: 18450 | GI6: 18450 | GJ6: 18450 | GK6: 18450 | GL6: 18450 | GM6: 18450 | GN6: 18450
A7: 2 | B7: =B6+2200 -> 15400 | C7: =C6+2200 -> 15400 | D7: =D6+2200 -> 14900 | E7: =E6+2200 -> 14900 | F7: =F6+2200 -> 14900 | G7: =G6+2200 -> 14900 | H7: =H6+2200 -> 14900 | I7: =I6+2200 -> 14900 | ... CY7: =CY6+2200 -> 14200 | CZ7: =CZ6+2950 -> 40900 | DA7: =DA6+2950 -> 54400 | DB7: =DB6+2950 -> 54400 | DC7: =DC6+2950 -> 56400 | DD7: =DD6+2950 -> 56400 | DE7: =DE6+2950 -> 56400 | DF7: =DF6+2950 -> 56400 | DG7: =DG6+2950 -> 56400 | ... DJ7: =DJ6+2950 -> 54400 | DK7: =DK6+2750 -> 29800 | DL7: =DL6+2750 -> 29800 | DM7: =DM6+2750 -> 29800 | DN7: =DN6+2750 -> 25100 | DO7: =DO6+2750 -> 25100 | DP7: =DP6+2750 -> 25100 | DQ7: =DQ6+2750 -> 25100 | DR7: =DR6+2750 -> 24100 | ... GN7: =GN6+2750 -> 21200
A8: Улучшенный номер, вид на горы - с двуспальной кроватью Улучшенный номер, вид на горы с 2 односпальными кроватями
A9: 1 | B9: =B6+3000 -> 16200 | C9: =C6+3000 -> 16200 | D9: =D6+3000 -> 15700 | E9: =E6+3000 -> 15700 | F9: =F6+3000 -> 15700 | G9: =G6+3000 -> 15700 | H9: =H6+3000 -> 15700 | I9: =I6+3000 -> 15700 | ... CY9: =CY6+3000 -> 15000 | CZ9: =CZ6+5000 -> 42950 | DA9: =DA6+5000 -> 56450 | DB9: =DB6+5000 -> 56450 | DC9: =DC6+5000 -> 58450 | DD9: =DD6+5000 -> 58450 | DE9: =DE6+5000 -> 58450 | DF9: =DF6+5000 -> 58450 | DG9: =DG6+5000 -> 58450 | ... DJ9: =DJ6+5000 -> 56450 | DK9: =DK6+4000 -> 31050 | DL9: =DL6+4000 -> 31050 | DM9: =DM6+4000 -> 31050 | DN9: =DN6+4000 -> 26350 | DO9: =DO6+4000 -> 26350 | DP9: =DP6+4000 -> 26350 | DQ9: =DQ6+4000 -> 26350 | DR9: =DR6+4000 -> 25350 | ... GN9: =GN6+4000 -> 22450
A10: 2 | B10: =B9+2200 -> 18400 | C10: =C9+2200 -> 18400 | D10: =D9+2200 -> 17900 | E10: =E9+2200 -> 17900 | F10: =F9+2200 -> 17900 | G10: =G9+2200 -> 17900 | H10: =H9+2200 -> 17900 | I10: =I9+2200 -> 17900 | ... CY10: =CY9+2200 -> 17200 | CZ10: =CZ9+2950 -> 45900 | DA10: =DA9+2950 -> 59400 | DB10: =DB9+2950 -> 59400 | DC10: =DC9+2950 -> 61400 | DD10: =DD9+2950 -> 61400 | DE10: =DE9+2950 -> 61400 | DF10: =DF9+2950 -> 61400 | DG10: =DG9+2950 -> 61400 | ... DJ10: =DJ9+2950 -> 59400 | DK10: =DK9+2750 -> 33800 | DL10: =DL9+2750 -> 33800 | DM10: =DM9+2750 -> 33800 | DN10: =DN9+2750 -> 29100 | DO10: =DO9+2750 -> 29100 | DP10: =DP9+2750 -> 29100 | DQ10: =DQ9+2750 -> 29100 | DR10: =DR9+2750 -> 28100 | ... GN10: =GN9+2750 -> 25200
A11: Номер Люкс - с двуспальной кроватью
A12: 1 | B12: =B9+6000 -> 22200 | C12: =C9+6000 -> 22200 | D12: =D9+6000 -> 21700 | E12: =E9+6000 -> 21700 | F12: =F9+6000 -> 21700 | G12: =G9+6000 -> 21700 | H12: =H9+6000 -> 21700 | I12: =I9+6000 -> 21700 | ... CX12: =CX9+6000 -> 21000 | CY12: =CY6+9000 -> 21000 | CZ12: =CZ6+16000 -> 53950 | DA12: =DA6+16000 -> 67450 | DB12: =DB6+16000 -> 67450 | DC12: =DC6+16000 -> 69450 | DD12: =DD6+16000 -> 69450 | DE12: =DE6+16000 -> 69450 | DF12: =DF6+16000 -> 69450 | DG12: =DG6+16000 -> 69450 | ... DJ12: =DJ6+16000 -> 67450 | DK12: =DK6+14000 -> 41050 | DL12: =DL6+14000 -> 41050 | DM12: =DM6+14000 -> 41050 | DN12: =DN6+14000 -> 36350 | DO12: =DO6+14000 -> 36350 | DP12: =DP6+14000 -> 36350 | DQ12: =DQ6+14000 -> 36350 | DR12: =DR6+14000 -> 35350 | ... GN12: =GN6+14000 -> 32450
A13: 2 | B13: =B12+2200 -> 24400 | C13: =C12+2200 -> 24400 | D13: =D12+2200 -> 23900 | E13: =E12+2200 -> 23900 | F13: =F12+2200 -> 23900 | G13: =G12+2200 -> 23900 | H13: =H12+2200 -> 23900 | I13: =I12+2200 -> 23900 | ... CY13: =CY12+2200 -> 23200 | CZ13: =CZ12+2950 -> 56900 | DA13: =DA12+2950 -> 70400 | DB13: =DB12+2950 -> 70400 | DC13: =DC12+2950 -> 72400 | DD13: =DD12+2950 -> 72400 | DE13: =DE12+2950 -> 72400 | DF13: =DF12+2950 -> 72400 | DG13: =DG12+2950 -> 72400 | ... DJ13: =DJ12+2950 -> 70400 | DK13: =DK12+2750 -> 43800 | DL13: =DL12+2750 -> 43800 | DM13: =DM12+2750 -> 43800 | DN13: =DN12+2750 -> 39100 | DO13: =DO12+2750 -> 39100 | DP13: =DP12+2750 -> 39100 | DQ13: =DQ12+2750 -> 39100 | DR13: =DR12+2750 -> 38100 | ... GN13: =GN12+2750 -> 35200
A14: Представительский Люкс - с двуспальной кроватью
A15: 1 | B15: =B6+12000 -> 25200 | C15: =C6+12000 -> 25200 | D15: =D6+12000 -> 24700 | E15: =E6+12000 -> 24700 | F15: =F6+12000 -> 24700 | G15: =G6+12000 -> 24700 | H15: =H6+12000 -> 24700 | I15: =I6+12000 -> 24700 | ... CY15: =CY6+12000 -> 24000 | CZ15: =CZ6+25000 -> 62950 | DA15: =DA6+25000 -> 76450 | DB15: =DB6+25000 -> 76450 | DC15: =DC6+25000 -> 78450 | DD15: =DD6+25000 -> 78450 | DE15: =DE6+25000 -> 78450 | DF15: =DF6+25000 -> 78450 | DG15: =DG6+25000 -> 78450 | ... DJ15: =DJ6+25000 -> 76450 | DK15: =DK6+20000 -> 47050 | DL15: =DL6+20000 -> 47050 | DM15: =DM6+20000 -> 47050 | DN15: =DN6+20000 -> 42350 | DO15: =DO6+20000 -> 42350 | DP15: =DP6+20000 -> 42350 | DQ15: =DQ6+20000 -> 42350 | DR15: =DR6+20000 -> 41350 | ... GN15: =GN6+20000 -> 38450
A16: 2 | B16: =B15+2200 -> 27400 | C16: =C15+2200 -> 27400 | D16: =D15+2200 -> 26900 | E16: =E15+2200 -> 26900 | F16: =F15+2200 -> 26900 | G16: =G15+2200 -> 26900 | H16: =H15+2200 -> 26900 | I16: =I15+2200 -> 26900 | ... CY16: =CY15+2200 -> 26200 | CZ16: =CZ15+2950 -> 65900 | DA16: =DA15+2950 -> 79400 | DB16: =DB15+2950 -> 79400 | DC16: =DC15+2950 -> 81400 | DD16: =DD15+2950 -> 81400 | DE16: =DE15+2950 -> 81400 | DF16: =DF15+2950 -> 81400 | DG16: =DG15+2950 -> 81400 | ... DJ16: =DJ15+2950 -> 79400 | DK16: =DK15+2750 -> 49800 | DL16: =DL15+2750 -> 49800 | DM16: =DM15+2750 -> 49800 | DN16: =DN15+2750 -> 45100 | DO16: =DO15+2750 -> 45100 | DP16: =DP15+2750 -> 45100 | DQ16: =DQ15+2750 -> 45100 | DR16: =DR15+2750 -> 44100 | ... GN16: =GN15+2750 -> 41200
A17: Пентхаус, 2-этажный, с террасой - с 2 спальнями
A18: от 1 до 4 | B18: =B15+23000 -> 48200 | C18: =C15+23000 -> 48200 | D18: =D15+23000 -> 47700 | E18: =E15+23000 -> 47700 | F18: =F15+23000 -> 47700 | G18: =G15+23000 -> 47700 | H18: =H15+23000 -> 47700 | I18: =I15+23000 -> 47700 | ... CX18: =CX15+23000 -> 47000 | CY18: =CY6+35000 -> 47000 | CZ18: =CZ6+70000 -> 107950 | DA18: =DA6+70000 -> 121450 | DB18: =DB6+70000 -> 121450 | DC18: =DC6+70000 -> 123450 | DD18: =DD6+70000 -> 123450 | DE18: =DE6+70000 -> 123450 | DF18: =DF6+70000 -> 123450 | DG18: =DG6+70000 -> 123450 | ... DJ18: =DJ6+70000 -> 121450 | DK18: =DK6+40000 -> 67050 | DL18: =DL6+40000 -> 67050 | DM18: =DM6+40000 -> 67050 | DN18: =DN6+40000 -> 62350 | DO18: =DO6+40000 -> 62350 | DP18: =DP6+40000 -> 62350 | DQ18: =DQ6+40000 -> 62350 | DR18: =DR6+40000 -> 61350 | ... GN18: =GN6+40000 -> 58450
A19: Люкс Красная Поляна, 2-этажный, с террасой - с 3 спальнями
A20: от 1 до 6 | B20: =B18+20000 -> 68200 | C20: =C18+20000 -> 68200 | D20: =D18+20000 -> 67700 | E20: =E18+20000 -> 67700 | F20: =F18+20000 -> 67700 | G20: =G18+20000 -> 67700 | H20: =H18+20000 -> 67700 | I20: =I18+20000 -> 67700 | ... CX20: =CX18+20000 -> 67000 | CY20: =CY6+55000 -> 67000 | CZ20: =CZ6+120000 -> 157950 | DA20: =DA6+120000 -> 171450 | DB20: =DB6+120000 -> 171450 | DC20: =DC6+120000 -> 173450 | DD20: =DD6+120000 -> 173450 | DE20: =DE6+120000 -> 173450 | DF20: =DF6+120000 -> 173450 | DG20: =DG6+120000 -> 173450 | ... DJ20: =DJ6+120000 -> 171450 | DK20: =DK6+70000 -> 97050 | DL20: =DL6+70000 -> 97050 | DM20: =DM6+70000 -> 97050 | DN20: =DN6+70000 -> 92350 | DO20: =DO6+70000 -> 92350 | DP20: =DP6+70000 -> 92350 | DQ20: =DQ6+70000 -> 92350 | DR20: =DR6+70000 -> 91350 | ... GN20: =GN6+70000 -> 88450
A22: Осенние регламентные работы 2026:
A23: 15.10.26-30.11.26 вкл-но пройдут осенние регламентные работы на канатных дорогах Курорта Красная Поляна. График закрытия: 🛠 15.10.26 - 06.11.26 вкл-но закрытие КД Восточного сектора (К10, К11, К12, К13). 🛠 01.11.26 - 30.11.26 вкл-но закрытие КД в зоне Цирк-2 (К4, К5) 🛠 08.11.26 - 30.11.26 вкл-но закрытие КД Центрального сектора (К1, К2, К3). Между Поляной 540 и Поляной 960 будут организованы бесплатные трансфера. Карта канатных дорог https://krasnayapolyanaresort.ru/map
A24: Доп.инфо:
A25: 📌Дополнительное место с завтраком: 01.04.26 - 28.12.26 взр 3700 руб/сут, реб 2600 руб/сут 29.12.26 - 08.01.27 взр 4500 руб/сут, реб 3000 руб/сут 09.01.27 - 31.03.27 взр 4300 руб/сут, реб 2900 руб/сут 📌Дополнительное место без завтрака: 01.04.26 - 28.12.26 взр 1500 руб/сут, реб 1500 руб/сут 29.12.26 - 08.01.27 взр 1550 руб/сут, реб 1550 руб/сут 09.01.27 - 31.03.27 взр 1550 руб/сут, реб 1550 руб/сут 📌Завтраки: 01.04.26 - 28.12.26 взр 2200 руб/сут, реб 1100 руб/сут 29.12.26 - 08.01.27 взр 2950 руб/сут, реб 1450 руб/сут 09.01.27 - 31.03.27 взр 2750 руб/сут, реб 1350 руб/сут 📌Доплата за размещение с животными (до 15 кг и 45 см в холке) – 5000 рублей/единоразово при заселении. Допустимо проживание не более 1-го животного в номере. Обязателен вет.паспорт животного. 📌Услуга "Ранний заезд или Поздний выезд" предоставляется при 100% гарантиии доп. суток размещения по возможности отеля. Негарантированный РЗ/ПВ оформляется в отеле и предоставляется по возможности отеля. Время негарантированных услуг: РЗ с 00:00 до 02:59 - 100%, с 03:00 до 15:00 - 50%; ПВ с 12:00 до 18:00 - 50%, после 18:00 - 100%.
A26: Новогодний тариф (включительно):
A27: Период продажи: 10.07.2026 – 07.01.2027 Период проживания: 29.12.2026 – 08.01.2027 Условия бронирования: При бронировании номера в даты проживания с 30.12.25-08.01.26 необходима предоплата в размере 1-х суток и полная оплата в размере 100% до 01.12.2026. Условия аннуляции: бесплатная отмена до 00:00 дня заезда и при отмене после 00:00 часов дня заезда удерживается стоимость первых суток.
A28: Даты тарифа (включительно):
A29: Период продажи: 20.03.2026 - 30.03.2027 Период проживания: 20.03.2026 - 31.03.2027
A30: В стоимость включено:
A31: Подъем на канатной дороге с Поляны 540 на Поляну 960; Проживание в номере выбранной категории; Завтрак "Шведский стол" в ресторане "Прагер"; Шоколадный час ежедневно с 17.00 до 17.45; Посещение SPA комплекса отеля; Wi-Fi на территории всего отеля; Комната для хранения горнолыжного оборудования; Услуги консьержа, в том числе мобильный консьерж-сервис; Доставка багажа в номер / из номера; Услуги парковки автомобиля (крытая парковка)
A32: Условия аннуляции:
A33: В случае отмены или изменения бронирования менее чем за 24 часа до заезда удерживается стоимость первых суток.
... A35: Территория Курорта Красная поляна является особо охраняемой природной территорией "Сочинский национальный парк". При подъёме выше отметки +960 и при прогулках по экотропам Курорта, вам необходимо оформить пропуск. *Детям дошкольного и школьного возраста, гостям пенсионного возраста - приобретают льготный билет (0Р) в кассе Сочинского национального парка, на высоте 960 Купить пропуск в национальный парк https://npsochi.ru/tickets/ Ознакомиться с правилами Сочинского национального парка https://npsochi.ru/rules/

Sheet 3=4
A1: Мовенпик Красная Поляна 5*
A2: Тариф "Три равно четыре!"
A3: Открытые тарифы
A4: завтраки формата "Шведский стол" | B4: 46176 | C4: 46177
A5: Улучшенный номер - с двуспальной кроватью Улучшенный номер с 2 односпальными кроватями Улучшенный номер, для маломобильных - с двуспальной кроватью
A6: 1 | B6: =BAR!#REF!*0.75 -> #REF! | C6: =BAR!#REF!*0.75 -> #REF!
A7: 2 | B7: =BAR!#REF!*0.75 -> #REF! | C7: =BAR!#REF!*0.75 -> #REF!
A8: Улучшенный номер, вид на горы - с двуспальной кроватью Улучшенный номер, вид на горы с 2 односпальными кроватями
A9: 1 | B9: =BAR!#REF!*0.75 -> #REF! | C9: =BAR!#REF!*0.75 -> #REF!
A10: 2 | B10: =BAR!#REF!*0.75 -> #REF! | C10: =BAR!#REF!*0.75 -> #REF!
A11: Номер Люкс - с двуспальной кроватью
A12: 1 | B12: =BAR!#REF!*0.75 -> #REF! | C12: =BAR!#REF!*0.75 -> #REF!
A13: 2 | B13: =BAR!#REF!*0.75 -> #REF! | C13: =BAR!#REF!*0.75 -> #REF!
A14: Представительский Люкс - с двуспальной кроватью
A15: 1 | B15: =BAR!#REF!*0.75 -> #REF! | C15: =BAR!#REF!*0.75 -> #REF!
A16: 2 | B16: =BAR!#REF!*0.75 -> #REF! | C16: =BAR!#REF!*0.75 -> #REF!
A17: Пентхаус, 2-этажный, с террасой - с 2 спальнями
A18: от 1 до 4 | B18: =BAR!#REF!*0.75 -> #REF! | C18: =BAR!#REF!*0.75 -> #REF!
A19: Люкс Красная Поляна, 2-этажный, с террасой - с 3 спальнями
A20: от 1 до 6 | B20: =BAR!#REF!*0.75 -> #REF! | C20: =BAR!#REF!*0.75 -> #REF!
A21: Даты тарифа (включительно):
A22: Период продажи: 06.05.2026 - 03.06.2026 Период проживания: 06.05.2026 - 04.06.2026
A23: Ограничения:
A24: 4 ночи - минимальное количество ночей проживания. Общее количество ночей проживания должно быть кратно 4 ночам.
A25: В стоимость включено:
A26: Подъем на канатной дороге с Поляны 540 на Поляну 960; Проживание в номере выбранной категории; Завтрак "Шведский стол" в ресторане "Прагер"; Шоколадный час ежедневно с 17.00 до 17.45; Посещение SPA комплекса отеля; Wi-Fi на территории всего отеля; Комната для хранения горнолыжного оборудования; Услуги бизнес-центра (персональный компьютер, принтер, Интернет); Услуги консьержа, в том числе мобильный консьерж-сервис; Доставка багажа в номер / из номера; Услуги парковки автомобиля (крытая парковка).
A27: Условия аннуляции:
A28: В случае отмены или изменения бронирования после 00:00 часов дня заезда удерживается стоимость первых суток.
A29: Регламентные работы:
A30: Ежегодные регламентные работы на канатных дорогах курорта Красная Поляна пройдут с 16 марта по 24 июня 2026 года. С 10 по 31 мая будут закрыты канатные дороги Центрального сектора: («Красная Поляна» 540-960 м, «Реликтовый лес» 960-1460 м, «Вершина» 1460-2200 м, «Аибга» 2200-2050 м, «Черная Пирамида» 2050-2300 м). На время регламентных работ между уровнями 540-960 м будут курсировать шаттлы курорта. С 16 марта по 24 апреля будет закрыта канатная дорога Восточного сектора К‑13 «Водопад Поликаря. С 1 апреля по 24 апреля будут закрыты канатные дороги К‑10 «Восточный лес» и К‑12 «Старт чемпиона». К‑8 «Снежная звезда»: закрыта с 1 по 24 июня.

Sheet РБ10%
A1: Мовенпик Красная Поляна 5*
A2: Тариф "Раннее бронирование со скидкой 10%, завтрак включен"
A3: Открытые тарифы
A4: завтраки формата "Шведский стол" | B4: 46218 | C4: 46219 | D4: 46220 | E4: 46221 | F4: 46222 | G4: 46223 | H4: 46224 | I4: 46225 | J4: 46226 | K4: 46227 | L4: 46228 | M4: 46229 | N4: 46230 | O4: 46231 | P4: 46232 | Q4: 46233 | R4: 46234 | S4: 46235 | T4: 46236 | U4: 46237 | V4: 46238 | W4: 46239 | X4: 46240 | Y4: 46241 | Z4: 46242 | AA4: 46243 | AB4: 46244 | AC4: 46245 | AD4: 46246 | AE4: 46247 | AF4: 46248 | AG4: 46249 | AH4: 46250 | AI4: 46251 | AJ4: 46252 | AK4: 46253 | AL4: 46254 | AM4: 46255 | AN4: 46256 | AO4: 46257 | AP4: 46258 | AQ4: 46259 | AR4: 46260 | AS4: 46261 | AT4: 46262 | AU4: 46263 | AV4: 46264 | AW4: 46265 | AX4: 46266 | AY4: 46267 | AZ4: 46268 | BA4: 46269 | BB4: 46270 | BC4: 46271 | BD4: 46272 | BE4: 46273 | BF4: 46274 | BG4: 46275 | BH4: 46276 | BI4: 46277 | BJ4: 46278 | BK4: 46279 | BL4: 46280 | BM4: 46281 | BN4: 46282 | BO4: 46283 | BP4: 46284 | BQ4: 46285 | BR4: 46286 | BS4: 46287 | BT4: 46288 | BU4: 46289 | BV4: 46290 | BW4: 46291 | BX4: 46292 | BY4: 46293 | BZ4: 46294 | CA4: 46295 | CB4: 46296 | CC4: 46297 | CD4: 46298 | CE4: 46299 | CF4: 46300 | CG4: 46301 | CH4: 46302 | CI4: 46303 | CJ4: 46304 | CK4: 46305 | CL4: 46306 | CM4: 46307 | CN4: 46308 | CO4: 46309 | CP4: 46310 | CQ4: 46311 | CR4: 46312 | CS4: 46313 | CT4: 46314 | CU4: 46315 | CV4: 46316 | CW4: 46317 | CX4: 46318 | CY4: 46319 | CZ4: 46320 | DA4: 46321 | DB4: 46322 | DC4: 46323 | DD4: 46324 | DE4: 46325 | DF4: 46326 | DG4: 46327 | DH4: 46328 | DI4: 46329 | DJ4: 46330 | DK4: 46331 | DL4: 46332 | DM4: 46333 | DN4: 46334 | DO4: 46335 | DP4: 46336 | DQ4: 46337 | DR4: 46338 | DS4: 46339 | DT4: 46340 | DU4: 46341 | DV4: 46342 | DW4: 46343 | DX4: 46344 | DY4: 46345 | DZ4: 46346 | EA4: 46347 | EB4: 46348 | EC4: 46349 | ED4: 46350 | EE4: 46351 | EF4: 46352 | EG4: 46353 | EH4: 46354 | EI4: 46355 | EJ4: 46356 | EK4: 46357 | EL4: 46358 | EM4: 46359 | EN4: 46360 | EO4: 46361 | EP4: 46362 | EQ4: 46363 | ER4: 46364 | ES4: 46365 | ET4: 46366 | EU4: 46367 | EV4: 46368 | EW4: 46369 | EX4: 46370 | EY4: 46371 | EZ4: 46372 | FA4: 46373 | FB4: 46374 | FC4: 46375 | FD4: 46376 | FE4: 46377 | FF4: 46378 | FG4: 46379 | FH4: 46380 | FI4: 46381 | FJ4: 46382 | FK4: 46383 | FL4: 46384 | FM4: 46385 | FN4: 46386 | FO4: 46387 | FP4: 46388 | FQ4: 46389 | FR4: 46390 | FS4: 46391 | FT4: 46392 | FU4: 46393 | FV4: 46394 | FW4: 46395 | FX4: 46396 | FY4: 46397 | FZ4: 46398 | GA4: 46399 | GB4: 46400 | GC4: 46401 | GD4: 46402 | GE4: 46403 | GF4: 46404 | GG4: 46405 | GH4: 46406 | GI4: 46407 | GJ4: 46408 | GK4: 46409 | GL4: 46410 | GM4: 46411 | GN4: 46412 | GO4: 46413 | GP4: 46414 | GQ4: 46415 | GR4: 46416 | GS4: 46417 | GT4: 46418 | GU4: 46419 | GV4: 46420 | GW4: 46421 | GX4: 46422 | GY4: 46423 | GZ4: 46424 | HA4: 46425 | HB4: 46426 | HC4: 46427 | HD4: 46428 | HE4: 46429 | HF4: 46430 | HG4: 46431 | HH4: 46432 | HI4: 46433 | HJ4: 46434 | HK4: 46435 | HL4: 46436 | HM4: 46437 | HN4: 46438 | HO4: 46439 | HP4: 46440 | HQ4: 46441 | HR4: 46442 | HS4: 46443 | HT4: 46444 | HU4: 46445 | HV4: 46446 | HW4: 46447 | HX4: 46448 | HY4: 46449 | HZ4: 46450 | IA4: 46451 | IB4: 46452 | IC4: 46453 | ID4: 46454 | IE4: 46455 | IF4: 46456 | IG4: 46457 | IH4: 46458 | II4: 46459 | IJ4: 46460 | IK4: 46461 | IL4: 46462 | IM4: 46463 | IN4: 46464 | IO4: 46465 | IP4: 46466 | IQ4: 46467 | IR4: 46468 | IS4: 46469 | IT4: 46470 | IU4: 46471 | IV4: 46472 | IW4: 46473 | IX4: 46474 | IY4: 46475 | IZ4: 46476 | JA4: 46477
A5: Улучшенный номер - с двуспальной кроватью Улучшенный номер с 2 односпальными кроватями Улучшенный номер, для маломобильных - с двуспальной кроватью
A6: 1 | B6: =BAR!#REF!*0.9 -> #REF! | C6: =BAR!#REF!*0.9 -> #REF! | D6: =BAR!#REF!*0.9 -> #REF! | E6: =BAR!#REF!*0.9 -> #REF! | F6: =BAR!#REF!*0.9 -> #REF! | G6: =BAR!#REF!*0.9 -> #REF! | H6: =BAR!#REF!*0.9 -> #REF! | I6: =BAR!#REF!*0.9 -> #REF! | ... BN6: =BAR!#REF!*0.9 -> #REF! | BO6: =BAR!B6*0.9 -> 11880 | BP6: =BAR!C6*0.9 -> 11880 | BQ6: =BAR!D6*0.9 -> 11430 | BR6: =BAR!E6*0.9 -> 11430 | BS6: =BAR!F6*0.9 -> 11430 | BT6: =BAR!G6*0.9 -> 11430 | BU6: =BAR!H6*0.9 -> 11430 | BV6: =BAR!I6*0.9 -> 11430 | ... JA6: =BAR!GN6*0.9 -> 16605
A7: 2 | B7: =BAR!#REF!*0.9 -> #REF! | C7: =BAR!#REF!*0.9 -> #REF! | D7: =BAR!#REF!*0.9 -> #REF! | E7: =BAR!#REF!*0.9 -> #REF! | F7: =BAR!#REF!*0.9 -> #REF! | G7: =BAR!#REF!*0.9 -> #REF! | H7: =BAR!#REF!*0.9 -> #REF! | I7: =BAR!#REF!*0.9 -> #REF! | ... BN7: =BAR!#REF!*0.9 -> #REF! | BO7: =BAR!B7*0.9 -> 13860 | BP7: =BAR!C7*0.9 -> 13860 | BQ7: =BAR!D7*0.9 -> 13410 | BR7: =BAR!E7*0.9 -> 13410 | BS7: =BAR!F7*0.9 -> 13410 | BT7: =BAR!G7*0.9 -> 13410 | BU7: =BAR!H7*0.9 -> 13410 | BV7: =BAR!I7*0.9 -> 13410 | ... JA7: =BAR!GN7*0.9 -> 19080
A8: Улучшенный номер, вид на горы - с двуспальной кроватью Улучшенный номер, вид на горы с 2 односпальными кроватями
A9: 1 | B9: =BAR!#REF!*0.9 -> #REF! | C9: =BAR!#REF!*0.9 -> #REF! | D9: =BAR!#REF!*0.9 -> #REF! | E9: =BAR!#REF!*0.9 -> #REF! | F9: =BAR!#REF!*0.9 -> #REF! | G9: =BAR!#REF!*0.9 -> #REF! | H9: =BAR!#REF!*0.9 -> #REF! | I9: =BAR!#REF!*0.9 -> #REF! | ... BN9: =BAR!#REF!*0.9 -> #REF! | BO9: =BAR!B9*0.9 -> 14580 | BP9: =BAR!C9*0.9 -> 14580 | BQ9: =BAR!D9*0.9 -> 14130 | BR9: =BAR!E9*0.9 -> 14130 | BS9: =BAR!F9*0.9 -> 14130 | BT9: =BAR!G9*0.9 -> 14130 | BU9: =BAR!H9*0.9 -> 14130 | BV9: =BAR!I9*0.9 -> 14130 | ... JA9: =BAR!GN9*0.9 -> 20205
A10: 2 | B10: =BAR!#REF!*0.9 -> #REF! | C10: =BAR!#REF!*0.9 -> #REF! | D10: =BAR!#REF!*0.9 -> #REF! | E10: =BAR!#REF!*0.9 -> #REF! | F10: =BAR!#REF!*0.9 -> #REF! | G10: =BAR!#REF!*0.9 -> #REF! | H10: =BAR!#REF!*0.9 -> #REF! | I10: =BAR!#REF!*0.9 -> #REF! | ... BN10: =BAR!#REF!*0.9 -> #REF! | BO10: =BAR!B10*0.9 -> 16560 | BP10: =BAR!C10*0.9 -> 16560 | BQ10: =BAR!D10*0.9 -> 16110 | BR10: =BAR!E10*0.9 -> 16110 | BS10: =BAR!F10*0.9 -> 16110 | BT10: =BAR!G10*0.9 -> 16110 | BU10: =BAR!H10*0.9 -> 16110 | BV10: =BAR!I10*0.9 -> 16110 | ... JA10: =BAR!GN10*0.9 -> 22680
A11: Номер Люкс - с двуспальной кроватью
A12: 1 | B12: =BAR!#REF!*0.9 -> #REF! | C12: =BAR!#REF!*0.9 -> #REF! | D12: =BAR!#REF!*0.9 -> #REF! | E12: =BAR!#REF!*0.9 -> #REF! | F12: =BAR!#REF!*0.9 -> #REF! | G12: =BAR!#REF!*0.9 -> #REF! | H12: =BAR!#REF!*0.9 -> #REF! | I12: =BAR!#REF!*0.9 -> #REF! | ... BN12: =BAR!#REF!*0.9 -> #REF! | BO12: =BAR!B12*0.9 -> 19980 | BP12: =BAR!C12*0.9 -> 19980 | BQ12: =BAR!D12*0.9 -> 19530 | BR12: =BAR!E12*0.9 -> 19530 | BS12: =BAR!F12*0.9 -> 19530 | BT12: =BAR!G12*0.9 -> 19530 | BU12: =BAR!H12*0.9 -> 19530 | BV12: =BAR!I12*0.9 -> 19530 | ... JA12: =BAR!GN12*0.9 -> 29205
A13: 2 | B13: =BAR!#REF!*0.9 -> #REF! | C13: =BAR!#REF!*0.9 -> #REF! | D13: =BAR!#REF!*0.9 -> #REF! | E13: =BAR!#REF!*0.9 -> #REF! | F13: =BAR!#REF!*0.9 -> #REF! | G13: =BAR!#REF!*0.9 -> #REF! | H13: =BAR!#REF!*0.9 -> #REF! | I13: =BAR!#REF!*0.9 -> #REF! | ... BN13: =BAR!#REF!*0.9 -> #REF! | BO13: =BAR!B13*0.9 -> 21960 | BP13: =BAR!C13*0.9 -> 21960 | BQ13: =BAR!D13*0.9 -> 21510 | BR13: =BAR!E13*0.9 -> 21510 | BS13: =BAR!F13*0.9 -> 21510 | BT13: =BAR!G13*0.9 -> 21510 | BU13: =BAR!H13*0.9 -> 21510 | BV13: =BAR!I13*0.9 -> 21510 | ... JA13: =BAR!GN13*0.9 -> 31680
A14: Представительский Люкс - с двуспальной кроватью
A15: 1 | B15: =BAR!#REF!*0.9 -> #REF! | C15: =BAR!#REF!*0.9 -> #REF! | D15: =BAR!#REF!*0.9 -> #REF! | E15: =BAR!#REF!*0.9 -> #REF! | F15: =BAR!#REF!*0.9 -> #REF! | G15: =BAR!#REF!*0.9 -> #REF! | H15: =BAR!#REF!*0.9 -> #REF! | I15: =BAR!#REF!*0.9 -> #REF! | ... BN15: =BAR!#REF!*0.9 -> #REF! | BO15: =BAR!B15*0.9 -> 22680 | BP15: =BAR!C15*0.9 -> 22680 | BQ15: =BAR!D15*0.9 -> 22230 | BR15: =BAR!E15*0.9 -> 22230 | BS15: =BAR!F15*0.9 -> 22230 | BT15: =BAR!G15*0.9 -> 22230 | BU15: =BAR!H15*0.9 -> 22230 | BV15: =BAR!I15*0.9 -> 22230 | ... JA15: =BAR!GN15*0.9 -> 34605
A16: 2 | B16: =BAR!#REF!*0.9 -> #REF! | C16: =BAR!#REF!*0.9 -> #REF! | D16: =BAR!#REF!*0.9 -> #REF! | E16: =BAR!#REF!*0.9 -> #REF! | F16: =BAR!#REF!*0.9 -> #REF! | G16: =BAR!#REF!*0.9 -> #REF! | H16: =BAR!#REF!*0.9 -> #REF! | I16: =BAR!#REF!*0.9 -> #REF! | ... BN16: =BAR!#REF!*0.9 -> #REF! | BO16: =BAR!B16*0.9 -> 24660 | BP16: =BAR!C16*0.9 -> 24660 | BQ16: =BAR!D16*0.9 -> 24210 | BR16: =BAR!E16*0.9 -> 24210 | BS16: =BAR!F16*0.9 -> 24210 | BT16: =BAR!G16*0.9 -> 24210 | BU16: =BAR!H16*0.9 -> 24210 | BV16: =BAR!I16*0.9 -> 24210 | ... JA16: =BAR!GN16*0.9 -> 37080
A17: Пентхаус, 2-этажный, с террасой - с 2 спальнями
A18: от 1 до 4 | B18: =BAR!#REF!*0.9 -> #REF! | C18: =BAR!#REF!*0.9 -> #REF! | D18: =BAR!#REF!*0.9 -> #REF! | E18: =BAR!#REF!*0.9 -> #REF! | F18: =BAR!#REF!*0.9 -> #REF! | G18: =BAR!#REF!*0.9 -> #REF! | H18: =BAR!#REF!*0.9 -> #REF! | I18: =BAR!#REF!*0.9 -> #REF! | ... BN18: =BAR!#REF!*0.9 -> #REF! | BO18: =BAR!B18*0.9 -> 43380 | BP18: =BAR!C18*0.9 -> 43380 | BQ18: =BAR!D18*0.9 -> 42930 | BR18: =BAR!E18*0.9 -> 42930 | BS18: =BAR!F18*0.9 -> 42930 | BT18: =BAR!G18*0.9 -> 42930 | BU18: =BAR!H18*0.9 -> 42930 | BV18: =BAR!I18*0.9 -> 42930 | ... JA18: =BAR!GN18*0.9 -> 52605
A19: Люкс Красная Поляна, 2-этажный, с террасой - с 3 спальнями
A20: от 1 до 6 | B20: =BAR!#REF!*0.9 -> #REF! | C20: =BAR!#REF!*0.9 -> #REF! | D20: =BAR!#REF!*0.9 -> #REF! | E20: =BAR!#REF!*0.9 -> #REF! | F20: =BAR!#REF!*0.9 -> #REF! | G20: =BAR!#REF!*0.9 -> #REF! | H20: =BAR!#REF!*0.9 -> #REF! | I20: =BAR!#REF!*0.9 -> #REF! | ... BN20: =BAR!#REF!*0.9 -> #REF! | BO20: =BAR!B20*0.9 -> 61380 | BP20: =BAR!C20*0.9 -> 61380 | BQ20: =BAR!D20*0.9 -> 60930 | BR20: =BAR!E20*0.9 -> 60930 | BS20: =BAR!F20*0.9 -> 60930 | BT20: =BAR!G20*0.9 -> 60930 | BU20: =BAR!H20*0.9 -> 60930 | BV20: =BAR!I20*0.9 -> 60930 | ... JA20: =BAR!GN20*0.9 -> 79605
A21: ВАЖНО:
A22: Доступен для бронирования от 7 до 14 дней до заезда.
A23: Даты тарифа (включительно):
A24: Период продажи: 25.03.2026 - 30.03.2027 Период проживания: 29.12.2026 - 31.03.2027
A25: Закрытые даты (включительно):
A26: 15.07.2026 - 30.11.2026 29.12.2026 - 08.01.2027 19.02.2027 - 27.02.2027
A27: В стоимость включено:
A28: Подъем на канатной дороге с Поляны 540 на Поляну 960; Проживание в номере выбранной категории; Завтрак "Шведский стол" в ресторане "Прагер"; Шоколадный час ежедневно с 17.00 до 17.45; Посещение SPA комплекса отеля; Wi-Fi на территории всего отеля; Комната для хранения горнолыжного оборудования; Услуги консьержа, в том числе мобильный консьерж-сервис; Доставка багажа в номер / из номера; Услуги парковки автомобиля (крытая парковка);
A29: Условия аннуляции:
A30: Для оформления бронирования необходимо внести 100% предоплату в размере полной стоимости проживания. В случае отмены или изменения бронирования менее чем за 24 часа до заезда удерживается стоимость первых суток.

Sheet РБ15% 
A1: Мовенпик Красная Поляна 5*
A2: Тариф "Раннее бронирование со скидкой 15%, завтрак включен"
A3: Открытые тарифы
A4: завтраки формата "Шведский стол" | B4: 46218 | C4: 46219 | D4: 46220 | E4: 46221 | F4: 46222 | G4: 46223 | H4: 46224 | I4: 46225 | J4: 46226 | K4: 46227 | L4: 46228 | M4: 46229 | N4: 46230 | O4: 46231 | P4: 46232 | Q4: 46233 | R4: 46234 | S4: 46235 | T4: 46236 | U4: 46237 | V4: 46238 | W4: 46239 | X4: 46240 | Y4: 46241 | Z4: 46242 | AA4: 46243 | AB4: 46244 | AC4: 46245 | AD4: 46246 | AE4: 46247 | AF4: 46248 | AG4: 46249 | AH4: 46250 | AI4: 46251 | AJ4: 46252 | AK4: 46253 | AL4: 46254 | AM4: 46255 | AN4: 46256 | AO4: 46257 | AP4: 46258 | AQ4: 46259 | AR4: 46260 | AS4: 46261 | AT4: 46262 | AU4: 46263 | AV4: 46264 | AW4: 46265 | AX4: 46266 | AY4: 46267 | AZ4: 46268 | BA4: 46269 | BB4: 46270 | BC4: 46271 | BD4: 46272 | BE4: 46273 | BF4: 46274 | BG4: 46275 | BH4: 46276 | BI4: 46277 | BJ4: 46278 | BK4: 46279 | BL4: 46280 | BM4: 46281 | BN4: 46282 | BO4: 46283 | BP4: 46284 | BQ4: 46285 | BR4: 46286 | BS4: 46287 | BT4: 46288 | BU4: 46289 | BV4: 46290 | BW4: 46291 | BX4: 46292 | BY4: 46293 | BZ4: 46294 | CA4: 46295 | CB4: 46296 | CC4: 46297 | CD4: 46298 | CE4: 46299 | CF4: 46300 | CG4: 46301 | CH4: 46302 | CI4: 46303 | CJ4: 46304 | CK4: 46305 | CL4: 46306 | CM4: 46307 | CN4: 46308 | CO4: 46309 | CP4: 46310 | CQ4: 46311 | CR4: 46312 | CS4: 46313 | CT4: 46314 | CU4: 46315 | CV4: 46316 | CW4: 46317 | CX4: 46318 | CY4: 46319 | CZ4: 46320 | DA4: 46321 | DB4: 46322 | DC4: 46323 | DD4: 46324 | DE4: 46325 | DF4: 46326 | DG4: 46327 | DH4: 46328 | DI4: 46329 | DJ4: 46330 | DK4: 46331 | DL4: 46332 | DM4: 46333 | DN4: 46334 | DO4: 46335 | DP4: 46336 | DQ4: 46337 | DR4: 46338 | DS4: 46339 | DT4: 46340 | DU4: 46341 | DV4: 46342 | DW4: 46343 | DX4: 46344 | DY4: 46345 | DZ4: 46346 | EA4: 46347 | EB4: 46348 | EC4: 46349 | ED4: 46350 | EE4: 46351 | EF4: 46352 | EG4: 46353 | EH4: 46354 | EI4: 46355 | EJ4: 46356 | EK4: 46357 | EL4: 46358 | EM4: 46359 | EN4: 46360 | EO4: 46361 | EP4: 46362 | EQ4: 46363 | ER4: 46364 | ES4: 46365 | ET4: 46366 | EU4: 46367 | EV4: 46368 | EW4: 46369 | EX4: 46370 | EY4: 46371 | EZ4: 46372 | FA4: 46373 | FB4: 46374 | FC4: 46375 | FD4: 46376 | FE4: 46377 | FF4: 46378 | FG4: 46379 | FH4: 46380 | FI4: 46381 | FJ4: 46382 | FK4: 46383 | FL4: 46384 | FM4: 46385 | FN4: 46386 | FO4: 46387 | FP4: 46388 | FQ4: 46389 | FR4: 46390 | FS4: 46391 | FT4: 46392 | FU4: 46393 | FV4: 46394 | FW4: 46395 | FX4: 46396 | FY4: 46397 | FZ4: 46398 | GA4: 46399 | GB4: 46400 | GC4: 46401 | GD4: 46402 | GE4: 46403 | GF4: 46404 | GG4: 46405 | GH4: 46406 | GI4: 46407 | GJ4: 46408 | GK4: 46409 | GL4: 46410 | GM4: 46411 | GN4: 46412 | GO4: 46413 | GP4: 46414 | GQ4: 46415 | GR4: 46416 | GS4: 46417 | GT4: 46418 | GU4: 46419 | GV4: 46420 | GW4: 46421 | GX4: 46422 | GY4: 46423 | GZ4: 46424 | HA4: 46425 | HB4: 46426 | HC4: 46427 | HD4: 46428 | HE4: 46429 | HF4: 46430 | HG4: 46431 | HH4: 46432 | HI4: 46433 | HJ4: 46434 | HK4: 46435 | HL4: 46436 | HM4: 46437 | HN4: 46438 | HO4: 46439 | HP4: 46440 | HQ4: 46441 | HR4: 46442 | HS4: 46443 | HT4: 46444 | HU4: 46445 | HV4: 46446 | HW4: 46447 | HX4: 46448 | HY4: 46449 | HZ4: 46450 | IA4: 46451 | IB4: 46452 | IC4: 46453 | ID4: 46454 | IE4: 46455 | IF4: 46456 | IG4: 46457 | IH4: 46458 | II4: 46459 | IJ4: 46460 | IK4: 46461 | IL4: 46462 | IM4: 46463 | IN4: 46464 | IO4: 46465 | IP4: 46466 | IQ4: 46467 | IR4: 46468 | IS4: 46469 | IT4: 46470 | IU4: 46471 | IV4: 46472 | IW4: 46473 | IX4: 46474 | IY4: 46475 | IZ4: 46476 | JA4: 46477
A5: Улучшенный номер - с двуспальной кроватью Улучшенный номер с 2 односпальными кроватями Улучшенный номер, для маломобильных - с двуспальной кроватью
A6: 1 | B6: =BAR!#REF!*0.85 -> #REF! | C6: =BAR!#REF!*0.85 -> #REF! | D6: =BAR!#REF!*0.85 -> #REF! | E6: =BAR!#REF!*0.85 -> #REF! | F6: =BAR!#REF!*0.85 -> #REF! | G6: =BAR!#REF!*0.85 -> #REF! | H6: =BAR!#REF!*0.85 -> #REF! | I6: =BAR!#REF!*0.85 -> #REF! | ... BN6: =BAR!#REF!*0.85 -> #REF! | BO6: =BAR!B6*0.85 -> 11220 | BP6: =BAR!C6*0.85 -> 11220 | BQ6: =BAR!D6*0.85 -> 10795 | BR6: =BAR!E6*0.85 -> 10795 | BS6: =BAR!F6*0.85 -> 10795 | BT6: =BAR!G6*0.85 -> 10795 | BU6: =BAR!H6*0.85 -> 10795 | BV6: =BAR!I6*0.85 -> 10795 | ... JA6: =BAR!GN6*0.85 -> 15682.5
A7: 2 | B7: =BAR!#REF!*0.85 -> #REF! | C7: =BAR!#REF!*0.85 -> #REF! | D7: =BAR!#REF!*0.85 -> #REF! | E7: =BAR!#REF!*0.85 -> #REF! | F7: =BAR!#REF!*0.85 -> #REF! | G7: =BAR!#REF!*0.85 -> #REF! | H7: =BAR!#REF!*0.85 -> #REF! | I7: =BAR!#REF!*0.85 -> #REF! | ... BN7: =BAR!#REF!*0.85 -> #REF! | BO7: =BAR!B7*0.85 -> 13090 | BP7: =BAR!C7*0.85 -> 13090 | BQ7: =BAR!D7*0.85 -> 12665 | BR7: =BAR!E7*0.85 -> 12665 | BS7: =BAR!F7*0.85 -> 12665 | BT7: =BAR!G7*0.85 -> 12665 | BU7: =BAR!H7*0.85 -> 12665 | BV7: =BAR!I7*0.85 -> 12665 | ... JA7: =BAR!GN7*0.85 -> 18020
A8: Улучшенный номер, вид на горы - с двуспальной кроватью Улучшенный номер, вид на горы с 2 односпальными кроватями
A9: 1 | B9: =BAR!#REF!*0.85 -> #REF! | C9: =BAR!#REF!*0.85 -> #REF! | D9: =BAR!#REF!*0.85 -> #REF! | E9: =BAR!#REF!*0.85 -> #REF! | F9: =BAR!#REF!*0.85 -> #REF! | G9: =BAR!#REF!*0.85 -> #REF! | H9: =BAR!#REF!*0.85 -> #REF! | I9: =BAR!#REF!*0.85 -> #REF! | ... BN9: =BAR!#REF!*0.85 -> #REF! | BO9: =BAR!B9*0.85 -> 13770 | BP9: =BAR!C9*0.85 -> 13770 | BQ9: =BAR!D9*0.85 -> 13345 | BR9: =BAR!E9*0.85 -> 13345 | BS9: =BAR!F9*0.85 -> 13345 | BT9: =BAR!G9*0.85 -> 13345 | BU9: =BAR!H9*0.85 -> 13345 | BV9: =BAR!I9*0.85 -> 13345 | ... JA9: =BAR!GN9*0.85 -> 19082.5
A10: 2 | B10: =BAR!#REF!*0.85 -> #REF! | C10: =BAR!#REF!*0.85 -> #REF! | D10: =BAR!#REF!*0.85 -> #REF! | E10: =BAR!#REF!*0.85 -> #REF! | F10: =BAR!#REF!*0.85 -> #REF! | G10: =BAR!#REF!*0.85 -> #REF! | H10: =BAR!#REF!*0.85 -> #REF! | I10: =BAR!#REF!*0.85 -> #REF! | ... BN10: =BAR!#REF!*0.85 -> #REF! | BO10: =BAR!B10*0.85 -> 15640 | BP10: =BAR!C10*0.85 -> 15640 | BQ10: =BAR!D10*0.85 -> 15215 | BR10: =BAR!E10*0.85 -> 15215 | BS10: =BAR!F10*0.85 -> 15215 | BT10: =BAR!G10*0.85 -> 15215 | BU10: =BAR!H10*0.85 -> 15215 | BV10: =BAR!I10*0.85 -> 15215 | ... JA10: =BAR!GN10*0.85 -> 21420
A11: Номер Люкс - с двуспальной кроватью
A12: 1 | B12: =BAR!#REF!*0.85 -> #REF! | C12: =BAR!#REF!*0.85 -> #REF! | D12: =BAR!#REF!*0.85 -> #REF! | E12: =BAR!#REF!*0.85 -> #REF! | F12: =BAR!#REF!*0.85 -> #REF! | G12: =BAR!#REF!*0.85 -> #REF! | H12: =BAR!#REF!*0.85 -> #REF! | I12: =BAR!#REF!*0.85 -> #REF! | ... BN12: =BAR!#REF!*0.85 -> #REF! | BO12: =BAR!B12*0.85 -> 18870 | BP12: =BAR!C12*0.85 -> 18870 | BQ12: =BAR!D12*0.85 -> 18445 | BR12: =BAR!E12*0.85 -> 18445 | BS12: =BAR!F12*0.85 -> 18445 | BT12: =BAR!G12*0.85 -> 18445 | BU12: =BAR!H12*0.85 -> 18445 | BV12: =BAR!I12*0.85 -> 18445 | ... JA12: =BAR!GN12*0.85 -> 27582.5
A13: 2 | B13: =BAR!#REF!*0.85 -> #REF! | C13: =BAR!#REF!*0.85 -> #REF! | D13: =BAR!#REF!*0.85 -> #REF! | E13: =BAR!#REF!*0.85 -> #REF! | F13: =BAR!#REF!*0.85 -> #REF! | G13: =BAR!#REF!*0.85 -> #REF! | H13: =BAR!#REF!*0.85 -> #REF! | I13: =BAR!#REF!*0.85 -> #REF! | ... BN13: =BAR!#REF!*0.85 -> #REF! | BO13: =BAR!B13*0.85 -> 20740 | BP13: =BAR!C13*0.85 -> 20740 | BQ13: =BAR!D13*0.85 -> 20315 | BR13: =BAR!E13*0.85 -> 20315 | BS13: =BAR!F13*0.85 -> 20315 | BT13: =BAR!G13*0.85 -> 20315 | BU13: =BAR!H13*0.85 -> 20315 | BV13: =BAR!I13*0.85 -> 20315 | ... JA13: =BAR!GN13*0.85 -> 29920
A14: Представительский Люкс - с двуспальной кроватью
A15: 1 | B15: =BAR!#REF!*0.85 -> #REF! | C15: =BAR!#REF!*0.85 -> #REF! | D15: =BAR!#REF!*0.85 -> #REF! | E15: =BAR!#REF!*0.85 -> #REF! | F15: =BAR!#REF!*0.85 -> #REF! | G15: =BAR!#REF!*0.85 -> #REF! | H15: =BAR!#REF!*0.85 -> #REF! | I15: =BAR!#REF!*0.85 -> #REF! | ... BN15: =BAR!#REF!*0.85 -> #REF! | BO15: =BAR!B15*0.85 -> 21420 | BP15: =BAR!C15*0.85 -> 21420 | BQ15: =BAR!D15*0.85 -> 20995 | BR15: =BAR!E15*0.85 -> 20995 | BS15: =BAR!F15*0.85 -> 20995 | BT15: =BAR!G15*0.85 -> 20995 | BU15: =BAR!H15*0.85 -> 20995 | BV15: =BAR!I15*0.85 -> 20995 | ... JA15: =BAR!GN15*0.85 -> 32682.5
A16: 2 | B16: =BAR!#REF!*0.85 -> #REF! | C16: =BAR!#REF!*0.85 -> #REF! | D16: =BAR!#REF!*0.85 -> #REF! | E16: =BAR!#REF!*0.85 -> #REF! | F16: =BAR!#REF!*0.85 -> #REF! | G16: =BAR!#REF!*0.85 -> #REF! | H16: =BAR!#REF!*0.85 -> #REF! | I16: =BAR!#REF!*0.85 -> #REF! | ... BN16: =BAR!#REF!*0.85 -> #REF! | BO16: =BAR!B16*0.85 -> 23290 | BP16: =BAR!C16*0.85 -> 23290 | BQ16: =BAR!D16*0.85 -> 22865 | BR16: =BAR!E16*0.85 -> 22865 | BS16: =BAR!F16*0.85 -> 22865 | BT16: =BAR!G16*0.85 -> 22865 | BU16: =BAR!H16*0.85 -> 22865 | BV16: =BAR!I16*0.85 -> 22865 | ... JA16: =BAR!GN16*0.85 -> 35020
A17: Пентхаус, 2-этажный, с террасой - с 2 спальнями
A18: от 1 до 4 | B18: =BAR!#REF!*0.85 -> #REF! | C18: =BAR!#REF!*0.85 -> #REF! | D18: =BAR!#REF!*0.85 -> #REF! | E18: =BAR!#REF!*0.85 -> #REF! | F18: =BAR!#REF!*0.85 -> #REF! | G18: =BAR!#REF!*0.85 -> #REF! | H18: =BAR!#REF!*0.85 -> #REF! | I18: =BAR!#REF!*0.85 -> #REF! | ... BN18: =BAR!#REF!*0.85 -> #REF! | BO18: =BAR!B18*0.85 -> 40970 | BP18: =BAR!C18*0.85 -> 40970 | BQ18: =BAR!D18*0.85 -> 40545 | BR18: =BAR!E18*0.85 -> 40545 | BS18: =BAR!F18*0.85 -> 40545 | BT18: =BAR!G18*0.85 -> 40545 | BU18: =BAR!H18*0.85 -> 40545 | BV18: =BAR!I18*0.85 -> 40545 | ... JA18: =BAR!GN18*0.85 -> 49682.5
A19: Люкс Красная Поляна, 2-этажный, с террасой - с 3 спальнями
A20: от 1 до 6 | B20: =BAR!#REF!*0.85 -> #REF! | C20: =BAR!#REF!*0.85 -> #REF! | D20: =BAR!#REF!*0.85 -> #REF! | E20: =BAR!#REF!*0.85 -> #REF! | F20: =BAR!#REF!*0.85 -> #REF! | G20: =BAR!#REF!*0.85 -> #REF! | H20: =BAR!#REF!*0.85 -> #REF! | I20: =BAR!#REF!*0.85 -> #REF! | ... BN20: =BAR!#REF!*0.85 -> #REF! | BO20: =BAR!B20*0.85 -> 57970 | BP20: =BAR!C20*0.85 -> 57970 | BQ20: =BAR!D20*0.85 -> 57545 | BR20: =BAR!E20*0.85 -> 57545 | BS20: =BAR!F20*0.85 -> 57545 | BT20: =BAR!G20*0.85 -> 57545 | BU20: =BAR!H20*0.85 -> 57545 | BV20: =BAR!I20*0.85 -> 57545 | ... JA20: =BAR!GN20*0.85 -> 75182.5
A21: ВАЖНО:
A22: Доступен для бронирования от 15 дней до заезда.
A23: Даты тарифа (включительно):
A24: Период продажи: 25.03.2026 - 30.03.2027 Период проживания: 29.12.2026 - 31.03.2027
A25: Закрытые даты (включительно):
A26: 15.07.2026 - 30.11.2026 29.12.2026 - 08.01.2027 19.02.2027 - 27.02.2027
A27: В стоимость включено:
A28: Подъем на канатной дороге с Поляны 540 на Поляну 960; Проживание в номере выбранной категории; Завтрак "Шведский стол" в ресторане "Прагер"; Шоколадный час ежедневно с 17.00 до 17.45; Посещение SPA комплекса отеля; Wi-Fi на территории всего отеля; Комната для хранения горнолыжного оборудования; Услуги консьержа, в том числе мобильный консьерж-сервис; Доставка багажа в номер / из номера; Услуги парковки автомобиля (крытая парковка).
A29: Условия аннуляции:
A30: Для оформления бронирования необходимо внести 100% предоплату в размере полной стоимости проживания. В случае отмены или изменения бронирования менее чем за 24 часа до заезда удерживается стоимость первых суток.

Sheet ОиК
A1: Мовенпик Красная Поляна 5*
A2: тариф ОТДЫХАЙ И КАТАЙ
A3: Открытые тарифы
A4: завтраки формата "Шведский стол" | B4: 46148 | C4: 46149 | D4: 46150 | E4: 46151
A5: Улучшенный номер - с двуспальной кроватью, с 2 односпальными кроватями
A6: 1 | B6: =BAR!#REF!*0.9 -> #REF! | C6: =BAR!#REF!*0.9 -> #REF! | D6: =BAR!#REF!*0.9 -> #REF! | E6: =BAR!#REF!*0.9 -> #REF!
A7: 2 | B7: =BAR!#REF!*0.9 -> #REF! | C7: =BAR!#REF!*0.9 -> #REF! | D7: =BAR!#REF!*0.9 -> #REF! | E7: =BAR!#REF!*0.9 -> #REF!
A8: Улучшенный номер, вид на горы - с двуспальной кроватью, с 2 односпальными кроватями
A9: 1 | B9: =BAR!#REF!*0.9 -> #REF! | C9: =BAR!#REF!*0.9 -> #REF! | D9: =BAR!#REF!*0.9 -> #REF! | E9: =BAR!#REF!*0.9 -> #REF!
A10: 2 | B10: =BAR!#REF!*0.9 -> #REF! | C10: =BAR!#REF!*0.9 -> #REF! | D10: =BAR!#REF!*0.9 -> #REF! | E10: =BAR!#REF!*0.9 -> #REF!
A11: Номер Люкс - с двуспальной кроватью
A12: 1 | B12: =BAR!#REF!*0.9 -> #REF! | C12: =BAR!#REF!*0.9 -> #REF! | D12: =BAR!#REF!*0.9 -> #REF! | E12: =BAR!#REF!*0.9 -> #REF!
A13: 2 | B13: =BAR!#REF!*0.9 -> #REF! | C13: =BAR!#REF!*0.9 -> #REF! | D13: =BAR!#REF!*0.9 -> #REF! | E13: =BAR!#REF!*0.9 -> #REF!
A14: Представительский Люкс - с двуспальной кроватью
A15: 1 | B15: =BAR!#REF!*0.9 -> #REF! | C15: =BAR!#REF!*0.9 -> #REF! | D15: =BAR!#REF!*0.9 -> #REF! | E15: =BAR!#REF!*0.9 -> #REF!
A16: 2 | B16: =BAR!#REF!*0.9 -> #REF! | C16: =BAR!#REF!*0.9 -> #REF! | D16: =BAR!#REF!*0.9 -> #REF! | E16: =BAR!#REF!*0.9 -> #REF!
A17: Пентхаус, 2-этажный, с террасой - с 2 спальнями
A18: от 1 до 4 | B18: =BAR!#REF!*0.9 -> #REF! | C18: =BAR!#REF!*0.9 -> #REF! | D18: =BAR!#REF!*0.9 -> #REF! | E18: =BAR!#REF!*0.9 -> #REF!
A19: Люкс Красная Поляна, 2-этажный, с террасой - с 3 спальнями
A20: от 1 до 6 | B20: =BAR!#REF!*0.9 -> #REF! | C20: =BAR!#REF!*0.9 -> #REF! | D20: =BAR!#REF!*0.9 -> #REF! | E20: =BAR!#REF!*0.9 -> #REF!
A21: ВАЖНО:
A22: Дополнительно на каждый день проживания в стоимость заявки добавляются ски-пассы для каждого взрослого, стоимость: 09.01.2025 - 31.03.2026 включительно - 3500 рублей. 01.04.2026 - 09.05.2026 включительно - 2000 рублей. При размещении дополнительных гостей, также на каждый день проживания добавляются в стоимость заявки ски-пассы на каждого взрослого гостя: 09.01.2025 - 31.03.2026 включительно - 3500 рублей. 01.04.2026 - 09.05.2026 включительно - 2000 рублей.
A23: В Тravelline тариф выгружается с учетом стоимости ски-пассов на каждого взрослого в заявке. В заявки, направляемые вручную по почте, дополнительно на каждый день проживания в стоимость добавляется стоимость ски-пассов для каждого взрослого самостоятельно.
A24: Выдача электронного купона производится при заселении на стойке регистрации. Получить ски-пассы можно в автоматах (пикап-поинтах) у канатных дорог. Возврат средств за неиспользованные ски-пассы не производится. Тариф включает ски-пассы только для взрослых гостей. Детские ски-пассы приобретаются в кассе курорта или на стойке «Чем заняться» за 1 рубль.
A25: Даты тарифа:
A26: Период продажи: 31.10.2025 - 09.05.2026 Период проживания: 09.01.2026 - 10.05.2026
A27: В стоимость включено:
A28: Проживание в номере выбранной категории со скидкой 10%; Ски-пасс "Дневной взрослый" со скидкой 50% на весь период проживания (от открытой стоимости krasnayapolyanaresort.ru);* Завтрак "Шведский стол" в ресторане "Прагер"; Шоколадный час ежедневно с 17.00 до 17.45; Посещение SPA комплекса отеля; Бесплатный Wi-Fi на территории всего отеля; Комната для хранения горнолыжного оборудования; Услуги бизнес-центра (персональный компьютер, принтер, Интернет); Услуги консьержа, в том числе мобильный консьерж-сервис; Доставка багажа в номер / из номера; Услуги парковки автомобиля (крытая парковка). *Количество ски-пассов равно количеству ночей проживания
A29: Дополнительно в стоимость включено с 08.04.2026:
A30: Скидка 15% на все массажи и спа-процедуры во всех СПА Курорта (Mövenpick5*, Novotel Resort&Spa 5*, Rixos 5* и Marriott 5*, с 13.04.26 в отеле Panorama by Mercure 4*); Скидка 30% на меню и напитки ресторана «Вершина» (2200 м); Скидка 25% на разовый визит в СПА Novotel Resort&Spa 5* с открытым бассейном; Аренда малого банного комплекса с 9:00 до 11:00 (не более 5 гостей) - до 5 авторских процедур в подарок «Ритуал Воздуха» или «Сила Стихий»; Разовое посещение большого банного комплекса от 4 000р./взр и детский тариф со скидкой 50% от стоимости тарифа для взрослых (Посещение не входит в стоимость, оплачивается дополнительно). Подробная информация о предоставлении услуг в Службе поддержки Курорта: тел. 8 800 550 20 20 e-mail: infocenter@kpresort.ru. Услуги предложения действуют только в период проживания и предоставляются однократно, согласно условиям в купонной книге. Купонная книга выдается при заселении из расчета: 1 номер = 1 книга. Предложение ограничено и не комбинируется с другими действующими акциями отеля. НАО «Красная поляна» оставляет за собой право изменять услуги в составе пакета. Предоставление услуг может зависеть от высокой загрузки СПА и банного комплекса.
A31: Условия аннуляции:
A32: В случае отмены или изменения бронирования после 00:00 часов дня заезда удерживается стоимость первых суток.
... A34: Ежегодные регламентные работы на канатных дорогах курорта Красная Поляна пройдут с 16 марта по 24 июня 2026 года. С 10 по 31 мая будут закрыты канатные дороги Центрального сектора: («Красная Поляна» 540-960 м, «Реликтовый лес» 960-1460 м, «Вершина» 1460-2200 м, «Аибга» 2200-2050 м, «Черная Пирамида» 2050-2300 м). На время регламентных работ между уровнями 540-960 м будут курсировать шаттлы курорта. С 16 марта по 24 апреля будет закрыта канатная дорога Восточного сектора К‑13 «Водопад Поликаря. С 1 апреля по 24 апреля будут закрыты канатные дороги К‑10 «Восточный лес» и К‑12 «Старт чемпиона». К‑8 «Снежная звезда»: закрыта с 1 по 24 июня.

Sheet КвГ
A1: Мовенпик Красная Поляна 5*
A2: тариф КАНИКУЛЫ В ГОРАХ. ВЕСНА
A3: Открытые тарифы
A4: завтраки формата "Шведский стол" | B4: 46141 | C4: 46142 | D4: 46143 | E4: 46144 | F4: 46169 | G4: 46170 | H4: 46171 | I4: 46172 | J4: 46173
A5: Улучшенный номер - с двуспальной кроватью Улучшенный номер с 2 односпальными кроватями Улучшенный номер, для маломобильных - с двуспальной кроватью
A6: 1 | B6: =BAR!#REF!*0.9 -> #REF! | C6: =BAR!#REF!*0.9 -> #REF! | D6: =BAR!#REF!*0.9 -> #REF! | E6: =BAR!#REF!*0.9 -> #REF! | F6: =BAR!#REF!*0.9 -> #REF! | G6: =BAR!#REF!*0.9 -> #REF! | H6: =BAR!#REF!*0.9 -> #REF! | I6: =BAR!#REF!*0.9 -> #REF! | J6: =BAR!#REF!*0.9 -> #REF!
A7: 2 | B7: =BAR!#REF!*0.9 -> #REF! | C7: =BAR!#REF!*0.9 -> #REF! | D7: =BAR!#REF!*0.9 -> #REF! | E7: =BAR!#REF!*0.9 -> #REF! | F7: =BAR!#REF!*0.9 -> #REF! | G7: =BAR!#REF!*0.9 -> #REF! | H7: =BAR!#REF!*0.9 -> #REF! | I7: =BAR!#REF!*0.9 -> #REF! | J7: =BAR!#REF!*0.9 -> #REF!
A8: Улучшенный номер, вид на горы - с двуспальной кроватью Улучшенный номер, вид на горы с 2 односпальными кроватями
A9: 1 | B9: =BAR!#REF!*0.9 -> #REF! | C9: =BAR!#REF!*0.9 -> #REF! | D9: =BAR!#REF!*0.9 -> #REF! | E9: =BAR!#REF!*0.9 -> #REF! | F9: =BAR!#REF!*0.9 -> #REF! | G9: =BAR!#REF!*0.9 -> #REF! | H9: =BAR!#REF!*0.9 -> #REF! | I9: =BAR!#REF!*0.9 -> #REF! | J9: =BAR!#REF!*0.9 -> #REF!
A10: 2 | B10: =BAR!#REF!*0.9 -> #REF! | C10: =BAR!#REF!*0.9 -> #REF! | D10: =BAR!#REF!*0.9 -> #REF! | E10: =BAR!#REF!*0.9 -> #REF! | F10: =BAR!#REF!*0.9 -> #REF! | G10: =BAR!#REF!*0.9 -> #REF! | H10: =BAR!#REF!*0.9 -> #REF! | I10: =BAR!#REF!*0.9 -> #REF! | J10: =BAR!#REF!*0.9 -> #REF!
A11: Номер Люкс - с двуспальной кроватью
A12: 1 | B12: =BAR!#REF!*0.9 -> #REF! | C12: =BAR!#REF!*0.9 -> #REF! | D12: =BAR!#REF!*0.9 -> #REF! | E12: =BAR!#REF!*0.9 -> #REF! | F12: =BAR!#REF!*0.9 -> #REF! | G12: =BAR!#REF!*0.9 -> #REF! | H12: =BAR!#REF!*0.9 -> #REF! | I12: =BAR!#REF!*0.9 -> #REF! | J12: =BAR!#REF!*0.9 -> #REF!
A13: 2 | B13: =BAR!#REF!*0.9 -> #REF! | C13: =BAR!#REF!*0.9 -> #REF! | D13: =BAR!#REF!*0.9 -> #REF! | E13: =BAR!#REF!*0.9 -> #REF! | F13: =BAR!#REF!*0.9 -> #REF! | G13: =BAR!#REF!*0.9 -> #REF! | H13: =BAR!#REF!*0.9 -> #REF! | I13: =BAR!#REF!*0.9 -> #REF! | J13: =BAR!#REF!*0.9 -> #REF!
A14: Представительский Люкс - с двуспальной кроватью
A15: 1 | B15: =BAR!#REF!*0.9 -> #REF! | C15: =BAR!#REF!*0.9 -> #REF! | D15: =BAR!#REF!*0.9 -> #REF! | E15: =BAR!#REF!*0.9 -> #REF! | F15: =BAR!#REF!*0.9 -> #REF! | G15: =BAR!#REF!*0.9 -> #REF! | H15: =BAR!#REF!*0.9 -> #REF! | I15: =BAR!#REF!*0.9 -> #REF! | J15: =BAR!#REF!*0.9 -> #REF!
A16: 2 | B16: =BAR!#REF!*0.9 -> #REF! | C16: =BAR!#REF!*0.9 -> #REF! | D16: =BAR!#REF!*0.9 -> #REF! | E16: =BAR!#REF!*0.9 -> #REF! | F16: =BAR!#REF!*0.9 -> #REF! | G16: =BAR!#REF!*0.9 -> #REF! | H16: =BAR!#REF!*0.9 -> #REF! | I16: =BAR!#REF!*0.9 -> #REF! | J16: =BAR!#REF!*0.9 -> #REF!
A17: Пентхаус, 2-этажный, с террасой - с 2 спальнями
A18: от 1 до 4 | B18: =BAR!#REF!*0.9 -> #REF! | C18: =BAR!#REF!*0.9 -> #REF! | D18: =BAR!#REF!*0.9 -> #REF! | E18: =BAR!#REF!*0.9 -> #REF! | F18: =BAR!#REF!*0.9 -> #REF! | G18: =BAR!#REF!*0.9 -> #REF! | H18: =BAR!#REF!*0.9 -> #REF! | I18: =BAR!#REF!*0.9 -> #REF! | J18: =BAR!#REF!*0.9 -> #REF!
A19: Люкс Красная Поляна, 2-этажный, с террасой - с 3 спальнями
A20: от 1 до 6 | B20: =BAR!#REF!*0.9 -> #REF! | C20: =BAR!#REF!*0.9 -> #REF! | D20: =BAR!#REF!*0.9 -> #REF! | E20: =BAR!#REF!*0.9 -> #REF! | F20: =BAR!#REF!*0.9 -> #REF! | G20: =BAR!#REF!*0.9 -> #REF! | H20: =BAR!#REF!*0.9 -> #REF! | I20: =BAR!#REF!*0.9 -> #REF! | J20: =BAR!#REF!*0.9 -> #REF!
A21: ВАЖНО:
A22: Бесплатное размещение 2-х детей до 11 лет вкл-но. Бесплатно предоставляются завтраки для 2-х детей и одно дополнительное место. Второй ребенок размещается на основных спальных местах. Дополнительно ЕДИНОРАЗОВО в стоимость заявки добавляется стоимость купонной книги для каждого взрослого: 15.03.2026 - 31.05.2026 включительно - 2500 руб/взр. При размещении дополнительных гостей, также ЕДИНОРАЗОВО добавляется стоимость купонной книги для каждого взрослого: 15.03.2026 - 31.05.2026 включительно - 2500 руб/взр.
A23: Даты тарифа:
A24: Период продажи: 20.02.2026 - 30.05.2026 Период проживания: 15.03.2026 - 31.05.2026
A25: В стоимость включено:
A26: Проживание в номере выбранной категории; Завтрак "Шведский стол" в ресторане "Прагер"; Шоколадный час ежедневно с 17.00 до 17.45; Посещение SPA комплекса отеля; Бесплатный Wi-Fi на территории всего отеля; Комната для хранения горнолыжного оборудования; Услуги бизнес-центра (персональный компьютер, принтер, Интернет); Услуги консьержа, в том числе мобильный консьерж-сервис; Доставка багажа в номер / из номера; Услуги парковки автомобиля (крытая парковка). Бесплатное размещение 2-х детей до 11 лет вкл-но. Бесплатно предоставляются завтраки для 2-х детей и одно дополнительное место.Второй ребенок размещается на основных спальных местах.
A27: По купонной книге в предложение "Каникулы в горях.Весна" входят бесплатно:
A28: 1. Прогулочные билеты "Панорама Красной Поляны" (для всех гостей, проживающих в номере); 2. Посещение Хаски центра (для всех гостей, проживающих в номере); 3. Посещение мини-зоопарка «Капибара и друзья» (для всех гостей, проживающих в номере); 4. Один маршрут веревочного парка (для всех гостей, проживающих в номере), услуга доступна при проживании с 01.05.2026; 5. Скидка 20% на занятие с инструктором в школе катания "Три вершины"; 6. Скидка 30% на прокат горнолыжного оборудования. Действует в пунктах проката на уровнях 540 и 960; 7. Спецтариф: Ферма северных оленей + Дача Альпача Прогулка по парку «Лес чудес», знакомство с оленями и альпаками. Входной билет — 800 ₽. Дети до 4 лет — бесплатно.; 8. Скидка 30% на аренду роликов или скейтборда в школе катания «Три вершины» Скидка 30% на 1 час проката для всех проживающих в номере в подарок (С даты открытия школы, ориентировочно с середины апреля) 9. Стикерпак в подарок (1 стикер на номер).
A29: Условия аннуляции:
A30: В случае отмены или изменения бронирования после 00:00 часов дня заезда удерживается стоимость первых суток.
A31: Дополнительная информация:
A32: Услуги и бонусы предложения действуют только в период проживания и предоставляются однократно, согласно условиям в купонной книге. Купонная книга выдается при заселении из расчета: 1 номер = 1 книга. Предложение ограничено и не комбинируется с другими действующими акциями отеля. НАО «Красная поляна» оставляет за собой право изменять услуги в составе пакета. Предоставление услуг может зависеть от погодных условий и графика работы канатных дорог.
... A34: Ежегодные регламентные работы на канатных дорогах курорта Красная Поляна пройдут с 16 марта по 24 июня 2026 года. С 10 по 31 мая будут закрыты канатные дороги Центрального сектора: («Красная Поляна» 540-960 м, «Реликтовый лес» 960-1460 м, «Вершина» 1460-2200 м, «Аибга» 2200-2050 м, «Черная Пирамида» 2050-2300 м). На время регламентных работ между уровнями 540-960 м будут курсировать шаттлы курорта. С 16 марта по 24 апреля будет закрыта канатная дорога Восточного сектора К‑13 «Водопад Поликаря. С 1 апреля по 24 апреля будут закрыты канатные дороги К‑10 «Восточный лес» и К‑12 «Старт чемпиона». К‑8 «Снежная звезда»: закрыта с 1 по 24 июня.

Sheet ТЧК
A1: Мовенпик Красная Поляна 5*
A2: ТОЧКА ПРИТЯЖЕНИЯ
A3: Открытые тарифы
A4: завтраки формата "Шведский стол" | B4: 46215 | C4: 46216 | D4: 46217 | E4: 46218 | F4: 46219 | G4: 46220 | H4: 46221 | I4: 46222 | J4: 46223 | K4: 46224 | L4: 46225 | M4: 46226 | N4: 46227 | O4: 46228 | P4: 46229 | Q4: 46230 | R4: 46231 | S4: 46232 | T4: 46233 | U4: 46234 | V4: 46235 | W4: 46236 | X4: 46237 | Y4: 46238 | Z4: 46239 | AA4: 46240 | AB4: 46241 | AC4: 46242 | AD4: 46243 | AE4: 46244 | AF4: 46245 | AG4: 46246 | AH4: 46247 | AI4: 46248 | AJ4: 46249 | AK4: 46250 | AL4: 46251 | AM4: 46252 | AN4: 46253 | AO4: 46254 | AP4: 46255 | AQ4: 46256 | AR4: 46257 | AS4: 46258 | AT4: 46259 | AU4: 46260 | AV4: 46261 | AW4: 46262 | AX4: 46263 | AY4: 46264 | AZ4: 46265
A5: Улучшенный номер - с двуспальной кроватью Улучшенный номер с 2 односпальными кроватями Улучшенный номер, для маломобильных - с двуспальной кроватью
A6: 1 | B6: =BAR!#REF!*0.75 -> #REF! | C6: =BAR!#REF!*0.75 -> #REF! | D6: =BAR!#REF!*0.75 -> #REF! | E6: =BAR!#REF!*0.75 -> #REF! | F6: =BAR!#REF!*0.75 -> #REF! | G6: =BAR!#REF!*0.75 -> #REF! | H6: =BAR!#REF!*0.75 -> #REF! | I6: =BAR!#REF!*0.75 -> #REF! | ... AZ6: =BAR!#REF!*0.75 -> #REF!
A7: 2 | B7: =BAR!#REF!*0.75 -> #REF! | C7: =BAR!#REF!*0.75 -> #REF! | D7: =BAR!#REF!*0.75 -> #REF! | E7: =BAR!#REF!*0.75 -> #REF! | F7: =BAR!#REF!*0.75 -> #REF! | G7: =BAR!#REF!*0.75 -> #REF! | H7: =BAR!#REF!*0.75 -> #REF! | I7: =BAR!#REF!*0.75 -> #REF! | ... AZ7: =BAR!#REF!*0.75 -> #REF!
A8: Улучшенный номер, вид на горы - с двуспальной кроватью Улучшенный номер, вид на горы с 2 односпальными кроватями
A9: 1 | B9: =BAR!#REF!*0.75 -> #REF! | C9: =BAR!#REF!*0.75 -> #REF! | D9: =BAR!#REF!*0.75 -> #REF! | E9: =BAR!#REF!*0.75 -> #REF! | F9: =BAR!#REF!*0.75 -> #REF! | G9: =BAR!#REF!*0.75 -> #REF! | H9: =BAR!#REF!*0.75 -> #REF! | I9: =BAR!#REF!*0.75 -> #REF! | ... AZ9: =BAR!#REF!*0.75 -> #REF!
A10: 2 | B10: =BAR!#REF!*0.75 -> #REF! | C10: =BAR!#REF!*0.75 -> #REF! | D10: =BAR!#REF!*0.75 -> #REF! | E10: =BAR!#REF!*0.75 -> #REF! | F10: =BAR!#REF!*0.75 -> #REF! | G10: =BAR!#REF!*0.75 -> #REF! | H10: =BAR!#REF!*0.75 -> #REF! | I10: =BAR!#REF!*0.75 -> #REF! | ... AZ10: =BAR!#REF!*0.75 -> #REF!
A11: Номер Люкс - с двуспальной кроватью
A12: 1 | B12: =BAR!#REF!*0.75 -> #REF! | C12: =BAR!#REF!*0.75 -> #REF! | D12: =BAR!#REF!*0.75 -> #REF! | E12: =BAR!#REF!*0.75 -> #REF! | F12: =BAR!#REF!*0.75 -> #REF! | G12: =BAR!#REF!*0.75 -> #REF! | H12: =BAR!#REF!*0.75 -> #REF! | I12: =BAR!#REF!*0.75 -> #REF! | ... AZ12: =BAR!#REF!*0.75 -> #REF!
A13: 2 | B13: =BAR!#REF!*0.75 -> #REF! | C13: =BAR!#REF!*0.75 -> #REF! | D13: =BAR!#REF!*0.75 -> #REF! | E13: =BAR!#REF!*0.75 -> #REF! | F13: =BAR!#REF!*0.75 -> #REF! | G13: =BAR!#REF!*0.75 -> #REF! | H13: =BAR!#REF!*0.75 -> #REF! | I13: =BAR!#REF!*0.75 -> #REF! | ... AZ13: =BAR!#REF!*0.75 -> #REF!
A14: Представительский Люкс - с двуспальной кроватью
A15: 1 | B15: =BAR!#REF!*0.75 -> #REF! | C15: =BAR!#REF!*0.75 -> #REF! | D15: =BAR!#REF!*0.75 -> #REF! | E15: =BAR!#REF!*0.75 -> #REF! | F15: =BAR!#REF!*0.75 -> #REF! | G15: =BAR!#REF!*0.75 -> #REF! | H15: =BAR!#REF!*0.75 -> #REF! | I15: =BAR!#REF!*0.75 -> #REF! | ... AZ15: =BAR!#REF!*0.75 -> #REF!
A16: 2 | B16: =BAR!#REF!*0.75 -> #REF! | C16: =BAR!#REF!*0.75 -> #REF! | D16: =BAR!#REF!*0.75 -> #REF! | E16: =BAR!#REF!*0.75 -> #REF! | F16: =BAR!#REF!*0.75 -> #REF! | G16: =BAR!#REF!*0.75 -> #REF! | H16: =BAR!#REF!*0.75 -> #REF! | I16: =BAR!#REF!*0.75 -> #REF! | ... AZ16: =BAR!#REF!*0.75 -> #REF!
A17: Пентхаус, 2-этажный, с террасой - с 2 спальнями
A18: от 1 до 4 | B18: =BAR!#REF!*0.75 -> #REF! | C18: =BAR!#REF!*0.75 -> #REF! | D18: =BAR!#REF!*0.75 -> #REF! | E18: =BAR!#REF!*0.75 -> #REF! | F18: =BAR!#REF!*0.75 -> #REF! | G18: =BAR!#REF!*0.75 -> #REF! | H18: =BAR!#REF!*0.75 -> #REF! | I18: =BAR!#REF!*0.75 -> #REF! | ... AZ18: =BAR!#REF!*0.75 -> #REF!
A19: Люкс Красная Поляна, 2-этажный, с террасой - с 3 спальнями
A20: от 1 до 6 | B20: =BAR!#REF!*0.75 -> #REF! | C20: =BAR!#REF!*0.75 -> #REF! | D20: =BAR!#REF!*0.75 -> #REF! | E20: =BAR!#REF!*0.75 -> #REF! | F20: =BAR!#REF!*0.75 -> #REF! | G20: =BAR!#REF!*0.75 -> #REF! | H20: =BAR!#REF!*0.75 -> #REF! | I20: =BAR!#REF!*0.75 -> #REF! | ... AZ20: =BAR!#REF!*0.75 -> #REF!
A21: Даты тарифа (включительно):
A22: Период продажи: 17.06.2026 - 29.06.2026 Период проживания: 12.07.2026 - 31.08.2026
A23: Ограничения:
A24: Минимальный срок проживания - 2 ночи
A25: В стоимость включено:
A26: 🔸Скидка 25% на проживание в номере выбранной категории; 🔸Завтрак "Шведский стол" в ресторане "Прагер"; 🔸Шоколадный час ежедневно с 17.00 до 17.45; 🔸Посещение SPA комплекса отеля; 🔸Бесплатный Wi-Fi на территории всего отеля; 🔸Комната для хранения горнолыжного оборудования; 🔸Услуги консьержа, в том числе мобильный консьерж-сервис; 🔸Доставка багажа в номер / из номера; 🔸Услуги парковки автомобиля (крытая парковка); 🔸Прогулочный билет на все открытые канатные дороги для всех гостей в бронировании (предоставляется один раз во время проживания). 🔸Скидка 15% на меню в ресторане (-ах) отеля (на весь чек, на все время проживания)
A27: Условия аннуляции:
A28: В случае отмены или изменения бронирования после 00:00 часов дня заезда удерживается стоимость первых суток.

Sheet НсЛ
A1: Мовенпик Красная Поляна 5*
A2: НАПОЛНИ СВОЕ ЛЕТО
A3: Открытые тарифы
A4: завтраки формата "Шведский стол" | B4: 46283 | C4: 46284 | D4: 46285 | E4: 46286 | F4: 46287 | G4: 46288 | H4: 46289 | I4: 46290 | J4: 46291 | K4: 46292 | L4: 46293 | M4: 46294 | N4: 46295
A5: Улучшенный номер - с двуспальной кроватью Улучшенный номер с 2 односпальными кроватями Улучшенный номер, для маломобильных - с двуспальной кроватью
A6: 1 | B6: =BAR!B6*0.9 -> 11880 | C6: =BAR!C6*0.9 -> 11880 | D6: =BAR!D6*0.9 -> 11430 | E6: =BAR!E6*0.9 -> 11430 | F6: =BAR!F6*0.9 -> 11430 | G6: =BAR!G6*0.9 -> 11430 | H6: =BAR!H6*0.9 -> 11430 | I6: =BAR!I6*0.9 -> 11430 | ... N6: =BAR!N6*0.9 -> 11430
A7: 2 | B7: =BAR!B7*0.9 -> 13860 | C7: =BAR!C7*0.9 -> 13860 | D7: =BAR!D7*0.9 -> 13410 | E7: =BAR!E7*0.9 -> 13410 | F7: =BAR!F7*0.9 -> 13410 | G7: =BAR!G7*0.9 -> 13410 | H7: =BAR!H7*0.9 -> 13410 | I7: =BAR!I7*0.9 -> 13410 | ... N7: =BAR!N7*0.9 -> 13410
A8: Улучшенный номер, вид на горы - с двуспальной кроватью Улучшенный номер, вид на горы с 2 односпальными кроватями
A9: 1 | B9: =BAR!B9*0.9 -> 14580 | C9: =BAR!C9*0.9 -> 14580 | D9: =BAR!D9*0.9 -> 14130 | E9: =BAR!E9*0.9 -> 14130 | F9: =BAR!F9*0.9 -> 14130 | G9: =BAR!G9*0.9 -> 14130 | H9: =BAR!H9*0.9 -> 14130 | I9: =BAR!I9*0.9 -> 14130 | ... N9: =BAR!N9*0.9 -> 14130
A10: 2 | B10: =BAR!B10*0.9 -> 16560 | C10: =BAR!C10*0.9 -> 16560 | D10: =BAR!D10*0.9 -> 16110 | E10: =BAR!E10*0.9 -> 16110 | F10: =BAR!F10*0.9 -> 16110 | G10: =BAR!G10*0.9 -> 16110 | H10: =BAR!H10*0.9 -> 16110 | I10: =BAR!I10*0.9 -> 16110 | ... N10: =BAR!N10*0.9 -> 16110
A11: Номер Люкс - с двуспальной кроватью
A12: 1 | B12: =BAR!B12*0.9 -> 19980 | C12: =BAR!C12*0.9 -> 19980 | D12: =BAR!D12*0.9 -> 19530 | E12: =BAR!E12*0.9 -> 19530 | F12: =BAR!F12*0.9 -> 19530 | G12: =BAR!G12*0.9 -> 19530 | H12: =BAR!H12*0.9 -> 19530 | I12: =BAR!I12*0.9 -> 19530 | ... N12: =BAR!N12*0.9 -> 19530
A13: 2 | B13: =BAR!B13*0.9 -> 21960 | C13: =BAR!C13*0.9 -> 21960 | D13: =BAR!D13*0.9 -> 21510 | E13: =BAR!E13*0.9 -> 21510 | F13: =BAR!F13*0.9 -> 21510 | G13: =BAR!G13*0.9 -> 21510 | H13: =BAR!H13*0.9 -> 21510 | I13: =BAR!I13*0.9 -> 21510 | ... N13: =BAR!N13*0.9 -> 21510
A14: Представительский Люкс - с двуспальной кроватью
A15: 1 | B15: =BAR!B15*0.9 -> 22680 | C15: =BAR!C15*0.9 -> 22680 | D15: =BAR!D15*0.9 -> 22230 | E15: =BAR!E15*0.9 -> 22230 | F15: =BAR!F15*0.9 -> 22230 | G15: =BAR!G15*0.9 -> 22230 | H15: =BAR!H15*0.9 -> 22230 | I15: =BAR!I15*0.9 -> 22230 | ... N15: =BAR!N15*0.9 -> 22230
A16: 2 | B16: =BAR!B16*0.9 -> 24660 | C16: =BAR!C16*0.9 -> 24660 | D16: =BAR!D16*0.9 -> 24210 | E16: =BAR!E16*0.9 -> 24210 | F16: =BAR!F16*0.9 -> 24210 | G16: =BAR!G16*0.9 -> 24210 | H16: =BAR!H16*0.9 -> 24210 | I16: =BAR!I16*0.9 -> 24210 | ... N16: =BAR!N16*0.9 -> 24210
A17: Пентхаус, 2-этажный, с террасой - с 2 спальнями
A18: от 1 до 4 | B18: =BAR!B18*0.9 -> 43380 | C18: =BAR!C18*0.9 -> 43380 | D18: =BAR!D18*0.9 -> 42930 | E18: =BAR!E18*0.9 -> 42930 | F18: =BAR!F18*0.9 -> 42930 | G18: =BAR!G18*0.9 -> 42930 | H18: =BAR!H18*0.9 -> 42930 | I18: =BAR!I18*0.9 -> 42930 | ... N18: =BAR!N18*0.9 -> 42930
A19: Люкс Красная Поляна, 2-этажный, с террасой - с 3 спальнями
A20: от 1 до 6 | B20: =BAR!B20*0.9 -> 61380 | C20: =BAR!C20*0.9 -> 61380 | D20: =BAR!D20*0.9 -> 60930 | E20: =BAR!E20*0.9 -> 60930 | F20: =BAR!F20*0.9 -> 60930 | G20: =BAR!G20*0.9 -> 60930 | H20: =BAR!H20*0.9 -> 60930 | I20: =BAR!I20*0.9 -> 60930 | ... N20: =BAR!N20*0.9 -> 60930
A21: ВАЖНО:
A22: Дополнительно ЕДИНОРАЗОВО в стоимость заявки добавляется стоимость за купонную книгу за каждого взрослого гостя (возраст от 12 лет), стоимость - 2650 руб. за гостя и за каждого ребенка от 0-11 лет включительно -1000 рублей за ребенка. При размещении дополнительных взрослых гостей, также ЕДИНОРАЗОВО добавляется в стоимость заявки купонная книга на каждого взрослого гостя - 2650 руб. (возраст от 12 лет) и за каждого ребенка от 0-11 лет включительно -1000 руб. Стоимость купонной книги на всех взрослых и детей просим сразу добавлять в заявку. В системе трэвэллайн тариф указан без учета стоимости купонной книги на взрослых и детей, необходимо добавлять стоимость вручную.
A23: В Тravelline тариф выгружается БЕЗ учета стоимости Купонных книг на каждого взрослого в заявке. В заявки, направляемые вручную по почте, дополнительно на каждый день проживания в стоимость добавляется стоимость Купонных книг для каждого взрослого (с 12 лет) самостоятельно.
A24: Даты тарифа (включительно):
A25: Период продажи: 17.04.2025 - 29.09.2026 Период проживания: 01.06.2026 - 30.09.2026
A26: В стоимость включено:
A27: Проживание в номере выбранной категории со скидкой 10%; Завтрак "Шведский стол" в ресторане "Прагер"; Шоколадный час ежедневно с 17.00 до 17.45; Посещение SPA комплекса отеля; Бесплатный Wi-Fi на территории всего отеля; Услуги консьержа, в том числе мобильный консьерж-сервис; Доставка багажа в номер / из номера; Услуги парковки автомобиля (крытая парковка); Комната для хранения горнолыжного оборудования.
A28: В предложение «Наполни свое лето» входят бесплатно (условия предоставления услуг подробно представлены в купонной книге):
A29: ✔Трансфер на побережье Черного моря Пляж Сочи Парк Отеля - по предварительной записи для всех гостей, проживающих в номере. ✔Прогулочные билеты "Панорама Красной Поляны" Для всех гостей с 7 лет, проживающих в номере. Для детей до 6 лет вкл-но билет приобретается в кассе за 1 ₽. ✔Верёвочный парк Прохождение маршрута "Воздушный сноуборд" для взрослых (рост от 140 см) либо маршрута "Маугли" для детей (рост от 110 см до 140 см). Единоразовое посещение во время проживания для всех гостей в номере с 7 лет; ✔Хаски центр Единоразовое посещение для всех гостей, проживающих в номере; ✔Капибары и друзья Единоразовое посещение для всех гостей, проживающих в номере; ✔Скидка 30% на аренду роликов или скейтборда на 1 час. Единоразовое использование для всех гостей, проживающих в номере. Количество оборудования ограничено. Действует в пункте проката на уровне 540.
A30: Дополнительная информация:
A31: Подробная информация о предоставлении услуг в Службе поддержки Курорта: тел. 8 800 550 20 20 e-mail: infocenter@kpresort.ru 🔸 В случае размещения дополнительных гостей, не указанных в бронировании, все услуги для них приобретаются отдельно в отеле. 🔸 Пляжные полотенца предоставляются по предъявлению towel card для всех проживающих гостей. Пляжное оборудование (шезлонг, зонт) предоставляется за дополнительную плату. Количество мест ограничено. 🔸 Пляж функционирует с 01.06.2026-30.09.2026, в график могут быть внесены изменения в зависимости от погодных условий. Трансфер предоставляется ежедневно для всех гостей, проживающих в номере. 🔸 Предварительная запись на трансфер обязательна. Расписание трансфера необходимо уточнять на ресепшн отеля. 🔸Услуги предложения действуют только в период проживания и предоставляются однократно, согласно условиям в Купонной книге. Купонная книга выдается при заселении из расчета: 1 номер = 1 книга. Предложение ограничено и не комбинируется с другими действующими акциями отеля. 🔸 Возврат средств за неиспользованные услуги Купонных книг не производится. НАО «Красная поляна» оставляет за собой право изменять услуги в составе пакета. Предоставление услуг может зависеть от погодных условий и графика работы канатных дорог. 🔸 Согласно приказу МЧС от 1.09.25 г. нахождение на пляжах Федеральной территории Сириус с животными запрещено (за исключением собак-поводырей). Для трансфера -питомцы в переноске разрешены к провозу (если поездка не на пляж).
A32: Условия аннуляции:
A33: В случае отмены или изменения бронирования менее чем за 24 часа до заезда удерживается стоимость первых суток.

Sheet RO
A1: Мовенпик Красная Поляна 5*
A2: БАЗОВЫЙ БЕЗ ЗАВТРАКА
A3: Открытые тарифы
A4: Проживание без питания (Room only) | B4: 46218 | C4: 46219 | D4: 46220 | E4: 46221 | F4: 46222 | G4: 46223 | H4: 46224 | I4: 46225 | J4: 46226 | K4: 46227 | L4: 46228 | M4: 46229 | N4: 46230 | O4: 46231 | P4: 46232 | Q4: 46233 | R4: 46234 | S4: 46235 | T4: 46236 | U4: 46237 | V4: 46238 | W4: 46239 | X4: 46240 | Y4: 46241 | Z4: 46242 | AA4: 46243 | AB4: 46244 | AC4: 46245 | AD4: 46246 | AE4: 46247 | AF4: 46248 | AG4: 46249 | AH4: 46250 | AI4: 46251 | AJ4: 46252 | AK4: 46253 | AL4: 46254 | AM4: 46255 | AN4: 46256 | AO4: 46257 | AP4: 46258 | AQ4: 46259 | AR4: 46260 | AS4: 46261 | AT4: 46262 | AU4: 46263 | AV4: 46264 | AW4: 46265 | AX4: 46266 | AY4: 46267 | AZ4: 46268 | BA4: 46269 | BB4: 46270 | BC4: 46271 | BD4: 46272 | BE4: 46273 | BF4: 46274 | BG4: 46275 | BH4: 46276 | BI4: 46277 | BJ4: 46278 | BK4: 46279 | BL4: 46280 | BM4: 46281 | BN4: 46282 | BO4: 46283 | BP4: 46284 | BQ4: 46285 | BR4: 46286 | BS4: 46287 | BT4: 46288 | BU4: 46289 | BV4: 46290 | BW4: 46291 | BX4: 46292 | BY4: 46293 | BZ4: 46294 | CA4: 46295 | CB4: 46296 | CC4: 46297 | CD4: 46298 | CE4: 46299 | CF4: 46300 | CG4: 46301 | CH4: 46302 | CI4: 46303 | CJ4: 46304 | CK4: 46305 | CL4: 46306 | CM4: 46307 | CN4: 46308 | CO4: 46309 | CP4: 46310 | CQ4: 46311 | CR4: 46312 | CS4: 46313 | CT4: 46314 | CU4: 46315 | CV4: 46316 | CW4: 46317 | CX4: 46318 | CY4: 46319 | CZ4: 46320 | DA4: 46321 | DB4: 46322 | DC4: 46323 | DD4: 46324 | DE4: 46325 | DF4: 46326 | DG4: 46327 | DH4: 46328 | DI4: 46329 | DJ4: 46330 | DK4: 46331 | DL4: 46332 | DM4: 46333 | DN4: 46334 | DO4: 46335 | DP4: 46336 | DQ4: 46337 | DR4: 46338 | DS4: 46339 | DT4: 46340 | DU4: 46341 | DV4: 46342 | DW4: 46343 | DX4: 46344 | DY4: 46345 | DZ4: 46346 | EA4: 46347 | EB4: 46348 | EC4: 46349 | ED4: 46350 | EE4: 46351 | EF4: 46352 | EG4: 46353 | EH4: 46354 | EI4: 46355 | EJ4: 46356 | EK4: 46357 | EL4: 46358 | EM4: 46359 | EN4: 46360 | EO4: 46361 | EP4: 46362 | EQ4: 46363 | ER4: 46364 | ES4: 46365 | ET4: 46366 | EU4: 46367 | EV4: 46368 | EW4: 46369 | EX4: 46370 | EY4: 46371 | EZ4: 46372 | FA4: 46373 | FB4: 46374 | FC4: 46375 | FD4: 46376 | FE4: 46377 | FF4: 46378 | FG4: 46379 | FH4: 46380
A5: Улучшенный номер - с двуспальной кроватью Улучшенный номер с 2 односпальными кроватями Улучшенный номер, для маломобильных - с двуспальной кроватью
A6: от 1 до 2 | B6: =BAR!#REF!-2200 -> #REF! | C6: =BAR!#REF!-2200 -> #REF! | D6: =BAR!#REF!-2200 -> #REF! | E6: =BAR!#REF!-2200 -> #REF! | F6: =BAR!#REF!-2200 -> #REF! | G6: =BAR!#REF!-2200 -> #REF! | H6: =BAR!#REF!-2200 -> #REF! | I6: =BAR!#REF!-2200 -> #REF! | ... BN6: =BAR!#REF!-2200 -> #REF! | BO6: =BAR!B6-2200 -> 11000 | BP6: =BAR!C6-2200 -> 11000 | BQ6: =BAR!D6-2200 -> 10500 | BR6: =BAR!E6-2200 -> 10500 | BS6: =BAR!F6-2200 -> 10500 | BT6: =BAR!G6-2200 -> 10500 | BU6: =BAR!H6-2200 -> 10500 | BV6: =BAR!I6-2200 -> 10500 | ... FH6: =BAR!CU6-2200 -> 9800
A7: Улучшенный номер, вид на горы - с двуспальной кроватью Улучшенный номер, вид на горы с 2 односпальными кроватями
A8: от 1 до 2 | B8: =BAR!#REF!-2200 -> #REF! | C8: =BAR!#REF!-2200 -> #REF! | D8: =BAR!#REF!-2200 -> #REF! | E8: =BAR!#REF!-2200 -> #REF! | F8: =BAR!#REF!-2200 -> #REF! | G8: =BAR!#REF!-2200 -> #REF! | H8: =BAR!#REF!-2200 -> #REF! | I8: =BAR!#REF!-2200 -> #REF! | ... BN8: =BAR!#REF!-2200 -> #REF! | BO8: =BAR!B9-2200 -> 14000 | BP8: =BAR!C9-2200 -> 14000 | BQ8: =BAR!D9-2200 -> 13500 | BR8: =BAR!E9-2200 -> 13500 | BS8: =BAR!F9-2200 -> 13500 | BT8: =BAR!G9-2200 -> 13500 | BU8: =BAR!H9-2200 -> 13500 | BV8: =BAR!I9-2200 -> 13500 | ... FH8: =BAR!CU9-2200 -> 12800
A9: Номер Люкс - с двуспальной кроватью
A10: от 1 до 2 | B10: =BAR!#REF!-2200 -> #REF! | C10: =BAR!#REF!-2200 -> #REF! | D10: =BAR!#REF!-2200 -> #REF! | E10: =BAR!#REF!-2200 -> #REF! | F10: =BAR!#REF!-2200 -> #REF! | G10: =BAR!#REF!-2200 -> #REF! | H10: =BAR!#REF!-2200 -> #REF! | I10: =BAR!#REF!-2200 -> #REF! | ... BN10: =BAR!#REF!-2200 -> #REF! | BO10: =BAR!B12-2200 -> 20000 | BP10: =BAR!C12-2200 -> 20000 | BQ10: =BAR!D12-2200 -> 19500 | BR10: =BAR!E12-2200 -> 19500 | BS10: =BAR!F12-2200 -> 19500 | BT10: =BAR!G12-2200 -> 19500 | BU10: =BAR!H12-2200 -> 19500 | BV10: =BAR!I12-2200 -> 19500 | ... FH10: =BAR!CU12-2200 -> 18800
A11: Представительский Люкс - с двуспальной кроватью
A12: от 1 до 2 | B12: =BAR!#REF!-2200 -> #REF! | C12: =BAR!#REF!-2200 -> #REF! | D12: =BAR!#REF!-2200 -> #REF! | E12: =BAR!#REF!-2200 -> #REF! | F12: =BAR!#REF!-2200 -> #REF! | G12: =BAR!#REF!-2200 -> #REF! | H12: =BAR!#REF!-2200 -> #REF! | I12: =BAR!#REF!-2200 -> #REF! | ... BN12: =BAR!#REF!-2200 -> #REF! | BO12: =BAR!B15-2200 -> 23000 | BP12: =BAR!C15-2200 -> 23000 | BQ12: =BAR!D15-2200 -> 22500 | BR12: =BAR!E15-2200 -> 22500 | BS12: =BAR!F15-2200 -> 22500 | BT12: =BAR!G15-2200 -> 22500 | BU12: =BAR!H15-2200 -> 22500 | BV12: =BAR!I15-2200 -> 22500 | ... FH12: =BAR!CU15-2200 -> 21800
A13: Даты тарифа (включительно):
A14: Период продажи: 01.04.2026 - 24.12.2026 Период проживания: 01.04.2026 - 24.12.2026
A16: Закрытые даты (включительно):
A17: 15.07.2026 - 30.11.2026
A18: В стоимость включено:
A19: Подъем на канатной дороге с Поляны 540 на Поляну 960; Проживание в номере выбранной категории; Шоколадный час ежедневно с 17.00 до 17.45; Посещение SPA комплекса отеля; Wi-Fi на территории всего отеля; Комната для хранения горнолыжного оборудования; Услуги консьержа, в том числе мобильный консьерж-сервис; Доставка багажа в номер / из номера; Услуги парковки автомобиля (крытая парковка);
A20: Условия аннуляции:
A21: В случае отмены или изменения бронирования менее чем за 24 часа до заезда удерживается стоимость первых суток.

Sheet 3=4 FIT15
A1: Мовенпик Красная Поляна 5*
A2: Тариф "Три равно четыре!"
A3: нетто тарифы
A4: завтраки формата "Шведский стол" | B4: 46176 | C4: 46177
A5: Улучшенный номер - с двуспальной кроватью Улучшенный номер с 2 односпальными кроватями Улучшенный номер, для маломобильных - с двуспальной кроватью
A6: 1 | B6: ='3=4'!B6*0.9 -> #REF! | C6: ='3=4'!C6*0.9 -> #REF!
A7: 2 | B7: ='3=4'!B7*0.9 -> #REF! | C7: ='3=4'!C7*0.9 -> #REF!
A8: Улучшенный номер, вид на горы - с двуспальной кроватью Улучшенный номер, вид на горы с 2 односпальными кроватями
A9: 1 | B9: ='3=4'!B9*0.9 -> #REF! | C9: ='3=4'!C9*0.9 -> #REF!
A10: 2 | B10: ='3=4'!B10*0.9 -> #REF! | C10: ='3=4'!C10*0.9 -> #REF!
A11: Номер Люкс - с двуспальной кроватью
A12: 1 | B12: ='3=4'!B12*0.9 -> #REF! | C12: ='3=4'!C12*0.9 -> #REF!
A13: 2 | B13: ='3=4'!B13*0.9 -> #REF! | C13: ='3=4'!C13*0.9 -> #REF!
A14: Представительский Люкс - с двуспальной кроватью
A15: 1 | B15: ='3=4'!B15*0.9 -> #REF! | C15: ='3=4'!C15*0.9 -> #REF!
A16: 2 | B16: ='3=4'!B16*0.9 -> #REF! | C16: ='3=4'!C16*0.9 -> #REF!
A17: Пентхаус, 2-этажный, с террасой - с 2 спальнями
A18: от 1 до 4 | B18: ='3=4'!B18*0.9 -> #REF! | C18: ='3=4'!C18*0.9 -> #REF!
A19: Люкс Красная Поляна, 2-этажный, с террасой - с 3 спальнями
A20: от 1 до 6 | B20: ='3=4'!B20*0.9 -> #REF! | C20: ='3=4'!C20*0.9 -> #REF!
A21: Даты тарифа (включительно):
A22: Период продажи: 06.05.2026 - 03.06.2026 Период проживания: 06.05.2026 - 04.06.2026
A23: Ограничения:
A24: 4 ночи - минимальное количество ночей проживания. Общее количество ночей проживания должно быть кратно 4 ночам.
A25: В стоимость включено:
A26: Подъем на канатной дороге с Поляны 540 на Поляну 960; Проживание в номере выбранной категории; Завтрак "Шведский стол" в ресторане "Прагер"; Шоколадный час ежедневно с 17.00 до 17.45; Посещение SPA комплекса отеля; Wi-Fi на территории всего отеля; Комната для хранения горнолыжного оборудования; Услуги бизнес-центра (персональный компьютер, принтер, Интернет); Услуги консьержа, в том числе мобильный консьерж-сервис; Доставка багажа в номер / из номера; Услуги парковки автомобиля (крытая парковка).
A27: Условия аннуляции:
A28: В случае отмены или изменения бронирования после 00:00 часов дня заезда удерживается стоимость первых суток.
A29: Регламентные работы:
A30: Ежегодные регламентные работы на канатных дорогах курорта Красная Поляна пройдут с 16 марта по 24 июня 2026 года. С 10 по 31 мая будут закрыты канатные дороги Центрального сектора: («Красная Поляна» 540-960 м, «Реликтовый лес» 960-1460 м, «Вершина» 1460-2200 м, «Аибга» 2200-2050 м, «Черная Пирамида» 2050-2300 м). На время регламентных работ между уровнями 540-960 м будут курсировать шаттлы курорта. С 16 марта по 24 апреля будет закрыта канатная дорога Восточного сектора К‑13 «Водопад Поликаря. С 1 апреля по 24 апреля будут закрыты канатные дороги К‑10 «Восточный лес» и К‑12 «Старт чемпиона». К‑8 «Снежная звезда»: закрыта с 1 по 24 июня.

Sheet ОиК FIT15
A1: Мовенпик Красная Поляна 5*
A2: тариф ОТДЫХАЙ И КАТАЙ
A3: нетто тарифы
A4: завтраки формата "Шведский стол" | B4: =ОиК!B4 -> 46148 | C4: =ОиК!C4 -> 46149 | D4: =ОиК!D4 -> 46150 | E4: =ОиК!E4 -> 46151
A5: Улучшенный номер - с двуспальной кроватью, с 2 односпальными кроватями
A6: 1 | B6: =ОиК!B6*0.9 -> #REF! | C6: =ОиК!C6*0.9 -> #REF! | D6: =ОиК!D6*0.9 -> #REF! | E6: =ОиК!E6*0.9 -> #REF!
A7: 2 | B7: =ОиК!B7*0.9 -> #REF! | C7: =ОиК!C7*0.9 -> #REF! | D7: =ОиК!D7*0.9 -> #REF! | E7: =ОиК!E7*0.9 -> #REF!
A8: Улучшенный номер, вид на горы - с двуспальной кроватью, с 2 односпальными кроватями
A9: 1 | B9: =ОиК!B9*0.9 -> #REF! | C9: =ОиК!C9*0.9 -> #REF! | D9: =ОиК!D9*0.9 -> #REF! | E9: =ОиК!E9*0.9 -> #REF!
A10: 2 | B10: =ОиК!B10*0.9 -> #REF! | C10: =ОиК!C10*0.9 -> #REF! | D10: =ОиК!D10*0.9 -> #REF! | E10: =ОиК!E10*0.9 -> #REF!
A11: Номер Люкс - с двуспальной кроватью
A12: 1 | B12: =ОиК!B12*0.9 -> #REF! | C12: =ОиК!C12*0.9 -> #REF! | D12: =ОиК!D12*0.9 -> #REF! | E12: =ОиК!E12*0.9 -> #REF!
A13: 2 | B13: =ОиК!B13*0.9 -> #REF! | C13: =ОиК!C13*0.9 -> #REF! | D13: =ОиК!D13*0.9 -> #REF! | E13: =ОиК!E13*0.9 -> #REF!
A14: Представительский Люкс - с двуспальной кроватью
A15: 1 | B15: =ОиК!B15*0.9 -> #REF! | C15: =ОиК!C15*0.9 -> #REF! | D15: =ОиК!D15*0.9 -> #REF! | E15: =ОиК!E15*0.9 -> #REF!
A16: 2 | B16: =ОиК!B16*0.9 -> #REF! | C16: =ОиК!C16*0.9 -> #REF! | D16: =ОиК!D16*0.9 -> #REF! | E16: =ОиК!E16*0.9 -> #REF!
A17: Пентхаус, 2-этажный, с террасой - с 2 спальнями
A18: от 1 до 4 | B18: =ОиК!B18*0.9 -> #REF! | C18: =ОиК!C18*0.9 -> #REF! | D18: =ОиК!D18*0.9 -> #REF! | E18: =ОиК!E18*0.9 -> #REF!
A19: Люкс Красная Поляна, 2-этажный, с террасой - с 3 спальнями
A20: от 1 до 6 | B20: =ОиК!B20*0.9 -> #REF! | C20: =ОиК!C20*0.9 -> #REF! | D20: =ОиК!D20*0.9 -> #REF! | E20: =ОиК!E20*0.9 -> #REF!
A21: ВАЖНО:
A22: Дополнительно на каждый день проживания в стоимость заявки добавляются ски-пассы для каждого взрослого, стоимость: 09.01.2025 - 31.03.2026 включительно - 3500 рублей. 01.04.2026 - 09.05.2026 включительно - 2000 рублей. При размещении дополнительных гостей, также на каждый день проживания добавляются в стоимость заявки ски-пассы на каждого взрослого гостя: 09.01.2025 - 31.03.2026 включительно - 3500 рублей. 01.04.2026 - 09.05.2026 включительно - 2000 рублей.
A23: В Тravelline тариф выгружается с учетом стоимости ски-пассов на каждого взрослого в заявке. В заявки, направляемые вручную по почте, дополнительно на каждый день проживания в стоимость добавляется стоимость ски-пассов для каждого взрослого самостоятельно.
A24: Выдача электронного купона производится при заселении на стойке регистрации. Получить ски-пассы можно в автоматах (пикап-поинтах) у канатных дорог. Возврат средств за неиспользованные ски-пассы не производится. Тариф включает ски-пассы только для взрослых гостей. Детские ски-пассы приобретаются в кассе курорта или на стойке «Чем заняться» за 1 рубль.
A25: Даты тарифа:
A26: Период продажи: 31.10.2025 - 09.05.2026 Период проживания: 09.01.2026 - 10.05.2026
A27: В стоимость включено:
A28: Проживание в номере выбранной категории со скидкой 10%; Ски-пасс "Дневной взрослый" со скидкой 50% на весь период проживания (от открытой стоимости krasnayapolyanaresort.ru);* Завтрак "Шведский стол" в ресторане "Прагер"; Шоколадный час ежедневно с 17.00 до 17.45; Посещение SPA комплекса отеля; Бесплатный Wi-Fi на территории всего отеля; Комната для хранения горнолыжного оборудования; Услуги бизнес-центра (персональный компьютер, принтер, Интернет); Услуги консьержа, в том числе мобильный консьерж-сервис; Доставка багажа в номер / из номера; Услуги парковки автомобиля (крытая парковка). *Количество ски-пассов равно количеству ночей проживания
A29: Дополнительно в стоимость включено с 08.04.2026:
A30: Скидка 15% на все массажи и спа-процедуры во всех СПА Курорта (Mövenpick5*, Novotel Resort&Spa 5*, Rixos 5* и Marriott 5*, с 13.04.26 в отеле Panorama by Mercure 4*); Скидка 30% на меню и напитки ресторана «Вершина» (2200 м); Скидка 25% на разовый визит в СПА Novotel Resort&Spa 5* с открытым бассейном; Аренда малого банного комплекса с 9:00 до 11:00 (не более 5 гостей) - до 5 авторских процедур в подарок «Ритуал Воздуха» или «Сила Стихий»; Разовое посещение большого банного комплекса от 4 000р./взр и детский тариф со скидкой 50% от стоимости тарифа для взрослых (Посещение не входит в стоимость, оплачивается дополнительно). Подробная информация о предоставлении услуг в Службе поддержки Курорта: тел. 8 800 550 20 20 e-mail: infocenter@kpresort.ru. Услуги предложения действуют только в период проживания и предоставляются однократно, согласно условиям в купонной книге. Купонная книга выдается при заселении из расчета: 1 номер = 1 книга. Предложение ограничено и не комбинируется с другими действующими акциями отеля. НАО «Красная поляна» оставляет за собой право изменять услуги в составе пакета. Предоставление услуг может зависеть от высокой загрузки СПА и банного комплекса.
A31: Условия аннуляции:
A32: В случае отмены или изменения бронирования после 00:00 часов дня заезда удерживается стоимость первых суток.
... A34: Ежегодные регламентные работы на канатных дорогах курорта Красная Поляна пройдут с 16 марта по 24 июня 2026 года. С 10 по 31 мая будут закрыты канатные дороги Центрального сектора: («Красная Поляна» 540-960 м, «Реликтовый лес» 960-1460 м, «Вершина» 1460-2200 м, «Аибга» 2200-2050 м, «Черная Пирамида» 2050-2300 м). На время регламентных работ между уровнями 540-960 м будут курсировать шаттлы курорта. С 16 марта по 24 апреля будет закрыта канатная дорога Восточного сектора К‑13 «Водопад Поликаря. С 1 апреля по 24 апреля будут закрыты канатные дороги К‑10 «Восточный лес» и К‑12 «Старт чемпиона». К‑8 «Снежная звезда»: закрыта с 1 по 24 июня.

Sheet КвГ FIT15
A1: Мовенпик Красная Поляна 5*
A2: тариф КАНИКУЛЫ В ГОРАХ. ВЕСНА
A3: нетто тарифы
A4: завтраки формата "Шведский стол" | B4: 46169 | C4: 46170 | D4: 46171 | E4: 46172 | F4: 46173
A5: Улучшенный номер - с двуспальной кроватью Улучшенный номер с 2 односпальными кроватями Улучшенный номер, для маломобильных - с двуспальной кроватью
A6: 1 | B6: =ROUND(КвГ!F6*0.9,) -> #REF! | C6: =ROUND(КвГ!G6*0.9,) -> #REF! | D6: =ROUND(КвГ!H6*0.9,) -> #REF! | E6: =ROUND(КвГ!I6*0.9,) -> #REF! | F6: =ROUND(КвГ!J6*0.9,) -> #REF!
A7: 2 | B7: =ROUND(КвГ!F7*0.9,) -> #REF! | C7: =ROUND(КвГ!G7*0.9,) -> #REF! | D7: =ROUND(КвГ!H7*0.9,) -> #REF! | E7: =ROUND(КвГ!I7*0.9,) -> #REF! | F7: =ROUND(КвГ!J7*0.9,) -> #REF!
A8: Улучшенный номер, вид на горы - с двуспальной кроватью Улучшенный номер, вид на горы с 2 односпальными кроватями
A9: 1 | B9: =ROUND(КвГ!F9*0.9,) -> #REF! | C9: =ROUND(КвГ!G9*0.9,) -> #REF! | D9: =ROUND(КвГ!H9*0.9,) -> #REF! | E9: =ROUND(КвГ!I9*0.9,) -> #REF! | F9: =ROUND(КвГ!J9*0.9,) -> #REF!
A10: 2 | B10: =ROUND(КвГ!F10*0.9,) -> #REF! | C10: =ROUND(КвГ!G10*0.9,) -> #REF! | D10: =ROUND(КвГ!H10*0.9,) -> #REF! | E10: =ROUND(КвГ!I10*0.9,) -> #REF! | F10: =ROUND(КвГ!J10*0.9,) -> #REF!
A11: Номер Люкс - с двуспальной кроватью
A12: 1 | B12: =ROUND(КвГ!F12*0.9,) -> #REF! | C12: =ROUND(КвГ!G12*0.9,) -> #REF! | D12: =ROUND(КвГ!H12*0.9,) -> #REF! | E12: =ROUND(КвГ!I12*0.9,) -> #REF! | F12: =ROUND(КвГ!J12*0.9,) -> #REF!
A13: 2 | B13: =ROUND(КвГ!F13*0.9,) -> #REF! | C13: =ROUND(КвГ!G13*0.9,) -> #REF! | D13: =ROUND(КвГ!H13*0.9,) -> #REF! | E13: =ROUND(КвГ!I13*0.9,) -> #REF! | F13: =ROUND(КвГ!J13*0.9,) -> #REF!
A14: Представительский Люкс - с двуспальной кроватью
A15: 1 | B15: =ROUND(КвГ!F15*0.9,) -> #REF! | C15: =ROUND(КвГ!G15*0.9,) -> #REF! | D15: =ROUND(КвГ!H15*0.9,) -> #REF! | E15: =ROUND(КвГ!I15*0.9,) -> #REF! | F15: =ROUND(КвГ!J15*0.9,) -> #REF!
A16: 2 | B16: =ROUND(КвГ!F16*0.9,) -> #REF! | C16: =ROUND(КвГ!G16*0.9,) -> #REF! | D16: =ROUND(КвГ!H16*0.9,) -> #REF! | E16: =ROUND(КвГ!I16*0.9,) -> #REF! | F16: =ROUND(КвГ!J16*0.9,) -> #REF!
A17: Пентхаус, 2-этажный, с террасой - с 2 спальнями
A18: от 1 до 4 | B18: =ROUND(КвГ!F18*0.9,) -> #REF! | C18: =ROUND(КвГ!G18*0.9,) -> #REF! | D18: =ROUND(КвГ!H18*0.9,) -> #REF! | E18: =ROUND(КвГ!I18*0.9,) -> #REF! | F18: =ROUND(КвГ!J18*0.9,) -> #REF!
A19: Люкс Красная Поляна, 2-этажный, с террасой - с 3 спальнями
A20: от 1 до 6 | B20: =ROUND(КвГ!F20*0.9,) -> #REF! | C20: =ROUND(КвГ!G20*0.9,) -> #REF! | D20: =ROUND(КвГ!H20*0.9,) -> #REF! | E20: =ROUND(КвГ!I20*0.9,) -> #REF! | F20: =ROUND(КвГ!J20*0.9,) -> #REF!
A21: ВАЖНО:
A22: Бесплатное размещение 2-х детей до 11 лет вкл-но. Бесплатно предоставляются завтраки для 2-х детей и одно дополнительное место. Второй ребенок размещается на основных спальных местах. Дополнительно ЕДИНОРАЗОВО в стоимость заявки добавляется стоимость купонной книги для каждого взрослого: 15.03.2026 - 31.05.2026 включительно - 2500 руб/взр. При размещении дополнительных гостей, также ЕДИНОРАЗОВО добавляется стоимость купонной книги для каждого взрослого: 15.03.2026 - 31.05.2026 включительно - 2500 руб/взр.
A23: Даты тарифа:
A24: Период продажи: 20.02.2026 - 30.05.2026 Период проживания: 15.03.2026 - 31.05.2026
A25: В стоимость включено:
A26: Проживание в номере выбранной категории; Завтрак "Шведский стол" в ресторане "Прагер"; Шоколадный час ежедневно с 17.00 до 17.45; Посещение SPA комплекса отеля; Бесплатный Wi-Fi на территории всего отеля; Комната для хранения горнолыжного оборудования; Услуги бизнес-центра (персональный компьютер, принтер, Интернет); Услуги консьержа, в том числе мобильный консьерж-сервис; Доставка багажа в номер / из номера; Услуги парковки автомобиля (крытая парковка). Бесплатное размещение 2-х детей до 11 лет вкл-но. Бесплатно предоставляются завтраки для 2-х детей и одно дополнительное место.Второй ребенок размещается на основных спальных местах.
A27: По купонной книге в предложение "Каникулы в горях.Весна" входят бесплатно:
A28: 1. Прогулочные билеты "Панорама Красной Поляны" (для всех гостей, проживающих в номере); 2. Посещение Хаски центра (для всех гостей, проживающих в номере); 3. Посещение мини-зоопарка «Капибара и друзья» (для всех гостей, проживающих в номере); 4. Один маршрут веревочного парка (для всех гостей, проживающих в номере), услуга доступна при проживании с 01.05.2026; 5. Скидка 20% на занятие с инструктором в школе катания "Три вершины"; 6. Скидка 30% на прокат горнолыжного оборудования. Действует в пунктах проката на уровнях 540 и 960; 7. Спецтариф: Ферма северных оленей + Дача Альпача Прогулка по парку «Лес чудес», знакомство с оленями и альпаками. Входной билет — 800 ₽. Дети до 4 лет — бесплатно.; 8. Скидка 30% на аренду роликов или скейтборда в школе катания «Три вершины» Скидка 30% на 1 час проката для всех проживающих в номере в подарок (С даты открытия школы, ориентировочно с середины апреля) 9. Стикерпак в подарок (1 стикер на номер).
A29: Условия аннуляции:
A30: В случае отмены или изменения бронирования после 00:00 часов дня заезда удерживается стоимость первых суток.
A31: Дополнительная информация:
A32: Услуги и бонусы предложения действуют только в период проживания и предоставляются однократно, согласно условиям в купонной книге. Купонная книга выдается при заселении из расчета: 1 номер = 1 книга. Предложение ограничено и не комбинируется с другими действующими акциями отеля. НАО «Красная поляна» оставляет за собой право изменять услуги в составе пакета. Предоставление услуг может зависеть от погодных условий и графика работы канатных дорог.
... A34: Ежегодные регламентные работы на канатных дорогах курорта Красная Поляна пройдут с 16 марта по 24 июня 2026 года. С 10 по 31 мая будут закрыты канатные дороги Центрального сектора: («Красная Поляна» 540-960 м, «Реликтовый лес» 960-1460 м, «Вершина» 1460-2200 м, «Аибга» 2200-2050 м, «Черная Пирамида» 2050-2300 м). На время регламентных работ между уровнями 540-960 м будут курсировать шаттлы курорта. С 16 марта по 24 апреля будет закрыта канатная дорога Восточного сектора К‑13 «Водопад Поликаря. С 1 апреля по 24 апреля будут закрыты канатные дороги К‑10 «Восточный лес» и К‑12 «Старт чемпиона». К‑8 «Снежная звезда»: закрыта с 1 по 24 июня.

Sheet ТЧК FIT15
A1: Мовенпик Красная Поляна 5*
A2: ТОЧКА ПРИТЯЖЕНИЯ
A3: Нетто тарифы
A4: завтраки формата "Шведский стол" | B4: 46215 | C4: 46216 | D4: 46217 | E4: 46218 | F4: 46219 | G4: 46220 | H4: 46221 | I4: 46222 | J4: 46223 | K4: 46224 | L4: 46225 | M4: 46226 | N4: 46227 | O4: 46228 | P4: 46229 | Q4: 46230 | R4: 46231 | S4: 46232 | T4: 46233 | U4: 46234 | V4: 46235 | W4: 46236 | X4: 46237 | Y4: 46238 | Z4: 46239 | AA4: 46240 | AB4: 46241 | AC4: 46242 | AD4: 46243 | AE4: 46244 | AF4: 46245 | AG4: 46246 | AH4: 46247 | AI4: 46248 | AJ4: 46249 | AK4: 46250 | AL4: 46251 | AM4: 46252 | AN4: 46253 | AO4: 46254 | AP4: 46255 | AQ4: 46256 | AR4: 46257 | AS4: 46258 | AT4: 46259 | AU4: 46260 | AV4: 46261 | AW4: 46262 | AX4: 46263 | AY4: 46264 | AZ4: 46265
A5: Улучшенный номер - с двуспальной кроватью Улучшенный номер с 2 односпальными кроватями Улучшенный номер, для маломобильных - с двуспальной кроватью
A6: 1 | B6: =ТЧК!B6*0.9 -> #REF! | C6: =ТЧК!C6*0.9 -> #REF! | D6: =ТЧК!D6*0.9 -> #REF! | E6: =ТЧК!E6*0.9 -> #REF! | F6: =ТЧК!F6*0.9 -> #REF! | G6: =ТЧК!G6*0.9 -> #REF! | H6: =ТЧК!H6*0.9 -> #REF! | I6: =ТЧК!I6*0.9 -> #REF! | ... AZ6: =ТЧК!AZ6*0.9 -> #REF!
A7: 2 | B7: =ТЧК!B7*0.9 -> #REF! | C7: =ТЧК!C7*0.9 -> #REF! | D7: =ТЧК!D7*0.9 -> #REF! | E7: =ТЧК!E7*0.9 -> #REF! | F7: =ТЧК!F7*0.9 -> #REF! | G7: =ТЧК!G7*0.9 -> #REF! | H7: =ТЧК!H7*0.9 -> #REF! | I7: =ТЧК!I7*0.9 -> #REF! | ... AZ7: =ТЧК!AZ7*0.9 -> #REF!
A8: Улучшенный номер, вид на горы - с двуспальной кроватью Улучшенный номер, вид на горы с 2 односпальными кроватями
A9: 1 | B9: =ТЧК!B9*0.9 -> #REF! | C9: =ТЧК!C9*0.9 -> #REF! | D9: =ТЧК!D9*0.9 -> #REF! | E9: =ТЧК!E9*0.9 -> #REF! | F9: =ТЧК!F9*0.9 -> #REF! | G9: =ТЧК!G9*0.9 -> #REF! | H9: =ТЧК!H9*0.9 -> #REF! | I9: =ТЧК!I9*0.9 -> #REF! | ... AZ9: =ТЧК!AZ9*0.9 -> #REF!
A10: 2 | B10: =ТЧК!B10*0.9 -> #REF! | C10: =ТЧК!C10*0.9 -> #REF! | D10: =ТЧК!D10*0.9 -> #REF! | E10: =ТЧК!E10*0.9 -> #REF! | F10: =ТЧК!F10*0.9 -> #REF! | G10: =ТЧК!G10*0.9 -> #REF! | H10: =ТЧК!H10*0.9 -> #REF! | I10: =ТЧК!I10*0.9 -> #REF! | ... AZ10: =ТЧК!AZ10*0.9 -> #REF!
A11: Номер Люкс - с двуспальной кроватью
A12: 1 | B12: =ТЧК!B12*0.9 -> #REF! | C12: =ТЧК!C12*0.9 -> #REF! | D12: =ТЧК!D12*0.9 -> #REF! | E12: =ТЧК!E12*0.9 -> #REF! | F12: =ТЧК!F12*0.9 -> #REF! | G12: =ТЧК!G12*0.9 -> #REF! | H12: =ТЧК!H12*0.9 -> #REF! | I12: =ТЧК!I12*0.9 -> #REF! | ... AZ12: =ТЧК!AZ12*0.9 -> #REF!
A13: 2 | B13: =ТЧК!B13*0.9 -> #REF! | C13: =ТЧК!C13*0.9 -> #REF! | D13: =ТЧК!D13*0.9 -> #REF! | E13: =ТЧК!E13*0.9 -> #REF! | F13: =ТЧК!F13*0.9 -> #REF! | G13: =ТЧК!G13*0.9 -> #REF! | H13: =ТЧК!H13*0.9 -> #REF! | I13: =ТЧК!I13*0.9 -> #REF! | ... AZ13: =ТЧК!AZ13*0.9 -> #REF!
A14: Представительский Люкс - с двуспальной кроватью
A15: 1 | B15: =ТЧК!B15*0.9 -> #REF! | C15: =ТЧК!C15*0.9 -> #REF! | D15: =ТЧК!D15*0.9 -> #REF! | E15: =ТЧК!E15*0.9 -> #REF! | F15: =ТЧК!F15*0.9 -> #REF! | G15: =ТЧК!G15*0.9 -> #REF! | H15: =ТЧК!H15*0.9 -> #REF! | I15: =ТЧК!I15*0.9 -> #REF! | ... AZ15: =ТЧК!AZ15*0.9 -> #REF!
A16: 2 | B16: =ТЧК!B16*0.9 -> #REF! | C16: =ТЧК!C16*0.9 -> #REF! | D16: =ТЧК!D16*0.9 -> #REF! | E16: =ТЧК!E16*0.9 -> #REF! | F16: =ТЧК!F16*0.9 -> #REF! | G16: =ТЧК!G16*0.9 -> #REF! | H16: =ТЧК!H16*0.9 -> #REF! | I16: =ТЧК!I16*0.9 -> #REF! | ... AZ16: =ТЧК!AZ16*0.9 -> #REF!
A17: Пентхаус, 2-этажный, с террасой - с 2 спальнями
A18: от 1 до 4 | B18: =ТЧК!B18*0.9 -> #REF! | C18: =ТЧК!C18*0.9 -> #REF! | D18: =ТЧК!D18*0.9 -> #REF! | E18: =ТЧК!E18*0.9 -> #REF! | F18: =ТЧК!F18*0.9 -> #REF! | G18: =ТЧК!G18*0.9 -> #REF! | H18: =ТЧК!H18*0.9 -> #REF! | I18: =ТЧК!I18*0.9 -> #REF! | ... AZ18: =ТЧК!AZ18*0.9 -> #REF!
A19: Люкс Красная Поляна, 2-этажный, с террасой - с 3 спальнями
A20: от 1 до 6 | B20: =ТЧК!B20*0.9 -> #REF! | C20: =ТЧК!C20*0.9 -> #REF! | D20: =ТЧК!D20*0.9 -> #REF! | E20: =ТЧК!E20*0.9 -> #REF! | F20: =ТЧК!F20*0.9 -> #REF! | G20: =ТЧК!G20*0.9 -> #REF! | H20: =ТЧК!H20*0.9 -> #REF! | I20: =ТЧК!I20*0.9 -> #REF! | ... AZ20: =ТЧК!AZ20*0.9 -> #REF!
A21: Даты тарифа (включительно):
A22: Период продажи: 17.06.2026 - 29.06.2026 Период проживания: 12.07.2026 - 31.08.2026
A23: Ограничения:
A24: Минимальный срок проживания - 2 ночи
A25: В стоимость включено:
A26: 🔸Скидка 25% на проживание в номере выбранной категории; 🔸Завтрак "Шведский стол" в ресторане "Прагер"; 🔸Шоколадный час ежедневно с 17.00 до 17.45; 🔸Посещение SPA комплекса отеля; 🔸Бесплатный Wi-Fi на территории всего отеля; 🔸Комната для хранения горнолыжного оборудования; 🔸Услуги консьержа, в том числе мобильный консьерж-сервис; 🔸Доставка багажа в номер / из номера; 🔸Услуги парковки автомобиля (крытая парковка); 🔸Прогулочный билет на все открытые канатные дороги для всех гостей в бронировании (предоставляется один раз во время проживания). 🔸Скидка 15% на меню в ресторане (-ах) отеля (на весь чек, на все время проживания)
A27: Условия аннуляции:
A28: В случае отмены или изменения бронирования после 00:00 часов дня заезда удерживается стоимость первых суток.

Sheet 3=4 FIT18
A1: Мовенпик Красная Поляна 5*
A2: Тариф "Три равно четыре!"
A3: Агентский договор 18% (СПО = Нетто тариф - 13%)
A4: завтраки формата "Шведский стол" | B4: 46176 | C4: 46177
A5: Улучшенный номер - с двуспальной кроватью Улучшенный номер с 2 односпальными кроватями Улучшенный номер, для маломобильных - с двуспальной кроватью
A6: 1 | B6: ='3=4'!B6*0.87 -> #REF! | C6: ='3=4'!C6*0.87 -> #REF!
A7: 2 | B7: ='3=4'!B7*0.87 -> #REF! | C7: ='3=4'!C7*0.87 -> #REF!
A8: Улучшенный номер, вид на горы - с двуспальной кроватью Улучшенный номер, вид на горы с 2 односпальными кроватями
A9: 1 | B9: ='3=4'!B9*0.87 -> #REF! | C9: ='3=4'!C9*0.87 -> #REF!
A10: 2 | B10: ='3=4'!B10*0.87 -> #REF! | C10: ='3=4'!C10*0.87 -> #REF!
A11: Номер Люкс - с двуспальной кроватью
A12: 1 | B12: ='3=4'!B12*0.87 -> #REF! | C12: ='3=4'!C12*0.87 -> #REF!
A13: 2 | B13: ='3=4'!B13*0.87 -> #REF! | C13: ='3=4'!C13*0.87 -> #REF!
A14: Представительский Люкс - с двуспальной кроватью
A15: 1 | B15: ='3=4'!B15*0.87 -> #REF! | C15: ='3=4'!C15*0.87 -> #REF!
A16: 2 | B16: ='3=4'!B16*0.87 -> #REF! | C16: ='3=4'!C16*0.87 -> #REF!
A17: Пентхаус, 2-этажный, с террасой - с 2 спальнями
A18: от 1 до 4 | B18: ='3=4'!B18*0.87 -> #REF! | C18: ='3=4'!C18*0.87 -> #REF!
A19: Люкс Красная Поляна, 2-этажный, с террасой - с 3 спальнями
A20: от 1 до 6 | B20: ='3=4'!B20*0.87 -> #REF! | C20: ='3=4'!C20*0.87 -> #REF!
A21: Даты тарифа (включительно):
A22: Период продажи: 06.05.2026 - 03.06.2026 Период проживания: 06.05.2026 - 04.06.2026
A23: Ограничения:
A24: 4 ночи - минимальное количество ночей проживания. Общее количество ночей проживания должно быть кратно 4 ночам.
A25: В стоимость включено:
A26: Подъем на канатной дороге с Поляны 540 на Поляну 960; Проживание в номере выбранной категории; Завтрак "Шведский стол" в ресторане "Прагер"; Шоколадный час ежедневно с 17.00 до 17.45; Посещение SPA комплекса отеля; Wi-Fi на территории всего отеля; Комната для хранения горнолыжного оборудования; Услуги бизнес-центра (персональный компьютер, принтер, Интернет); Услуги консьержа, в том числе мобильный консьерж-сервис; Доставка багажа в номер / из номера; Услуги парковки автомобиля (крытая парковка).
A27: Условия аннуляции:
A28: В случае отмены или изменения бронирования после 00:00 часов дня заезда удерживается стоимость первых суток.
A29: Регламентные работы:
A30: Ежегодные регламентные работы на канатных дорогах курорта Красная Поляна пройдут с 16 марта по 24 июня 2026 года. С 10 по 31 мая будут закрыты канатные дороги Центрального сектора: («Красная Поляна» 540-960 м, «Реликтовый лес» 960-1460 м, «Вершина» 1460-2200 м, «Аибга» 2200-2050 м, «Черная Пирамида» 2050-2300 м). На время регламентных работ между уровнями 540-960 м будут курсировать шаттлы курорта. С 16 марта по 24 апреля будет закрыта канатная дорога Восточного сектора К‑13 «Водопад Поликаря. С 1 апреля по 24 апреля будут закрыты канатные дороги К‑10 «Восточный лес» и К‑12 «Старт чемпиона». К‑8 «Снежная звезда»: закрыта с 1 по 24 июня.

Sheet ОиК FIT18
A1: Мовенпик Красная Поляна 5*
A2: тариф ОТДЫХАЙ И КАТАЙ
A3: нетто тарифы
A4: завтраки формата "Шведский стол" | B4: =ОиК!B4 -> 46148 | C4: =ОиК!C4 -> 46149 | D4: =ОиК!D4 -> 46150 | E4: =ОиК!E4 -> 46151
A5: Улучшенный номер - с двуспальной кроватью, с 2 односпальными кроватями
A6: 1 | B6: =ОиК!B6*0.87 -> #REF! | C6: =ОиК!C6*0.87 -> #REF! | D6: =ОиК!D6*0.87 -> #REF! | E6: =ОиК!E6*0.87 -> #REF!
A7: 2 | B7: =ОиК!B7*0.87 -> #REF! | C7: =ОиК!C7*0.87 -> #REF! | D7: =ОиК!D7*0.87 -> #REF! | E7: =ОиК!E7*0.87 -> #REF!
A8: Улучшенный номер, вид на горы - с двуспальной кроватью, с 2 односпальными кроватями
A9: 1 | B9: =ОиК!B9*0.87 -> #REF! | C9: =ОиК!C9*0.87 -> #REF! | D9: =ОиК!D9*0.87 -> #REF! | E9: =ОиК!E9*0.87 -> #REF!
A10: 2 | B10: =ОиК!B10*0.87 -> #REF! | C10: =ОиК!C10*0.87 -> #REF! | D10: =ОиК!D10*0.87 -> #REF! | E10: =ОиК!E10*0.87 -> #REF!
A11: Номер Люкс - с двуспальной кроватью
A12: 1 | B12: =ОиК!B12*0.87 -> #REF! | C12: =ОиК!C12*0.87 -> #REF! | D12: =ОиК!D12*0.87 -> #REF! | E12: =ОиК!E12*0.87 -> #REF!
A13: 2 | B13: =ОиК!B13*0.87 -> #REF! | C13: =ОиК!C13*0.87 -> #REF! | D13: =ОиК!D13*0.87 -> #REF! | E13: =ОиК!E13*0.87 -> #REF!
A14: Представительский Люкс - с двуспальной кроватью
A15: 1 | B15: =ОиК!B15*0.87 -> #REF! | C15: =ОиК!C15*0.87 -> #REF! | D15: =ОиК!D15*0.87 -> #REF! | E15: =ОиК!E15*0.87 -> #REF!
A16: 2 | B16: =ОиК!B16*0.87 -> #REF! | C16: =ОиК!C16*0.87 -> #REF! | D16: =ОиК!D16*0.87 -> #REF! | E16: =ОиК!E16*0.87 -> #REF!
A17: Пентхаус, 2-этажный, с террасой - с 2 спальнями
A18: от 1 до 4 | B18: =ОиК!B18*0.87 -> #REF! | C18: =ОиК!C18*0.87 -> #REF! | D18: =ОиК!D18*0.87 -> #REF! | E18: =ОиК!E18*0.87 -> #REF!
A19: Люкс Красная Поляна, 2-этажный, с террасой - с 3 спальнями
A20: от 1 до 6 | B20: =ОиК!B20*0.87 -> #REF! | C20: =ОиК!C20*0.87 -> #REF! | D20: =ОиК!D20*0.87 -> #REF! | E20: =ОиК!E20*0.87 -> #REF!
A21: ВАЖНО:
A22: Дополнительно на каждый день проживания в стоимость заявки добавляются ски-пассы для каждого взрослого, стоимость: 09.01.2025 - 31.03.2026 включительно - 3500 рублей. 01.04.2026 - 09.05.2026 включительно - 2000 рублей. При размещении дополнительных гостей, также на каждый день проживания добавляются в стоимость заявки ски-пассы на каждого взрослого гостя: 09.01.2025 - 31.03.2026 включительно - 3500 рублей. 01.04.2026 - 09.05.2026 включительно - 2000 рублей.
A23: В Тravelline тариф выгружается с учетом стоимости ски-пассов на каждого взрослого в заявке. В заявки, направляемые вручную по почте, дополнительно на каждый день проживания в стоимость добавляется стоимость ски-пассов для каждого взрослого самостоятельно.
A24: Выдача электронного купона производится при заселении на стойке регистрации. Получить ски-пассы можно в автоматах (пикап-поинтах) у канатных дорог. Возврат средств за неиспользованные ски-пассы не производится. Тариф включает ски-пассы только для взрослых гостей. Детские ски-пассы приобретаются в кассе курорта или на стойке «Чем заняться» за 1 рубль.
A25: Даты тарифа:
A26: Период продажи: 31.10.2025 - 09.05.2026 Период проживания: 09.01.2026 - 10.05.2026
A27: В стоимость включено:
A28: Проживание в номере выбранной категории со скидкой 10%; Ски-пасс "Дневной взрослый" со скидкой 50% на весь период проживания (от открытой стоимости krasnayapolyanaresort.ru);* Завтрак "Шведский стол" в ресторане "Прагер"; Шоколадный час ежедневно с 17.00 до 17.45; Посещение SPA комплекса отеля; Бесплатный Wi-Fi на территории всего отеля; Комната для хранения горнолыжного оборудования; Услуги бизнес-центра (персональный компьютер, принтер, Интернет); Услуги консьержа, в том числе мобильный консьерж-сервис; Доставка багажа в номер / из номера; Услуги парковки автомобиля (крытая парковка). *Количество ски-пассов равно количеству ночей проживания
A29: Дополнительно в стоимость включено с 08.04.2026:
A30: Скидка 15% на все массажи и спа-процедуры во всех СПА Курорта (Mövenpick5*, Novotel Resort&Spa 5*, Rixos 5* и Marriott 5*, с 13.04.26 в отеле Panorama by Mercure 4*); Скидка 30% на меню и напитки ресторана «Вершина» (2200 м); Скидка 25% на разовый визит в СПА Novotel Resort&Spa 5* с открытым бассейном; Аренда малого банного комплекса с 9:00 до 11:00 (не более 5 гостей) - до 5 авторских процедур в подарок «Ритуал Воздуха» или «Сила Стихий»; Разовое посещение большого банного комплекса от 4 000р./взр и детский тариф со скидкой 50% от стоимости тарифа для взрослых (Посещение не входит в стоимость, оплачивается дополнительно). Подробная информация о предоставлении услуг в Службе поддержки Курорта: тел. 8 800 550 20 20 e-mail: infocenter@kpresort.ru. Услуги предложения действуют только в период проживания и предоставляются однократно, согласно условиям в купонной книге. Купонная книга выдается при заселении из расчета: 1 номер = 1 книга. Предложение ограничено и не комбинируется с другими действующими акциями отеля. НАО «Красная поляна» оставляет за собой право изменять услуги в составе пакета. Предоставление услуг может зависеть от высокой загрузки СПА и банного комплекса.
A31: Условия аннуляции:
A32: В случае отмены или изменения бронирования после 00:00 часов дня заезда удерживается стоимость первых суток.
... A34: Ежегодные регламентные работы на канатных дорогах курорта Красная Поляна пройдут с 16 марта по 24 июня 2026 года. С 10 по 31 мая будут закрыты канатные дороги Центрального сектора: («Красная Поляна» 540-960 м, «Реликтовый лес» 960-1460 м, «Вершина» 1460-2200 м, «Аибга» 2200-2050 м, «Черная Пирамида» 2050-2300 м). На время регламентных работ между уровнями 540-960 м будут курсировать шаттлы курорта. С 16 марта по 24 апреля будет закрыта канатная дорога Восточного сектора К‑13 «Водопад Поликаря. С 1 апреля по 24 апреля будут закрыты канатные дороги К‑10 «Восточный лес» и К‑12 «Старт чемпиона». К‑8 «Снежная звезда»: закрыта с 1 по 24 июня.

Sheet КвГ FIT18
A1: Мовенпик Красная Поляна 5*
A2: тариф КАНИКУЛЫ В ГОРАХ. ВЕСНА
A3: нетто тарифы
A4: завтраки формата "Шведский стол" | B4: 46169 | C4: 46170 | D4: 46171 | E4: 46172 | F4: 46173
A5: Улучшенный номер - с двуспальной кроватью Улучшенный номер с 2 односпальными кроватями Улучшенный номер, для маломобильных - с двуспальной кроватью
A6: 1 | B6: =ROUND(КвГ!F6*0.87,) -> #REF! | C6: =ROUND(КвГ!G6*0.87,) -> #REF! | D6: =ROUND(КвГ!H6*0.87,) -> #REF! | E6: =ROUND(КвГ!I6*0.87,) -> #REF! | F6: =ROUND(КвГ!J6*0.87,) -> #REF!
A7: 2 | B7: =ROUND(КвГ!F7*0.87,) -> #REF! | C7: =ROUND(КвГ!G7*0.87,) -> #REF! | D7: =ROUND(КвГ!H7*0.87,) -> #REF! | E7: =ROUND(КвГ!I7*0.87,) -> #REF! | F7: =ROUND(КвГ!J7*0.87,) -> #REF!
A8: Улучшенный номер, вид на горы - с двуспальной кроватью Улучшенный номер, вид на горы с 2 односпальными кроватями
A9: 1 | B9: =ROUND(КвГ!F9*0.87,) -> #REF! | C9: =ROUND(КвГ!G9*0.87,) -> #REF! | D9: =ROUND(КвГ!H9*0.87,) -> #REF! | E9: =ROUND(КвГ!I9*0.87,) -> #REF! | F9: =ROUND(КвГ!J9*0.87,) -> #REF!
A10: 2 | B10: =ROUND(КвГ!F10*0.87,) -> #REF! | C10: =ROUND(КвГ!G10*0.87,) -> #REF! | D10: =ROUND(КвГ!H10*0.87,) -> #REF! | E10: =ROUND(КвГ!I10*0.87,) -> #REF! | F10: =ROUND(КвГ!J10*0.87,) -> #REF!
A11: Номер Люкс - с двуспальной кроватью
A12: 1 | B12: =ROUND(КвГ!F12*0.87,) -> #REF! | C12: =ROUND(КвГ!G12*0.87,) -> #REF! | D12: =ROUND(КвГ!H12*0.87,) -> #REF! | E12: =ROUND(КвГ!I12*0.87,) -> #REF! | F12: =ROUND(КвГ!J12*0.87,) -> #REF!
A13: 2 | B13: =ROUND(КвГ!F13*0.87,) -> #REF! | C13: =ROUND(КвГ!G13*0.87,) -> #REF! | D13: =ROUND(КвГ!H13*0.87,) -> #REF! | E13: =ROUND(КвГ!I13*0.87,) -> #REF! | F13: =ROUND(КвГ!J13*0.87,) -> #REF!
A14: Представительский Люкс - с двуспальной кроватью
A15: 1 | B15: =ROUND(КвГ!F15*0.87,) -> #REF! | C15: =ROUND(КвГ!G15*0.87,) -> #REF! | D15: =ROUND(КвГ!H15*0.87,) -> #REF! | E15: =ROUND(КвГ!I15*0.87,) -> #REF! | F15: =ROUND(КвГ!J15*0.87,) -> #REF!
A16: 2 | B16: =ROUND(КвГ!F16*0.87,) -> #REF! | C16: =ROUND(КвГ!G16*0.87,) -> #REF! | D16: =ROUND(КвГ!H16*0.87,) -> #REF! | E16: =ROUND(КвГ!I16*0.87,) -> #REF! | F16: =ROUND(КвГ!J16*0.87,) -> #REF!
A17: Пентхаус, 2-этажный, с террасой - с 2 спальнями
A18: от 1 до 4 | B18: =ROUND(КвГ!F18*0.87,) -> #REF! | C18: =ROUND(КвГ!G18*0.87,) -> #REF! | D18: =ROUND(КвГ!H18*0.87,) -> #REF! | E18: =ROUND(КвГ!I18*0.87,) -> #REF! | F18: =ROUND(КвГ!J18*0.87,) -> #REF!
A19: Люкс Красная Поляна, 2-этажный, с террасой - с 3 спальнями
A20: от 1 до 6 | B20: =ROUND(КвГ!F20*0.87,) -> #REF! | C20: =ROUND(КвГ!G20*0.87,) -> #REF! | D20: =ROUND(КвГ!H20*0.87,) -> #REF! | E20: =ROUND(КвГ!I20*0.87,) -> #REF! | F20: =ROUND(КвГ!J20*0.87,) -> #REF!
A21: ВАЖНО:
A22: Бесплатное размещение 2-х детей до 11 лет вкл-но. Бесплатно предоставляются завтраки для 2-х детей и одно дополнительное место. Второй ребенок размещается на основных спальных местах. Дополнительно ЕДИНОРАЗОВО в стоимость заявки добавляется стоимость купонной книги для каждого взрослого: 15.03.2026 - 31.05.2026 включительно - 2500 руб/взр. При размещении дополнительных гостей, также ЕДИНОРАЗОВО добавляется стоимость купонной книги для каждого взрослого: 15.03.2026 - 31.05.2026 включительно - 2500 руб/взр.
A23: Даты тарифа:
A24: Период продажи: 20.02.2026 - 30.05.2026 Период проживания: 15.03.2026 - 31.05.2026
A25: В стоимость включено:
A26: Проживание в номере выбранной категории; Завтрак "Шведский стол" в ресторане "Прагер"; Шоколадный час ежедневно с 17.00 до 17.45; Посещение SPA комплекса отеля; Бесплатный Wi-Fi на территории всего отеля; Комната для хранения горнолыжного оборудования; Услуги бизнес-центра (персональный компьютер, принтер, Интернет); Услуги консьержа, в том числе мобильный консьерж-сервис; Доставка багажа в номер / из номера; Услуги парковки автомобиля (крытая парковка). Бесплатное размещение 2-х детей до 11 лет вкл-но. Бесплатно предоставляются завтраки для 2-х детей и одно дополнительное место.Второй ребенок размещается на основных спальных местах.
A27: По купонной книге в предложение "Каникулы в горях.Весна" входят бесплатно:
A28: 1. Прогулочные билеты "Панорама Красной Поляны" (для всех гостей, проживающих в номере); 2. Посещение Хаски центра (для всех гостей, проживающих в номере); 3. Посещение мини-зоопарка «Капибара и друзья» (для всех гостей, проживающих в номере); 4. Один маршрут веревочного парка (для всех гостей, проживающих в номере), услуга доступна при проживании с 01.05.2026; 5. Скидка 20% на занятие с инструктором в школе катания "Три вершины"; 6. Скидка 30% на прокат горнолыжного оборудования. Действует в пунктах проката на уровнях 540 и 960; 7. Спецтариф: Ферма северных оленей + Дача Альпача Прогулка по парку «Лес чудес», знакомство с оленями и альпаками. Входной билет — 800 ₽. Дети до 4 лет — бесплатно.; 8. Скидка 30% на аренду роликов или скейтборда в школе катания «Три вершины» Скидка 30% на 1 час проката для всех проживающих в номере в подарок (С даты открытия школы, ориентировочно с середины апреля) 9. Стикерпак в подарок (1 стикер на номер).
A29: Условия аннуляции:
A30: В случае отмены или изменения бронирования после 00:00 часов дня заезда удерживается стоимость первых суток.
A31: Дополнительная информация:
A32: Услуги и бонусы предложения действуют только в период проживания и предоставляются однократно, согласно условиям в купонной книге. Купонная книга выдается при заселении из расчета: 1 номер = 1 книга. Предложение ограничено и не комбинируется с другими действующими акциями отеля. НАО «Красная поляна» оставляет за собой право изменять услуги в составе пакета. Предоставление услуг может зависеть от погодных условий и графика работы канатных дорог.
... A34: Ежегодные регламентные работы на канатных дорогах курорта Красная Поляна пройдут с 16 марта по 24 июня 2026 года. С 10 по 31 мая будут закрыты канатные дороги Центрального сектора: («Красная Поляна» 540-960 м, «Реликтовый лес» 960-1460 м, «Вершина» 1460-2200 м, «Аибга» 2200-2050 м, «Черная Пирамида» 2050-2300 м). На время регламентных работ между уровнями 540-960 м будут курсировать шаттлы курорта. С 16 марта по 24 апреля будет закрыта канатная дорога Восточного сектора К‑13 «Водопад Поликаря. С 1 апреля по 24 апреля будут закрыты канатные дороги К‑10 «Восточный лес» и К‑12 «Старт чемпиона». К‑8 «Снежная звезда»: закрыта с 1 по 24 июня.

Sheet ТЧК FIT18
A1: Мовенпик Красная Поляна 5*
A2: ТОЧКА ПРИТЯЖЕНИЯ
A3: Нетто тарифы
A4: завтраки формата "Шведский стол" | B4: 46215 | C4: 46216 | D4: 46217 | E4: 46218 | F4: 46219 | G4: 46220 | H4: 46221 | I4: 46222 | J4: 46223 | K4: 46224 | L4: 46225 | M4: 46226 | N4: 46227 | O4: 46228 | P4: 46229 | Q4: 46230 | R4: 46231 | S4: 46232 | T4: 46233 | U4: 46234 | V4: 46235 | W4: 46236 | X4: 46237 | Y4: 46238 | Z4: 46239 | AA4: 46240 | AB4: 46241 | AC4: 46242 | AD4: 46243 | AE4: 46244 | AF4: 46245 | AG4: 46246 | AH4: 46247 | AI4: 46248 | AJ4: 46249 | AK4: 46250 | AL4: 46251 | AM4: 46252 | AN4: 46253 | AO4: 46254 | AP4: 46255 | AQ4: 46256 | AR4: 46257 | AS4: 46258 | AT4: 46259 | AU4: 46260 | AV4: 46261 | AW4: 46262 | AX4: 46263 | AY4: 46264 | AZ4: 46265
A5: Улучшенный номер - с двуспальной кроватью Улучшенный номер с 2 односпальными кроватями Улучшенный номер, для маломобильных - с двуспальной кроватью
A6: 1 | B6: =ТЧК!B6*0.87 -> #REF! | C6: =ТЧК!C6*0.87 -> #REF! | D6: =ТЧК!D6*0.87 -> #REF! | E6: =ТЧК!E6*0.87 -> #REF! | F6: =ТЧК!F6*0.87 -> #REF! | G6: =ТЧК!G6*0.87 -> #REF! | H6: =ТЧК!H6*0.87 -> #REF! | I6: =ТЧК!I6*0.87 -> #REF! | ... AZ6: =ТЧК!AZ6*0.87 -> #REF!
A7: 2 | B7: =ТЧК!B7*0.87 -> #REF! | C7: =ТЧК!C7*0.87 -> #REF! | D7: =ТЧК!D7*0.87 -> #REF! | E7: =ТЧК!E7*0.87 -> #REF! | F7: =ТЧК!F7*0.87 -> #REF! | G7: =ТЧК!G7*0.87 -> #REF! | H7: =ТЧК!H7*0.87 -> #REF! | I7: =ТЧК!I7*0.87 -> #REF! | ... AZ7: =ТЧК!AZ7*0.87 -> #REF!
A8: Улучшенный номер, вид на горы - с двуспальной кроватью Улучшенный номер, вид на горы с 2 односпальными кроватями
A9: 1 | B9: =ТЧК!B9*0.87 -> #REF! | C9: =ТЧК!C9*0.87 -> #REF! | D9: =ТЧК!D9*0.87 -> #REF! | E9: =ТЧК!E9*0.87 -> #REF! | F9: =ТЧК!F9*0.87 -> #REF! | G9: =ТЧК!G9*0.87 -> #REF! | H9: =ТЧК!H9*0.87 -> #REF! | I9: =ТЧК!I9*0.87 -> #REF! | ... AZ9: =ТЧК!AZ9*0.87 -> #REF!
A10: 2 | B10: =ТЧК!B10*0.87 -> #REF! | C10: =ТЧК!C10*0.87 -> #REF! | D10: =ТЧК!D10*0.87 -> #REF! | E10: =ТЧК!E10*0.87 -> #REF! | F10: =ТЧК!F10*0.87 -> #REF! | G10: =ТЧК!G10*0.87 -> #REF! | H10: =ТЧК!H10*0.87 -> #REF! | I10: =ТЧК!I10*0.87 -> #REF! | ... AZ10: =ТЧК!AZ10*0.87 -> #REF!
A11: Номер Люкс - с двуспальной кроватью
A12: 1 | B12: =ТЧК!B12*0.87 -> #REF! | C12: =ТЧК!C12*0.87 -> #REF! | D12: =ТЧК!D12*0.87 -> #REF! | E12: =ТЧК!E12*0.87 -> #REF! | F12: =ТЧК!F12*0.87 -> #REF! | G12: =ТЧК!G12*0.87 -> #REF! | H12: =ТЧК!H12*0.87 -> #REF! | I12: =ТЧК!I12*0.87 -> #REF! | ... AZ12: =ТЧК!AZ12*0.87 -> #REF!
A13: 2 | B13: =ТЧК!B13*0.87 -> #REF! | C13: =ТЧК!C13*0.87 -> #REF! | D13: =ТЧК!D13*0.87 -> #REF! | E13: =ТЧК!E13*0.87 -> #REF! | F13: =ТЧК!F13*0.87 -> #REF! | G13: =ТЧК!G13*0.87 -> #REF! | H13: =ТЧК!H13*0.87 -> #REF! | I13: =ТЧК!I13*0.87 -> #REF! | ... AZ13: =ТЧК!AZ13*0.87 -> #REF!
A14: Представительский Люкс - с двуспальной кроватью
A15: 1 | B15: =ТЧК!B15*0.87 -> #REF! | C15: =ТЧК!C15*0.87 -> #REF! | D15: =ТЧК!D15*0.87 -> #REF! | E15: =ТЧК!E15*0.87 -> #REF! | F15: =ТЧК!F15*0.87 -> #REF! | G15: =ТЧК!G15*0.87 -> #REF! | H15: =ТЧК!H15*0.87 -> #REF! | I15: =ТЧК!I15*0.87 -> #REF! | ... AZ15: =ТЧК!AZ15*0.87 -> #REF!
A16: 2 | B16: =ТЧК!B16*0.87 -> #REF! | C16: =ТЧК!C16*0.87 -> #REF! | D16: =ТЧК!D16*0.87 -> #REF! | E16: =ТЧК!E16*0.87 -> #REF! | F16: =ТЧК!F16*0.87 -> #REF! | G16: =ТЧК!G16*0.87 -> #REF! | H16: =ТЧК!H16*0.87 -> #REF! | I16: =ТЧК!I16*0.87 -> #REF! | ... AZ16: =ТЧК!AZ16*0.87 -> #REF!
A17: Пентхаус, 2-этажный, с террасой - с 2 спальнями
A18: от 1 до 4 | B18: =ТЧК!B18*0.87 -> #REF! | C18: =ТЧК!C18*0.87 -> #REF! | D18: =ТЧК!D18*0.87 -> #REF! | E18: =ТЧК!E18*0.87 -> #REF! | F18: =ТЧК!F18*0.87 -> #REF! | G18: =ТЧК!G18*0.87 -> #REF! | H18: =ТЧК!H18*0.87 -> #REF! | I18: =ТЧК!I18*0.87 -> #REF! | ... AZ18: =ТЧК!AZ18*0.87 -> #REF!
A19: Люкс Красная Поляна, 2-этажный, с террасой - с 3 спальнями
A20: от 1 до 6 | B20: =ТЧК!B20*0.87 -> #REF! | C20: =ТЧК!C20*0.87 -> #REF! | D20: =ТЧК!D20*0.87 -> #REF! | E20: =ТЧК!E20*0.87 -> #REF! | F20: =ТЧК!F20*0.87 -> #REF! | G20: =ТЧК!G20*0.87 -> #REF! | H20: =ТЧК!H20*0.87 -> #REF! | I20: =ТЧК!I20*0.87 -> #REF! | ... AZ20: =ТЧК!AZ20*0.87 -> #REF!
A21: Даты тарифа (включительно):
A22: Период продажи: 17.06.2026 - 29.06.2026 Период проживания: 12.07.2026 - 31.08.2026
A23: Ограничения:
A24: Минимальный срок проживания - 2 ночи
A25: В стоимость включено:
A26: 🔸Скидка 25% на проживание в номере выбранной категории; 🔸Завтрак "Шведский стол" в ресторане "Прагер"; 🔸Шоколадный час ежедневно с 17.00 до 17.45; 🔸Посещение SPA комплекса отеля; 🔸Бесплатный Wi-Fi на территории всего отеля; 🔸Комната для хранения горнолыжного оборудования; 🔸Услуги консьержа, в том числе мобильный консьерж-сервис; 🔸Доставка багажа в номер / из номера; 🔸Услуги парковки автомобиля (крытая парковка); 🔸Прогулочный билет на все открытые канатные дороги для всех гостей в бронировании (предоставляется один раз во время проживания). 🔸Скидка 15% на меню в ресторане (-ах) отеля (на весь чек, на все время проживания)
A27: Условия аннуляции:
A28: В случае отмены или изменения бронирования после 00:00 часов дня заезда удерживается стоимость первых суток.

Sheet 3=4 FIT18+25
A1: Мовенпик Красная Поляна 5*
A2: Тариф "Три равно четыре!"
A3: нетто тарифы
A4: завтраки формата "Шведский стол" | B4: 46176 | C4: 46177
A5: Улучшенный номер - с двуспальной кроватью Улучшенный номер с 2 односпальными кроватями Улучшенный номер, для маломобильных - с двуспальной кроватью
A6: 1 | B6: ='3=4 FIT18'!B6+25 -> #REF! | C6: ='3=4 FIT18'!C6+25 -> #REF!
A7: 2 | B7: ='3=4 FIT18'!B7+25 -> #REF! | C7: ='3=4 FIT18'!C7+25 -> #REF!
A8: Улучшенный номер, вид на горы - с двуспальной кроватью Улучшенный номер, вид на горы с 2 односпальными кроватями
A9: 1 | B9: ='3=4 FIT18'!B9+25 -> #REF! | C9: ='3=4 FIT18'!C9+25 -> #REF!
A10: 2 | B10: ='3=4 FIT18'!B10+25 -> #REF! | C10: ='3=4 FIT18'!C10+25 -> #REF!
A11: Номер Люкс - с двуспальной кроватью
A12: 1 | B12: ='3=4 FIT18'!B12+25 -> #REF! | C12: ='3=4 FIT18'!C12+25 -> #REF!
A13: 2 | B13: ='3=4 FIT18'!B13+25 -> #REF! | C13: ='3=4 FIT18'!C13+25 -> #REF!
A14: Представительский Люкс - с двуспальной кроватью
A15: 1 | B15: ='3=4 FIT18'!B15+25 -> #REF! | C15: ='3=4 FIT18'!C15+25 -> #REF!
A16: 2 | B16: ='3=4 FIT18'!B16+25 -> #REF! | C16: ='3=4 FIT18'!C16+25 -> #REF!
A17: Пентхаус, 2-этажный, с террасой - с 2 спальнями
A18: от 1 до 4 | B18: ='3=4 FIT18'!B18+25 -> #REF! | C18: ='3=4 FIT18'!C18+25 -> #REF!
A19: Люкс Красная Поляна, 2-этажный, с террасой - с 3 спальнями
A20: от 1 до 6 | B20: ='3=4 FIT18'!B20+25 -> #REF! | C20: ='3=4 FIT18'!C20+25 -> #REF!
A21: Даты тарифа (включительно):
A22: Период продажи: 06.05.2026 - 03.06.2026 Период проживания: 06.05.2026 - 04.06.2026
A23: Ограничения:
A24: 4 ночи - минимальное количество ночей проживания. Общее количество ночей проживания должно быть кратно 4 ночам.
A25: В стоимость включено:
A26: Подъем на канатной дороге с Поляны 540 на Поляну 960; Проживание в номере выбранной категории; Завтрак "Шведский стол" в ресторане "Прагер"; Шоколадный час ежедневно с 17.00 до 17.45; Посещение SPA комплекса отеля; Wi-Fi на территории всего отеля; Комната для хранения горнолыжного оборудования; Услуги бизнес-центра (персональный компьютер, принтер, Интернет); Услуги консьержа, в том числе мобильный консьерж-сервис; Доставка багажа в номер / из номера; Услуги парковки автомобиля (крытая парковка).
A27: Условия аннуляции:
A28: В случае отмены или изменения бронирования после 00:00 часов дня заезда удерживается стоимость первых суток.
A29: Регламентные работы:
A30: Ежегодные регламентные работы на канатных дорогах курорта Красная Поляна пройдут с 16 марта по 24 июня 2026 года. С 10 по 31 мая будут закрыты канатные дороги Центрального сектора: («Красная Поляна» 540-960 м, «Реликтовый лес» 960-1460 м, «Вершина» 1460-2200 м, «Аибга» 2200-2050 м, «Черная Пирамида» 2050-2300 м). На время регламентных работ между уровнями 540-960 м будут курсировать шаттлы курорта. С 16 марта по 24 апреля будет закрыта канатная дорога Восточного сектора К‑13 «Водопад Поликаря. С 1 апреля по 24 апреля будут закрыты канатные дороги К‑10 «Восточный лес» и К‑12 «Старт чемпиона». К‑8 «Снежная звезда»: закрыта с 1 по 24 июня.

Sheet ОиК FIT18+25
A1: Мовенпик Красная Поляна 5*
A2: тариф ОТДЫХАЙ И КАТАЙ
A3: нетто тарифы
A4: завтраки формата "Шведский стол" | B4: =ОиК!B4 -> 46148 | C4: =ОиК!C4 -> 46149 | D4: =ОиК!D4 -> 46150 | E4: =ОиК!E4 -> 46151
A5: Улучшенный номер - с двуспальной кроватью, с 2 односпальными кроватями
A6: 1 | B6: ='ОиК FIT18'!B6+25 -> #REF! | C6: ='ОиК FIT18'!C6+25 -> #REF! | D6: ='ОиК FIT18'!D6+25 -> #REF! | E6: ='ОиК FIT18'!E6+25 -> #REF!
A7: 2 | B7: ='ОиК FIT18'!B7+25 -> #REF! | C7: ='ОиК FIT18'!C7+25 -> #REF! | D7: ='ОиК FIT18'!D7+25 -> #REF! | E7: ='ОиК FIT18'!E7+25 -> #REF!
A8: Улучшенный номер, вид на горы - с двуспальной кроватью, с 2 односпальными кроватями
A9: 1 | B9: ='ОиК FIT18'!B9+25 -> #REF! | C9: ='ОиК FIT18'!C9+25 -> #REF! | D9: ='ОиК FIT18'!D9+25 -> #REF! | E9: ='ОиК FIT18'!E9+25 -> #REF!
A10: 2 | B10: ='ОиК FIT18'!B10+25 -> #REF! | C10: ='ОиК FIT18'!C10+25 -> #REF! | D10: ='ОиК FIT18'!D10+25 -> #REF! | E10: ='ОиК FIT18'!E10+25 -> #REF!
A11: Номер Люкс - с двуспальной кроватью
A12: 1 | B12: ='ОиК FIT18'!B12+25 -> #REF! | C12: ='ОиК FIT18'!C12+25 -> #REF! | D12: ='ОиК FIT18'!D12+25 -> #REF! | E12: ='ОиК FIT18'!E12+25 -> #REF!
A13: 2 | B13: ='ОиК FIT18'!B13+25 -> #REF! | C13: ='ОиК FIT18'!C13+25 -> #REF! | D13: ='ОиК FIT18'!D13+25 -> #REF! | E13: ='ОиК FIT18'!E13+25 -> #REF!
A14: Представительский Люкс - с двуспальной кроватью
A15: 1 | B15: ='ОиК FIT18'!B15+25 -> #REF! | C15: ='ОиК FIT18'!C15+25 -> #REF! | D15: ='ОиК FIT18'!D15+25 -> #REF! | E15: ='ОиК FIT18'!E15+25 -> #REF!
A16: 2 | B16: ='ОиК FIT18'!B16+25 -> #REF! | C16: ='ОиК FIT18'!C16+25 -> #REF! | D16: ='ОиК FIT18'!D16+25 -> #REF! | E16: ='ОиК FIT18'!E16+25 -> #REF!
A17: Пентхаус, 2-этажный, с террасой - с 2 спальнями
A18: от 1 до 4 | B18: ='ОиК FIT18'!B18+25 -> #REF! | C18: ='ОиК FIT18'!C18+25 -> #REF! | D18: ='ОиК FIT18'!D18+25 -> #REF! | E18: ='ОиК FIT18'!E18+25 -> #REF!
A19: Люкс Красная Поляна, 2-этажный, с террасой - с 3 спальнями
A20: от 1 до 6 | B20: ='ОиК FIT18'!B20+25 -> #REF! | C20: ='ОиК FIT18'!C20+25 -> #REF! | D20: ='ОиК FIT18'!D20+25 -> #REF! | E20: ='ОиК FIT18'!E20+25 -> #REF!
A21: ВАЖНО:
A22: Дополнительно на каждый день проживания в стоимость заявки добавляются ски-пассы для каждого взрослого, стоимость: 09.01.2025 - 31.03.2026 включительно - 3500 рублей. 01.04.2026 - 09.05.2026 включительно - 2000 рублей. При размещении дополнительных гостей, также на каждый день проживания добавляются в стоимость заявки ски-пассы на каждого взрослого гостя: 09.01.2025 - 31.03.2026 включительно - 3500 рублей. 01.04.2026 - 09.05.2026 включительно - 2000 рублей.
A23: В Тravelline тариф выгружается с учетом стоимости ски-пассов на каждого взрослого в заявке. В заявки, направляемые вручную по почте, дополнительно на каждый день проживания в стоимость добавляется стоимость ски-пассов для каждого взрослого самостоятельно.
A24: Выдача электронного купона производится при заселении на стойке регистрации. Получить ски-пассы можно в автоматах (пикап-поинтах) у канатных дорог. Возврат средств за неиспользованные ски-пассы не производится. Тариф включает ски-пассы только для взрослых гостей. Детские ски-пассы приобретаются в кассе курорта или на стойке «Чем заняться» за 1 рубль.
A25: Даты тарифа:
A26: Период продажи: 31.10.2025 - 09.05.2026 Период проживания: 09.01.2026 - 10.05.2026
A27: В стоимость включено:
A28: Проживание в номере выбранной категории со скидкой 10%; Ски-пасс "Дневной взрослый" со скидкой 50% на весь период проживания (от открытой стоимости krasnayapolyanaresort.ru);* Завтрак "Шведский стол" в ресторане "Прагер"; Шоколадный час ежедневно с 17.00 до 17.45; Посещение SPA комплекса отеля; Бесплатный Wi-Fi на территории всего отеля; Комната для хранения горнолыжного оборудования; Услуги бизнес-центра (персональный компьютер, принтер, Интернет); Услуги консьержа, в том числе мобильный консьерж-сервис; Доставка багажа в номер / из номера; Услуги парковки автомобиля (крытая парковка). *Количество ски-пассов равно количеству ночей проживания
A29: Дополнительно в стоимость включено с 08.04.2026:
A30: Скидка 15% на все массажи и спа-процедуры во всех СПА Курорта (Mövenpick5*, Novotel Resort&Spa 5*, Rixos 5* и Marriott 5*, с 13.04.26 в отеле Panorama by Mercure 4*); Скидка 30% на меню и напитки ресторана «Вершина» (2200 м); Скидка 25% на разовый визит в СПА Novotel Resort&Spa 5* с открытым бассейном; Аренда малого банного комплекса с 9:00 до 11:00 (не более 5 гостей) - до 5 авторских процедур в подарок «Ритуал Воздуха» или «Сила Стихий»; Разовое посещение большого банного комплекса от 4 000р./взр и детский тариф со скидкой 50% от стоимости тарифа для взрослых (Посещение не входит в стоимость, оплачивается дополнительно). Подробная информация о предоставлении услуг в Службе поддержки Курорта: тел. 8 800 550 20 20 e-mail: infocenter@kpresort.ru. Услуги предложения действуют только в период проживания и предоставляются однократно, согласно условиям в купонной книге. Купонная книга выдается при заселении из расчета: 1 номер = 1 книга. Предложение ограничено и не комбинируется с другими действующими акциями отеля. НАО «Красная поляна» оставляет за собой право изменять услуги в составе пакета. Предоставление услуг может зависеть от высокой загрузки СПА и банного комплекса.
A31: Условия аннуляции:
A32: В случае отмены или изменения бронирования после 00:00 часов дня заезда удерживается стоимость первых суток.
... A34: Ежегодные регламентные работы на канатных дорогах курорта Красная Поляна пройдут с 16 марта по 24 июня 2026 года. С 10 по 31 мая будут закрыты канатные дороги Центрального сектора: («Красная Поляна» 540-960 м, «Реликтовый лес» 960-1460 м, «Вершина» 1460-2200 м, «Аибга» 2200-2050 м, «Черная Пирамида» 2050-2300 м). На время регламентных работ между уровнями 540-960 м будут курсировать шаттлы курорта. С 16 марта по 24 апреля будет закрыта канатная дорога Восточного сектора К‑13 «Водопад Поликаря. С 1 апреля по 24 апреля будут закрыты канатные дороги К‑10 «Восточный лес» и К‑12 «Старт чемпиона». К‑8 «Снежная звезда»: закрыта с 1 по 24 июня.

Sheet КвГ FIT18+25
A1: Мовенпик Красная Поляна 5*
A2: тариф КАНИКУЛЫ В ГОРАХ. ВЕСНА
A3: нетто тарифы
A4: завтраки формата "Шведский стол" | B4: 46141 | C4: 46142 | D4: 46143 | E4: 46169 | F4: 46170 | G4: 46171 | H4: 46172 | I4: 46173
A5: Улучшенный номер - с двуспальной кроватью Улучшенный номер с 2 односпальными кроватями Улучшенный номер, для маломобильных - с двуспальной кроватью
A6: 1 | B6: ='КвГ FIT18'!#REF!+25 -> #REF! | C6: ='КвГ FIT18'!#REF!+25 -> #REF! | D6: ='КвГ FIT18'!#REF!+25 -> #REF! | E6: ='КвГ FIT18'!B6+25 -> #REF! | F6: ='КвГ FIT18'!C6+25 -> #REF! | G6: ='КвГ FIT18'!D6+25 -> #REF! | H6: ='КвГ FIT18'!E6+25 -> #REF! | I6: ='КвГ FIT18'!F6+25 -> #REF!
A7: 2 | B7: ='КвГ FIT18'!#REF!+25 -> #REF! | C7: ='КвГ FIT18'!#REF!+25 -> #REF! | D7: ='КвГ FIT18'!#REF!+25 -> #REF! | E7: ='КвГ FIT18'!B7+25 -> #REF! | F7: ='КвГ FIT18'!C7+25 -> #REF! | G7: ='КвГ FIT18'!D7+25 -> #REF! | H7: ='КвГ FIT18'!E7+25 -> #REF! | I7: ='КвГ FIT18'!F7+25 -> #REF!
A8: Улучшенный номер, вид на горы - с двуспальной кроватью Улучшенный номер, вид на горы с 2 односпальными кроватями
A9: 1 | B9: ='КвГ FIT18'!#REF!+25 -> #REF! | C9: ='КвГ FIT18'!#REF!+25 -> #REF! | D9: ='КвГ FIT18'!#REF!+25 -> #REF! | E9: ='КвГ FIT18'!B9+25 -> #REF! | F9: ='КвГ FIT18'!C9+25 -> #REF! | G9: ='КвГ FIT18'!D9+25 -> #REF! | H9: ='КвГ FIT18'!E9+25 -> #REF! | I9: ='КвГ FIT18'!F9+25 -> #REF!
A10: 2 | B10: ='КвГ FIT18'!#REF!+25 -> #REF! | C10: ='КвГ FIT18'!#REF!+25 -> #REF! | D10: ='КвГ FIT18'!#REF!+25 -> #REF! | E10: ='КвГ FIT18'!B10+25 -> #REF! | F10: ='КвГ FIT18'!C10+25 -> #REF! | G10: ='КвГ FIT18'!D10+25 -> #REF! | H10: ='КвГ FIT18'!E10+25 -> #REF! | I10: ='КвГ FIT18'!F10+25 -> #REF!
A11: Номер Люкс - с двуспальной кроватью
A12: 1 | B12: ='КвГ FIT18'!#REF!+25 -> #REF! | C12: ='КвГ FIT18'!#REF!+25 -> #REF! | D12: ='КвГ FIT18'!#REF!+25 -> #REF! | E12: ='КвГ FIT18'!B12+25 -> #REF! | F12: ='КвГ FIT18'!C12+25 -> #REF! | G12: ='КвГ FIT18'!D12+25 -> #REF! | H12: ='КвГ FIT18'!E12+25 -> #REF! | I12: ='КвГ FIT18'!F12+25 -> #REF!
A13: 2 | B13: ='КвГ FIT18'!#REF!+25 -> #REF! | C13: ='КвГ FIT18'!#REF!+25 -> #REF! | D13: ='КвГ FIT18'!#REF!+25 -> #REF! | E13: ='КвГ FIT18'!B13+25 -> #REF! | F13: ='КвГ FIT18'!C13+25 -> #REF! | G13: ='КвГ FIT18'!D13+25 -> #REF! | H13: ='КвГ FIT18'!E13+25 -> #REF! | I13: ='КвГ FIT18'!F13+25 -> #REF!
A14: Представительский Люкс - с двуспальной кроватью
A15: 1 | B15: ='КвГ FIT18'!#REF!+25 -> #REF! | C15: ='КвГ FIT18'!#REF!+25 -> #REF! | D15: ='КвГ FIT18'!#REF!+25 -> #REF! | E15: ='КвГ FIT18'!B15+25 -> #REF! | F15: ='КвГ FIT18'!C15+25 -> #REF! | G15: ='КвГ FIT18'!D15+25 -> #REF! | H15: ='КвГ FIT18'!E15+25 -> #REF! | I15: ='КвГ FIT18'!F15+25 -> #REF!
A16: 2 | B16: ='КвГ FIT18'!#REF!+25 -> #REF! | C16: ='КвГ FIT18'!#REF!+25 -> #REF! | D16: ='КвГ FIT18'!#REF!+25 -> #REF! | E16: ='КвГ FIT18'!B16+25 -> #REF! | F16: ='КвГ FIT18'!C16+25 -> #REF! | G16: ='КвГ FIT18'!D16+25 -> #REF! | H16: ='КвГ FIT18'!E16+25 -> #REF! | I16: ='КвГ FIT18'!F16+25 -> #REF!
A17: Пентхаус, 2-этажный, с террасой - с 2 спальнями
A18: от 1 до 4 | B18: ='КвГ FIT18'!#REF!+25 -> #REF! | C18: ='КвГ FIT18'!#REF!+25 -> #REF! | D18: ='КвГ FIT18'!#REF!+25 -> #REF! | E18: ='КвГ FIT18'!B18+25 -> #REF! | F18: ='КвГ FIT18'!C18+25 -> #REF! | G18: ='КвГ FIT18'!D18+25 -> #REF! | H18: ='КвГ FIT18'!E18+25 -> #REF! | I18: ='КвГ FIT18'!F18+25 -> #REF!
A19: Люкс Красная Поляна, 2-этажный, с террасой - с 3 спальнями
A20: от 1 до 6 | B20: ='КвГ FIT18'!#REF!+25 -> #REF! | C20: ='КвГ FIT18'!#REF!+25 -> #REF! | D20: ='КвГ FIT18'!#REF!+25 -> #REF! | E20: ='КвГ FIT18'!B20+25 -> #REF! | F20: ='КвГ FIT18'!C20+25 -> #REF! | G20: ='КвГ FIT18'!D20+25 -> #REF! | H20: ='КвГ FIT18'!E20+25 -> #REF! | I20: ='КвГ FIT18'!F20+25 -> #REF!
A21: ВАЖНО:
A22: Бесплатное размещение 2-х детей до 11 лет вкл-но. Бесплатно предоставляются завтраки для 2-х детей и одно дополнительное место. Второй ребенок размещается на основных спальных местах. Дополнительно ЕДИНОРАЗОВО в стоимость заявки добавляется стоимость купонной книги для каждого взрослого: 15.03.2026 - 31.05.2026 включительно - 2500 руб/взр. При размещении дополнительных гостей, также ЕДИНОРАЗОВО добавляется стоимость купонной книги для каждого взрослого: 15.03.2026 - 31.05.2026 включительно - 2500 руб/взр.
A23: Даты тарифа:
A24: Период продажи: 20.02.2026 - 30.05.2026 Период проживания: 15.03.2026 - 31.05.2026
A25: В стоимость включено:
A26: Проживание в номере выбранной категории; Завтрак "Шведский стол" в ресторане "Прагер"; Шоколадный час ежедневно с 17.00 до 17.45; Посещение SPA комплекса отеля; Бесплатный Wi-Fi на территории всего отеля; Комната для хранения горнолыжного оборудования; Услуги бизнес-центра (персональный компьютер, принтер, Интернет); Услуги консьержа, в том числе мобильный консьерж-сервис; Доставка багажа в номер / из номера; Услуги парковки автомобиля (крытая парковка). Бесплатное размещение 2-х детей до 11 лет вкл-но. Бесплатно предоставляются завтраки для 2-х детей и одно дополнительное место.Второй ребенок размещается на основных спальных местах.
A27: По купонной книге в предложение "Каникулы в горях.Весна" входят бесплатно:
A28: 1. Прогулочные билеты "Панорама Красной Поляны" (для всех гостей, проживающих в номере); 2. Посещение Хаски центра (для всех гостей, проживающих в номере); 3. Посещение мини-зоопарка «Капибара и друзья» (для всех гостей, проживающих в номере); 4. Один маршрут веревочного парка (для всех гостей, проживающих в номере), услуга доступна при проживании с 01.05.2026; 5. Скидка 20% на занятие с инструктором в школе катания "Три вершины"; 6. Скидка 30% на прокат горнолыжного оборудования. Действует в пунктах проката на уровнях 540 и 960; 7. Спецтариф: Ферма северных оленей + Дача Альпача Прогулка по парку «Лес чудес», знакомство с оленями и альпаками. Входной билет — 800 ₽. Дети до 4 лет — бесплатно.; 8. Скидка 30% на аренду роликов или скейтборда в школе катания «Три вершины» Скидка 30% на 1 час проката для всех проживающих в номере в подарок (С даты открытия школы, ориентировочно с середины апреля) 9. Стикерпак в подарок (1 стикер на номер).
A29: Условия аннуляции:
A30: В случае отмены или изменения бронирования после 00:00 часов дня заезда удерживается стоимость первых суток.
A31: Дополнительная информация:
A32: Услуги и бонусы предложения действуют только в период проживания и предоставляются однократно, согласно условиям в купонной книге. Купонная книга выдается при заселении из расчета: 1 номер = 1 книга. Предложение ограничено и не комбинируется с другими действующими акциями отеля. НАО «Красная поляна» оставляет за собой право изменять услуги в составе пакета. Предоставление услуг может зависеть от погодных условий и графика работы канатных дорог.
... A34: Ежегодные регламентные работы на канатных дорогах курорта Красная Поляна пройдут с 16 марта по 24 июня 2026 года. С 10 по 31 мая будут закрыты канатные дороги Центрального сектора: («Красная Поляна» 540-960 м, «Реликтовый лес» 960-1460 м, «Вершина» 1460-2200 м, «Аибга» 2200-2050 м, «Черная Пирамида» 2050-2300 м). На время регламентных работ между уровнями 540-960 м будут курсировать шаттлы курорта. С 16 марта по 24 апреля будет закрыта канатная дорога Восточного сектора К‑13 «Водопад Поликаря. С 1 апреля по 24 апреля будут закрыты канатные дороги К‑10 «Восточный лес» и К‑12 «Старт чемпиона». К‑8 «Снежная звезда»: закрыта с 1 по 24 июня.

Sheet ТЧК FIT18+25
A1: Мовенпик Красная Поляна 5*
A2: ТОЧКА ПРИТЯЖЕНИЯ
A3: Нетто тарифы
A4: завтраки формата "Шведский стол" | B4: 46215 | C4: 46216 | D4: 46217 | E4: 46218 | F4: 46219 | G4: 46220 | H4: 46221 | I4: 46222 | J4: 46223 | K4: 46224 | L4: 46225 | M4: 46226 | N4: 46227 | O4: 46228 | P4: 46229 | Q4: 46230 | R4: 46231 | S4: 46232 | T4: 46233 | U4: 46234 | V4: 46235 | W4: 46236 | X4: 46237 | Y4: 46238 | Z4: 46239 | AA4: 46240 | AB4: 46241 | AC4: 46242 | AD4: 46243 | AE4: 46244 | AF4: 46245 | AG4: 46246 | AH4: 46247 | AI4: 46248 | AJ4: 46249 | AK4: 46250 | AL4: 46251 | AM4: 46252 | AN4: 46253 | AO4: 46254 | AP4: 46255 | AQ4: 46256 | AR4: 46257 | AS4: 46258 | AT4: 46259 | AU4: 46260 | AV4: 46261 | AW4: 46262 | AX4: 46263 | AY4: 46264 | AZ4: 46265
A5: Улучшенный номер - с двуспальной кроватью Улучшенный номер с 2 односпальными кроватями Улучшенный номер, для маломобильных - с двуспальной кроватью
A6: 1 | B6: ='ТЧК FIT18'!B6+25 -> #REF! | C6: ='ТЧК FIT18'!C6+25 -> #REF! | D6: ='ТЧК FIT18'!D6+25 -> #REF! | E6: ='ТЧК FIT18'!E6+25 -> #REF! | F6: ='ТЧК FIT18'!F6+25 -> #REF! | G6: ='ТЧК FIT18'!G6+25 -> #REF! | H6: ='ТЧК FIT18'!H6+25 -> #REF! | I6: ='ТЧК FIT18'!I6+25 -> #REF! | ... AZ6: ='ТЧК FIT18'!AZ6+25 -> #REF!
A7: 2 | B7: ='ТЧК FIT18'!B7+25 -> #REF! | C7: ='ТЧК FIT18'!C7+25 -> #REF! | D7: ='ТЧК FIT18'!D7+25 -> #REF! | E7: ='ТЧК FIT18'!E7+25 -> #REF! | F7: ='ТЧК FIT18'!F7+25 -> #REF! | G7: ='ТЧК FIT18'!G7+25 -> #REF! | H7: ='ТЧК FIT18'!H7+25 -> #REF! | I7: ='ТЧК FIT18'!I7+25 -> #REF! | ... AZ7: ='ТЧК FIT18'!AZ7+25 -> #REF!
A8: Улучшенный номер, вид на горы - с двуспальной кроватью Улучшенный номер, вид на горы с 2 односпальными кроватями
A9: 1 | B9: ='ТЧК FIT18'!B9+25 -> #REF! | C9: ='ТЧК FIT18'!C9+25 -> #REF! | D9: ='ТЧК FIT18'!D9+25 -> #REF! | E9: ='ТЧК FIT18'!E9+25 -> #REF! | F9: ='ТЧК FIT18'!F9+25 -> #REF! | G9: ='ТЧК FIT18'!G9+25 -> #REF! | H9: ='ТЧК FIT18'!H9+25 -> #REF! | I9: ='ТЧК FIT18'!I9+25 -> #REF! | ... AZ9: ='ТЧК FIT18'!AZ9+25 -> #REF!
A10: 2 | B10: ='ТЧК FIT18'!B10+25 -> #REF! | C10: ='ТЧК FIT18'!C10+25 -> #REF! | D10: ='ТЧК FIT18'!D10+25 -> #REF! | E10: ='ТЧК FIT18'!E10+25 -> #REF! | F10: ='ТЧК FIT18'!F10+25 -> #REF! | G10: ='ТЧК FIT18'!G10+25 -> #REF! | H10: ='ТЧК FIT18'!H10+25 -> #REF! | I10: ='ТЧК FIT18'!I10+25 -> #REF! | ... AZ10: ='ТЧК FIT18'!AZ10+25 -> #REF!
A11: Номер Люкс - с двуспальной кроватью
A12: 1 | B12: ='ТЧК FIT18'!B12+25 -> #REF! | C12: ='ТЧК FIT18'!C12+25 -> #REF! | D12: ='ТЧК FIT18'!D12+25 -> #REF! | E12: ='ТЧК FIT18'!E12+25 -> #REF! | F12: ='ТЧК FIT18'!F12+25 -> #REF! | G12: ='ТЧК FIT18'!G12+25 -> #REF! | H12: ='ТЧК FIT18'!H12+25 -> #REF! | I12: ='ТЧК FIT18'!I12+25 -> #REF! | ... AZ12: ='ТЧК FIT18'!AZ12+25 -> #REF!
A13: 2 | B13: ='ТЧК FIT18'!B13+25 -> #REF! | C13: ='ТЧК FIT18'!C13+25 -> #REF! | D13: ='ТЧК FIT18'!D13+25 -> #REF! | E13: ='ТЧК FIT18'!E13+25 -> #REF! | F13: ='ТЧК FIT18'!F13+25 -> #REF! | G13: ='ТЧК FIT18'!G13+25 -> #REF! | H13: ='ТЧК FIT18'!H13+25 -> #REF! | I13: ='ТЧК FIT18'!I13+25 -> #REF! | ... AZ13: ='ТЧК FIT18'!AZ13+25 -> #REF!
A14: Представительский Люкс - с двуспальной кроватью
A15: 1 | B15: ='ТЧК FIT18'!B15+25 -> #REF! | C15: ='ТЧК FIT18'!C15+25 -> #REF! | D15: ='ТЧК FIT18'!D15+25 -> #REF! | E15: ='ТЧК FIT18'!E15+25 -> #REF! | F15: ='ТЧК FIT18'!F15+25 -> #REF! | G15: ='ТЧК FIT18'!G15+25 -> #REF! | H15: ='ТЧК FIT18'!H15+25 -> #REF! | I15: ='ТЧК FIT18'!I15+25 -> #REF! | ... AZ15: ='ТЧК FIT18'!AZ15+25 -> #REF!
A16: 2 | B16: ='ТЧК FIT18'!B16+25 -> #REF! | C16: ='ТЧК FIT18'!C16+25 -> #REF! | D16: ='ТЧК FIT18'!D16+25 -> #REF! | E16: ='ТЧК FIT18'!E16+25 -> #REF! | F16: ='ТЧК FIT18'!F16+25 -> #REF! | G16: ='ТЧК FIT18'!G16+25 -> #REF! | H16: ='ТЧК FIT18'!H16+25 -> #REF! | I16: ='ТЧК FIT18'!I16+25 -> #REF! | ... AZ16: ='ТЧК FIT18'!AZ16+25 -> #REF!
A17: Пентхаус, 2-этажный, с террасой - с 2 спальнями
A18: от 1 до 4 | B18: ='ТЧК FIT18'!B18+25 -> #REF! | C18: ='ТЧК FIT18'!C18+25 -> #REF! | D18: ='ТЧК FIT18'!D18+25 -> #REF! | E18: ='ТЧК FIT18'!E18+25 -> #REF! | F18: ='ТЧК FIT18'!F18+25 -> #REF! | G18: ='ТЧК FIT18'!G18+25 -> #REF! | H18: ='ТЧК FIT18'!H18+25 -> #REF! | I18: ='ТЧК FIT18'!I18+25 -> #REF! | ... AZ18: ='ТЧК FIT18'!AZ18+25 -> #REF!
A19: Люкс Красная Поляна, 2-этажный, с террасой - с 3 спальнями
A20: от 1 до 6 | B20: ='ТЧК FIT18'!B20+25 -> #REF! | C20: ='ТЧК FIT18'!C20+25 -> #REF! | D20: ='ТЧК FIT18'!D20+25 -> #REF! | E20: ='ТЧК FIT18'!E20+25 -> #REF! | F20: ='ТЧК FIT18'!F20+25 -> #REF! | G20: ='ТЧК FIT18'!G20+25 -> #REF! | H20: ='ТЧК FIT18'!H20+25 -> #REF! | I20: ='ТЧК FIT18'!I20+25 -> #REF! | ... AZ20: ='ТЧК FIT18'!AZ20+25 -> #REF!
A21: Даты тарифа (включительно):
A22: Период продажи: 17.06.2026 - 29.06.2026 Период проживания: 12.07.2026 - 31.08.2026
A23: Ограничения:
A24: Минимальный срок проживания - 2 ночи
A25: В стоимость включено:
A26: 🔸Скидка 25% на проживание в номере выбранной категории; 🔸Завтрак "Шведский стол" в ресторане "Прагер"; 🔸Шоколадный час ежедневно с 17.00 до 17.45; 🔸Посещение SPA комплекса отеля; 🔸Бесплатный Wi-Fi на территории всего отеля; 🔸Комната для хранения горнолыжного оборудования; 🔸Услуги консьержа, в том числе мобильный консьерж-сервис; 🔸Доставка багажа в номер / из номера; 🔸Услуги парковки автомобиля (крытая парковка); 🔸Прогулочный билет на все открытые канатные дороги для всех гостей в бронировании (предоставляется один раз во время проживания). 🔸Скидка 15% на меню в ресторане (-ах) отеля (на весь чек, на все время проживания)
A27: Условия аннуляции:
A28: В случае отмены или изменения бронирования после 00:00 часов дня заезда удерживается стоимость первых суток.

Sheet 3=4 FIT20
A1: Мовенпик Красная Поляна 5*
A2: Тариф "Три равно четыре!"
A3: нетто тарифы
A4: завтраки формата "Шведский стол" | B4: 46176 | C4: 46177
A5: Улучшенный номер - с двуспальной кроватью Улучшенный номер с 2 односпальными кроватями Улучшенный номер, для маломобильных - с двуспальной кроватью
A6: 1 | B6: ='3=4'!B6*0.85 -> #REF! | C6: ='3=4'!C6*0.85 -> #REF!
A7: 2 | B7: ='3=4'!B7*0.85 -> #REF! | C7: ='3=4'!C7*0.85 -> #REF!
A8: Улучшенный номер, вид на горы - с двуспальной кроватью Улучшенный номер, вид на горы с 2 односпальными кроватями
A9: 1 | B9: ='3=4'!B9*0.85 -> #REF! | C9: ='3=4'!C9*0.85 -> #REF!
A10: 2 | B10: ='3=4'!B10*0.85 -> #REF! | C10: ='3=4'!C10*0.85 -> #REF!
A11: Номер Люкс - с двуспальной кроватью
A12: 1 | B12: ='3=4'!B12*0.85 -> #REF! | C12: ='3=4'!C12*0.85 -> #REF!
A13: 2 | B13: ='3=4'!B13*0.85 -> #REF! | C13: ='3=4'!C13*0.85 -> #REF!
A14: Представительский Люкс - с двуспальной кроватью
A15: 1 | B15: ='3=4'!B15*0.85 -> #REF! | C15: ='3=4'!C15*0.85 -> #REF!
A16: 2 | B16: ='3=4'!B16*0.85 -> #REF! | C16: ='3=4'!C16*0.85 -> #REF!
A17: Пентхаус, 2-этажный, с террасой - с 2 спальнями
A18: от 1 до 4 | B18: ='3=4'!B18*0.85 -> #REF! | C18: ='3=4'!C18*0.85 -> #REF!
A19: Люкс Красная Поляна, 2-этажный, с террасой - с 3 спальнями
A20: от 1 до 6 | B20: ='3=4'!B20*0.85 -> #REF! | C20: ='3=4'!C20*0.85 -> #REF!
A21: Даты тарифа (включительно):
A22: Период продажи: 06.05.2026 - 03.06.2026 Период проживания: 06.05.2026 - 04.06.2026
A23: Ограничения:
A24: 4 ночи - минимальное количество ночей проживания. Общее количество ночей проживания должно быть кратно 4 ночам.
A25: В стоимость включено:
A26: Подъем на канатной дороге с Поляны 540 на Поляну 960; Проживание в номере выбранной категории; Завтрак "Шведский стол" в ресторане "Прагер"; Шоколадный час ежедневно с 17.00 до 17.45; Посещение SPA комплекса отеля; Wi-Fi на территории всего отеля; Комната для хранения горнолыжного оборудования; Услуги бизнес-центра (персональный компьютер, принтер, Интернет); Услуги консьержа, в том числе мобильный консьерж-сервис; Доставка багажа в номер / из номера; Услуги парковки автомобиля (крытая парковка).
A27: Условия аннуляции:
A28: В случае отмены или изменения бронирования после 00:00 часов дня заезда удерживается стоимость первых суток.
A29: Регламентные работы:
A30: Ежегодные регламентные работы на канатных дорогах курорта Красная Поляна пройдут с 16 марта по 24 июня 2026 года. С 10 по 31 мая будут закрыты канатные дороги Центрального сектора: («Красная Поляна» 540-960 м, «Реликтовый лес» 960-1460 м, «Вершина» 1460-2200 м, «Аибга» 2200-2050 м, «Черная Пирамида» 2050-2300 м). На время регламентных работ между уровнями 540-960 м будут курсировать шаттлы курорта. С 16 марта по 24 апреля будет закрыта канатная дорога Восточного сектора К‑13 «Водопад Поликаря. С 1 апреля по 24 апреля будут закрыты канатные дороги К‑10 «Восточный лес» и К‑12 «Старт чемпиона». К‑8 «Снежная звезда»: закрыта с 1 по 24 июня.

Sheet ОиК FIT20
A1: Мовенпик Красная Поляна 5*
A2: тариф ОТДЫХАЙ И КАТАЙ
A3: нетто тарифы
A4: завтраки формата "Шведский стол" | B4: =ОиК!B4 -> 46148 | C4: =ОиК!C4 -> 46149 | D4: =ОиК!D4 -> 46150 | E4: =ОиК!E4 -> 46151
A5: Улучшенный номер - с двуспальной кроватью, с 2 односпальными кроватями
A6: 1 | B6: =ROUND(ОиК!B6*0.85,) -> #REF! | C6: =ROUND(ОиК!C6*0.85,) -> #REF! | D6: =ROUND(ОиК!D6*0.85,) -> #REF! | E6: =ROUND(ОиК!E6*0.85,) -> #REF!
A7: 2 | B7: =ROUND(ОиК!B7*0.85,) -> #REF! | C7: =ROUND(ОиК!C7*0.85,) -> #REF! | D7: =ROUND(ОиК!D7*0.85,) -> #REF! | E7: =ROUND(ОиК!E7*0.85,) -> #REF!
A8: Улучшенный номер, вид на горы - с двуспальной кроватью, с 2 односпальными кроватями
A9: 1 | B9: =ROUND(ОиК!B9*0.85,) -> #REF! | C9: =ROUND(ОиК!C9*0.85,) -> #REF! | D9: =ROUND(ОиК!D9*0.85,) -> #REF! | E9: =ROUND(ОиК!E9*0.85,) -> #REF!
A10: 2 | B10: =ROUND(ОиК!B10*0.85,) -> #REF! | C10: =ROUND(ОиК!C10*0.85,) -> #REF! | D10: =ROUND(ОиК!D10*0.85,) -> #REF! | E10: =ROUND(ОиК!E10*0.85,) -> #REF!
A11: Номер Люкс - с двуспальной кроватью
A12: 1 | B12: =ROUND(ОиК!B12*0.85,) -> #REF! | C12: =ROUND(ОиК!C12*0.85,) -> #REF! | D12: =ROUND(ОиК!D12*0.85,) -> #REF! | E12: =ROUND(ОиК!E12*0.85,) -> #REF!
A13: 2 | B13: =ROUND(ОиК!B13*0.85,) -> #REF! | C13: =ROUND(ОиК!C13*0.85,) -> #REF! | D13: =ROUND(ОиК!D13*0.85,) -> #REF! | E13: =ROUND(ОиК!E13*0.85,) -> #REF!
A14: Представительский Люкс - с двуспальной кроватью
A15: 1 | B15: =ROUND(ОиК!B15*0.85,) -> #REF! | C15: =ROUND(ОиК!C15*0.85,) -> #REF! | D15: =ROUND(ОиК!D15*0.85,) -> #REF! | E15: =ROUND(ОиК!E15*0.85,) -> #REF!
A16: 2 | B16: =ROUND(ОиК!B16*0.85,) -> #REF! | C16: =ROUND(ОиК!C16*0.85,) -> #REF! | D16: =ROUND(ОиК!D16*0.85,) -> #REF! | E16: =ROUND(ОиК!E16*0.85,) -> #REF!
A17: Пентхаус, 2-этажный, с террасой - с 2 спальнями
A18: от 1 до 4 | B18: =ROUND(ОиК!B18*0.85,) -> #REF! | C18: =ROUND(ОиК!C18*0.85,) -> #REF! | D18: =ROUND(ОиК!D18*0.85,) -> #REF! | E18: =ROUND(ОиК!E18*0.85,) -> #REF!
A19: Люкс Красная Поляна, 2-этажный, с террасой - с 3 спальнями
A20: от 1 до 6 | B20: =ROUND(ОиК!B20*0.85,) -> #REF! | C20: =ROUND(ОиК!C20*0.85,) -> #REF! | D20: =ROUND(ОиК!D20*0.85,) -> #REF! | E20: =ROUND(ОиК!E20*0.85,) -> #REF!
A21: ВАЖНО:
A22: Дополнительно на каждый день проживания в стоимость заявки добавляются ски-пассы для каждого взрослого, стоимость: 09.01.2025 - 31.03.2026 включительно - 3500 рублей. 01.04.2026 - 09.05.2026 включительно - 2000 рублей. При размещении дополнительных гостей, также на каждый день проживания добавляются в стоимость заявки ски-пассы на каждого взрослого гостя: 09.01.2025 - 31.03.2026 включительно - 3500 рублей. 01.04.2026 - 09.05.2026 включительно - 2000 рублей.
A23: В Тravelline тариф выгружается с учетом стоимости ски-пассов на каждого взрослого в заявке. В заявки, направляемые вручную по почте, дополнительно на каждый день проживания в стоимость добавляется стоимость ски-пассов для каждого взрослого самостоятельно.
A24: Выдача электронного купона производится при заселении на стойке регистрации. Получить ски-пассы можно в автоматах (пикап-поинтах) у канатных дорог. Возврат средств за неиспользованные ски-пассы не производится. Тариф включает ски-пассы только для взрослых гостей. Детские ски-пассы приобретаются в кассе курорта или на стойке «Чем заняться» за 1 рубль.
A25: Даты тарифа:
A26: Период продажи: 31.10.2025 - 09.05.2026 Период проживания: 09.01.2026 - 10.05.2026
A27: В стоимость включено:
A28: Проживание в номере выбранной категории со скидкой 10%; Ски-пасс "Дневной взрослый" со скидкой 50% на весь период проживания (от открытой стоимости krasnayapolyanaresort.ru);* Завтрак "Шведский стол" в ресторане "Прагер"; Шоколадный час ежедневно с 17.00 до 17.45; Посещение SPA комплекса отеля; Бесплатный Wi-Fi на территории всего отеля; Комната для хранения горнолыжного оборудования; Услуги бизнес-центра (персональный компьютер, принтер, Интернет); Услуги консьержа, в том числе мобильный консьерж-сервис; Доставка багажа в номер / из номера; Услуги парковки автомобиля (крытая парковка). *Количество ски-пассов равно количеству ночей проживания
A29: Дополнительно в стоимость включено с 08.04.2026:
A30: Скидка 15% на все массажи и спа-процедуры во всех СПА Курорта (Mövenpick5*, Novotel Resort&Spa 5*, Rixos 5* и Marriott 5*, с 13.04.26 в отеле Panorama by Mercure 4*); Скидка 30% на меню и напитки ресторана «Вершина» (2200 м); Скидка 25% на разовый визит в СПА Novotel Resort&Spa 5* с открытым бассейном; Аренда малого банного комплекса с 9:00 до 11:00 (не более 5 гостей) - до 5 авторских процедур в подарок «Ритуал Воздуха» или «Сила Стихий»; Разовое посещение большого банного комплекса от 4 000р./взр и детский тариф со скидкой 50% от стоимости тарифа для взрослых (Посещение не входит в стоимость, оплачивается дополнительно). Подробная информация о предоставлении услуг в Службе поддержки Курорта: тел. 8 800 550 20 20 e-mail: infocenter@kpresort.ru. Услуги предложения действуют только в период проживания и предоставляются однократно, согласно условиям в купонной книге. Купонная книга выдается при заселении из расчета: 1 номер = 1 книга. Предложение ограничено и не комбинируется с другими действующими акциями отеля. НАО «Красная поляна» оставляет за собой право изменять услуги в составе пакета. Предоставление услуг может зависеть от высокой загрузки СПА и банного комплекса.
A31: Условия аннуляции:
A32: В случае отмены или изменения бронирования после 00:00 часов дня заезда удерживается стоимость первых суток.
... A34: Ежегодные регламентные работы на канатных дорогах курорта Красная Поляна пройдут с 16 марта по 24 июня 2026 года. С 10 по 31 мая будут закрыты канатные дороги Центрального сектора: («Красная Поляна» 540-960 м, «Реликтовый лес» 960-1460 м, «Вершина» 1460-2200 м, «Аибга» 2200-2050 м, «Черная Пирамида» 2050-2300 м). На время регламентных работ между уровнями 540-960 м будут курсировать шаттлы курорта. С 16 марта по 24 апреля будет закрыта канатная дорога Восточного сектора К‑13 «Водопад Поликаря. С 1 апреля по 24 апреля будут закрыты канатные дороги К‑10 «Восточный лес» и К‑12 «Старт чемпиона». К‑8 «Снежная звезда»: закрыта с 1 по 24 июня.

Sheet КвГ FIT20
A1: Мовенпик Красная Поляна 5*
A2: тариф КАНИКУЛЫ В ГОРАХ. ВЕСНА
A3: нетто тарифы
A4: завтраки формата "Шведский стол" | B4: 46169 | C4: 46170 | D4: 46171 | E4: 46172 | F4: 46173
A5: Улучшенный номер - с двуспальной кроватью Улучшенный номер с 2 односпальными кроватями Улучшенный номер, для маломобильных - с двуспальной кроватью
A6: 1 | B6: =ROUND(КвГ!F6*0.85,) -> #REF! | C6: =ROUND(КвГ!G6*0.85,) -> #REF! | D6: =ROUND(КвГ!H6*0.85,) -> #REF! | E6: =ROUND(КвГ!I6*0.85,) -> #REF! | F6: =ROUND(КвГ!J6*0.85,) -> #REF!
A7: 2 | B7: =ROUND(КвГ!F7*0.85,) -> #REF! | C7: =ROUND(КвГ!G7*0.85,) -> #REF! | D7: =ROUND(КвГ!H7*0.85,) -> #REF! | E7: =ROUND(КвГ!I7*0.85,) -> #REF! | F7: =ROUND(КвГ!J7*0.85,) -> #REF!
A8: Улучшенный номер, вид на горы - с двуспальной кроватью Улучшенный номер, вид на горы с 2 односпальными кроватями
A9: 1 | B9: =ROUND(КвГ!F9*0.85,) -> #REF! | C9: =ROUND(КвГ!G9*0.85,) -> #REF! | D9: =ROUND(КвГ!H9*0.85,) -> #REF! | E9: =ROUND(КвГ!I9*0.85,) -> #REF! | F9: =ROUND(КвГ!J9*0.85,) -> #REF!
A10: 2 | B10: =ROUND(КвГ!F10*0.85,) -> #REF! | C10: =ROUND(КвГ!G10*0.85,) -> #REF! | D10: =ROUND(КвГ!H10*0.85,) -> #REF! | E10: =ROUND(КвГ!I10*0.85,) -> #REF! | F10: =ROUND(КвГ!J10*0.85,) -> #REF!
A11: Номер Люкс - с двуспальной кроватью
A12: 1 | B12: =ROUND(КвГ!F12*0.85,) -> #REF! | C12: =ROUND(КвГ!G12*0.85,) -> #REF! | D12: =ROUND(КвГ!H12*0.85,) -> #REF! | E12: =ROUND(КвГ!I12*0.85,) -> #REF! | F12: =ROUND(КвГ!J12*0.85,) -> #REF!
A13: 2 | B13: =ROUND(КвГ!F13*0.85,) -> #REF! | C13: =ROUND(КвГ!G13*0.85,) -> #REF! | D13: =ROUND(КвГ!H13*0.85,) -> #REF! | E13: =ROUND(КвГ!I13*0.85,) -> #REF! | F13: =ROUND(КвГ!J13*0.85,) -> #REF!
A14: Представительский Люкс - с двуспальной кроватью
A15: 1 | B15: =ROUND(КвГ!F15*0.85,) -> #REF! | C15: =ROUND(КвГ!G15*0.85,) -> #REF! | D15: =ROUND(КвГ!H15*0.85,) -> #REF! | E15: =ROUND(КвГ!I15*0.85,) -> #REF! | F15: =ROUND(КвГ!J15*0.85,) -> #REF!
A16: 2 | B16: =ROUND(КвГ!F16*0.85,) -> #REF! | C16: =ROUND(КвГ!G16*0.85,) -> #REF! | D16: =ROUND(КвГ!H16*0.85,) -> #REF! | E16: =ROUND(КвГ!I16*0.85,) -> #REF! | F16: =ROUND(КвГ!J16*0.85,) -> #REF!
A17: Пентхаус, 2-этажный, с террасой - с 2 спальнями
A18: от 1 до 4 | B18: =ROUND(КвГ!F18*0.85,) -> #REF! | C18: =ROUND(КвГ!G18*0.85,) -> #REF! | D18: =ROUND(КвГ!H18*0.85,) -> #REF! | E18: =ROUND(КвГ!I18*0.85,) -> #REF! | F18: =ROUND(КвГ!J18*0.85,) -> #REF!
A19: Люкс Красная Поляна, 2-этажный, с террасой - с 3 спальнями
A20: от 1 до 6 | B20: =ROUND(КвГ!F20*0.85,) -> #REF! | C20: =ROUND(КвГ!G20*0.85,) -> #REF! | D20: =ROUND(КвГ!H20*0.85,) -> #REF! | E20: =ROUND(КвГ!I20*0.85,) -> #REF! | F20: =ROUND(КвГ!J20*0.85,) -> #REF!
A21: ВАЖНО:
A22: Бесплатное размещение 2-х детей до 11 лет вкл-но. Бесплатно предоставляются завтраки для 2-х детей и одно дополнительное место. Второй ребенок размещается на основных спальных местах. Дополнительно ЕДИНОРАЗОВО в стоимость заявки добавляется стоимость купонной книги для каждого взрослого: 15.03.2026 - 31.05.2026 включительно - 2500 руб/взр. При размещении дополнительных гостей, также ЕДИНОРАЗОВО добавляется стоимость купонной книги для каждого взрослого: 15.03.2026 - 31.05.2026 включительно - 2500 руб/взр.
A23: Даты тарифа:
A24: Период продажи: 20.02.2026 - 30.05.2026 Период проживания: 15.03.2026 - 31.05.2026
A25: В стоимость включено:
A26: Проживание в номере выбранной категории; Завтрак "Шведский стол" в ресторане "Прагер"; Шоколадный час ежедневно с 17.00 до 17.45; Посещение SPA комплекса отеля; Бесплатный Wi-Fi на территории всего отеля; Комната для хранения горнолыжного оборудования; Услуги бизнес-центра (персональный компьютер, принтер, Интернет); Услуги консьержа, в том числе мобильный консьерж-сервис; Доставка багажа в номер / из номера; Услуги парковки автомобиля (крытая парковка). Бесплатное размещение 2-х детей до 11 лет вкл-но. Бесплатно предоставляются завтраки для 2-х детей и одно дополнительное место.Второй ребенок размещается на основных спальных местах.
A27: По купонной книге в предложение "Каникулы в горях.Весна" входят бесплатно:
A28: 1. Прогулочные билеты "Панорама Красной Поляны" (для всех гостей, проживающих в номере); 2. Посещение Хаски центра (для всех гостей, проживающих в номере); 3. Посещение мини-зоопарка «Капибара и друзья» (для всех гостей, проживающих в номере); 4. Один маршрут веревочного парка (для всех гостей, проживающих в номере), услуга доступна при проживании с 01.05.2026; 5. Скидка 20% на занятие с инструктором в школе катания "Три вершины"; 6. Скидка 30% на прокат горнолыжного оборудования. Действует в пунктах проката на уровнях 540 и 960; 7. Спецтариф: Ферма северных оленей + Дача Альпача Прогулка по парку «Лес чудес», знакомство с оленями и альпаками. Входной билет — 800 ₽. Дети до 4 лет — бесплатно.; 8. Скидка 30% на аренду роликов или скейтборда в школе катания «Три вершины» Скидка 30% на 1 час проката для всех проживающих в номере в подарок (С даты открытия школы, ориентировочно с середины апреля) 9. Стикерпак в подарок (1 стикер на номер).
A29: Условия аннуляции:
A30: В случае отмены или изменения бронирования после 00:00 часов дня заезда удерживается стоимость первых суток.
A31: Дополнительная информация:
A32: Услуги и бонусы предложения действуют только в период проживания и предоставляются однократно, согласно условиям в купонной книге. Купонная книга выдается при заселении из расчета: 1 номер = 1 книга. Предложение ограничено и не комбинируется с другими действующими акциями отеля. НАО «Красная поляна» оставляет за собой право изменять услуги в составе пакета. Предоставление услуг может зависеть от погодных условий и графика работы канатных дорог.
... A34: Ежегодные регламентные работы на канатных дорогах курорта Красная Поляна пройдут с 16 марта по 24 июня 2026 года. С 10 по 31 мая будут закрыты канатные дороги Центрального сектора: («Красная Поляна» 540-960 м, «Реликтовый лес» 960-1460 м, «Вершина» 1460-2200 м, «Аибга» 2200-2050 м, «Черная Пирамида» 2050-2300 м). На время регламентных работ между уровнями 540-960 м будут курсировать шаттлы курорта. С 16 марта по 24 апреля будет закрыта канатная дорога Восточного сектора К‑13 «Водопад Поликаря. С 1 апреля по 24 апреля будут закрыты канатные дороги К‑10 «Восточный лес» и К‑12 «Старт чемпиона». К‑8 «Снежная звезда»: закрыта с 1 по 24 июня.

Sheet ТЧК FIT20
A1: Мовенпик Красная Поляна 5*
A2: ТОЧКА ПРИТЯЖЕНИЯ
A3: Нетто тарифы
A4: завтраки формата "Шведский стол" | B4: 46215 | C4: 46216 | D4: 46217 | E4: 46218 | F4: 46219 | G4: 46220 | H4: 46221 | I4: 46222 | J4: 46223 | K4: 46224 | L4: 46225 | M4: 46226 | N4: 46227 | O4: 46228 | P4: 46229 | Q4: 46230 | R4: 46231 | S4: 46232 | T4: 46233 | U4: 46234 | V4: 46235 | W4: 46236 | X4: 46237 | Y4: 46238 | Z4: 46239 | AA4: 46240 | AB4: 46241 | AC4: 46242 | AD4: 46243 | AE4: 46244 | AF4: 46245 | AG4: 46246 | AH4: 46247 | AI4: 46248 | AJ4: 46249 | AK4: 46250 | AL4: 46251 | AM4: 46252 | AN4: 46253 | AO4: 46254 | AP4: 46255 | AQ4: 46256 | AR4: 46257 | AS4: 46258 | AT4: 46259 | AU4: 46260 | AV4: 46261 | AW4: 46262 | AX4: 46263 | AY4: 46264 | AZ4: 46265
A5: Улучшенный номер - с двуспальной кроватью Улучшенный номер с 2 односпальными кроватями Улучшенный номер, для маломобильных - с двуспальной кроватью
A6: 1 | B6: =ТЧК!B6*0.85 -> #REF! | C6: =ТЧК!C6*0.85 -> #REF! | D6: =ТЧК!D6*0.85 -> #REF! | E6: =ТЧК!E6*0.85 -> #REF! | F6: =ТЧК!F6*0.85 -> #REF! | G6: =ТЧК!G6*0.85 -> #REF! | H6: =ТЧК!H6*0.85 -> #REF! | I6: =ТЧК!I6*0.85 -> #REF! | ... AZ6: =ТЧК!AZ6*0.85 -> #REF!
A7: 2 | B7: =ТЧК!B7*0.85 -> #REF! | C7: =ТЧК!C7*0.85 -> #REF! | D7: =ТЧК!D7*0.85 -> #REF! | E7: =ТЧК!E7*0.85 -> #REF! | F7: =ТЧК!F7*0.85 -> #REF! | G7: =ТЧК!G7*0.85 -> #REF! | H7: =ТЧК!H7*0.85 -> #REF! | I7: =ТЧК!I7*0.85 -> #REF! | ... AZ7: =ТЧК!AZ7*0.85 -> #REF!
A8: Улучшенный номер, вид на горы - с двуспальной кроватью Улучшенный номер, вид на горы с 2 односпальными кроватями
A9: 1 | B9: =ТЧК!B9*0.85 -> #REF! | C9: =ТЧК!C9*0.85 -> #REF! | D9: =ТЧК!D9*0.85 -> #REF! | E9: =ТЧК!E9*0.85 -> #REF! | F9: =ТЧК!F9*0.85 -> #REF! | G9: =ТЧК!G9*0.85 -> #REF! | H9: =ТЧК!H9*0.85 -> #REF! | I9: =ТЧК!I9*0.85 -> #REF! | ... AZ9: =ТЧК!AZ9*0.85 -> #REF!
A10: 2 | B10: =ТЧК!B10*0.85 -> #REF! | C10: =ТЧК!C10*0.85 -> #REF! | D10: =ТЧК!D10*0.85 -> #REF! | E10: =ТЧК!E10*0.85 -> #REF! | F10: =ТЧК!F10*0.85 -> #REF! | G10: =ТЧК!G10*0.85 -> #REF! | H10: =ТЧК!H10*0.85 -> #REF! | I10: =ТЧК!I10*0.85 -> #REF! | ... AZ10: =ТЧК!AZ10*0.85 -> #REF!
A11: Номер Люкс - с двуспальной кроватью
A12: 1 | B12: =ТЧК!B12*0.85 -> #REF! | C12: =ТЧК!C12*0.85 -> #REF! | D12: =ТЧК!D12*0.85 -> #REF! | E12: =ТЧК!E12*0.85 -> #REF! | F12: =ТЧК!F12*0.85 -> #REF! | G12: =ТЧК!G12*0.85 -> #REF! | H12: =ТЧК!H12*0.85 -> #REF! | I12: =ТЧК!I12*0.85 -> #REF! | ... AZ12: =ТЧК!AZ12*0.85 -> #REF!
A13: 2 | B13: =ТЧК!B13*0.85 -> #REF! | C13: =ТЧК!C13*0.85 -> #REF! | D13: =ТЧК!D13*0.85 -> #REF! | E13: =ТЧК!E13*0.85 -> #REF! | F13: =ТЧК!F13*0.85 -> #REF! | G13: =ТЧК!G13*0.85 -> #REF! | H13: =ТЧК!H13*0.85 -> #REF! | I13: =ТЧК!I13*0.85 -> #REF! | ... AZ13: =ТЧК!AZ13*0.85 -> #REF!
A14: Представительский Люкс - с двуспальной кроватью
A15: 1 | B15: =ТЧК!B15*0.85 -> #REF! | C15: =ТЧК!C15*0.85 -> #REF! | D15: =ТЧК!D15*0.85 -> #REF! | E15: =ТЧК!E15*0.85 -> #REF! | F15: =ТЧК!F15*0.85 -> #REF! | G15: =ТЧК!G15*0.85 -> #REF! | H15: =ТЧК!H15*0.85 -> #REF! | I15: =ТЧК!I15*0.85 -> #REF! | ... AZ15: =ТЧК!AZ15*0.85 -> #REF!
A16: 2 | B16: =ТЧК!B16*0.85 -> #REF! | C16: =ТЧК!C16*0.85 -> #REF! | D16: =ТЧК!D16*0.85 -> #REF! | E16: =ТЧК!E16*0.85 -> #REF! | F16: =ТЧК!F16*0.85 -> #REF! | G16: =ТЧК!G16*0.85 -> #REF! | H16: =ТЧК!H16*0.85 -> #REF! | I16: =ТЧК!I16*0.85 -> #REF! | ... AZ16: =ТЧК!AZ16*0.85 -> #REF!
A17: Пентхаус, 2-этажный, с террасой - с 2 спальнями
A18: от 1 до 4 | B18: =ТЧК!B18*0.85 -> #REF! | C18: =ТЧК!C18*0.85 -> #REF! | D18: =ТЧК!D18*0.85 -> #REF! | E18: =ТЧК!E18*0.85 -> #REF! | F18: =ТЧК!F18*0.85 -> #REF! | G18: =ТЧК!G18*0.85 -> #REF! | H18: =ТЧК!H18*0.85 -> #REF! | I18: =ТЧК!I18*0.85 -> #REF! | ... AZ18: =ТЧК!AZ18*0.85 -> #REF!
A19: Люкс Красная Поляна, 2-этажный, с террасой - с 3 спальнями
A20: от 1 до 6 | B20: =ТЧК!B20*0.85 -> #REF! | C20: =ТЧК!C20*0.85 -> #REF! | D20: =ТЧК!D20*0.85 -> #REF! | E20: =ТЧК!E20*0.85 -> #REF! | F20: =ТЧК!F20*0.85 -> #REF! | G20: =ТЧК!G20*0.85 -> #REF! | H20: =ТЧК!H20*0.85 -> #REF! | I20: =ТЧК!I20*0.85 -> #REF! | ... AZ20: =ТЧК!AZ20*0.85 -> #REF!
A21: Даты тарифа (включительно):
A22: Период продажи: 17.06.2026 - 29.06.2026 Период проживания: 12.07.2026 - 31.08.2026
A23: Ограничения:
A24: Минимальный срок проживания - 2 ночи
A25: В стоимость включено:
A26: 🔸Скидка 25% на проживание в номере выбранной категории; 🔸Завтрак "Шведский стол" в ресторане "Прагер"; 🔸Шоколадный час ежедневно с 17.00 до 17.45; 🔸Посещение SPA комплекса отеля; 🔸Бесплатный Wi-Fi на территории всего отеля; 🔸Комната для хранения горнолыжного оборудования; 🔸Услуги консьержа, в том числе мобильный консьерж-сервис; 🔸Доставка багажа в номер / из номера; 🔸Услуги парковки автомобиля (крытая парковка); 🔸Прогулочный билет на все открытые канатные дороги для всех гостей в бронировании (предоставляется один раз во время проживания). 🔸Скидка 15% на меню в ресторане (-ах) отеля (на весь чек, на все время проживания)
A27: Условия аннуляции:
A28: В случае отмены или изменения бронирования после 00:00 часов дня заезда удерживается стоимость первых суток.

Sheet AVIA25
A1: Мовенпик Красная Поляна 5*
A2: Тариф АВИА
A3: нетто тарифы
A4: завтраки формата "Шведский стол" | B4: 46225 | C4: 46226 | D4: 46227 | E4: 46228 | F4: 46229 | G4: 46230 | H4: 46231 | I4: 46232 | J4: 46233 | K4: 46234 | L4: 46235 | M4: 46236 | N4: 46237 | O4: 46238 | P4: 46239 | Q4: 46240 | R4: 46241 | S4: 46242 | T4: 46243 | U4: 46244 | V4: 46245 | W4: 46246 | X4: 46247 | Y4: 46248 | Z4: 46249 | AA4: 46250 | AB4: 46251 | AC4: 46252 | AD4: 46253 | AE4: 46254 | AF4: 46255 | AG4: 46256 | AH4: 46257 | AI4: 46258 | AJ4: 46259 | AK4: 46260 | AL4: 46261 | AM4: 46262 | AN4: 46263 | AO4: 46264 | AP4: 46265 | AQ4: 46266 | AR4: 46267 | AS4: 46268 | AT4: 46269 | AU4: 46270 | AV4: 46271 | AW4: 46272 | AX4: 46273 | AY4: 46274 | AZ4: 46275 | BA4: 46276 | BB4: 46277 | BC4: 46278 | BD4: 46279 | BE4: 46280 | BF4: 46281 | BG4: 46282 | BH4: 46283 | BI4: 46284 | BJ4: 46285 | BK4: 46286 | BL4: 46287 | BM4: 46288 | BN4: 46289 | BO4: 46290 | BP4: 46291 | BQ4: 46292 | BR4: 46293 | BS4: 46294 | BT4: 46295
A5: Улучшенный номер - с двуспальной кроватью Улучшенный номер с 2 односпальными кроватями Улучшенный номер, для маломобильных - с двуспальной кроватью
A6: 1 | B6: =BAR!#REF!*0.75 -> #REF! | C6: =BAR!#REF!*0.75 -> #REF! | D6: =BAR!#REF!*0.75 -> #REF! | E6: =BAR!#REF!*0.75 -> #REF! | F6: =BAR!#REF!*0.75 -> #REF! | G6: =BAR!#REF!*0.75 -> #REF! | H6: =BAR!#REF!*0.75 -> #REF! | I6: =BAR!#REF!*0.75 -> #REF! | ... BG6: =BAR!#REF!*0.75 -> #REF! | BH6: =BAR!B6*0.75 -> 9900 | BI6: =BAR!C6*0.75 -> 9900 | BJ6: =BAR!D6*0.75 -> 9525 | BK6: =BAR!E6*0.75 -> 9525 | BL6: =BAR!F6*0.75 -> 9525 | BM6: =BAR!G6*0.75 -> 9525 | BN6: =BAR!H6*0.75 -> 9525 | BO6: =BAR!I6*0.75 -> 9525 | ... BT6: =BAR!N6*0.75 -> 9525
A7: 2 | B7: =BAR!#REF!*0.75 -> #REF! | C7: =BAR!#REF!*0.75 -> #REF! | D7: =BAR!#REF!*0.75 -> #REF! | E7: =BAR!#REF!*0.75 -> #REF! | F7: =BAR!#REF!*0.75 -> #REF! | G7: =BAR!#REF!*0.75 -> #REF! | H7: =BAR!#REF!*0.75 -> #REF! | I7: =BAR!#REF!*0.75 -> #REF! | ... BG7: =BAR!#REF!*0.75 -> #REF! | BH7: =BAR!B7*0.75 -> 11550 | BI7: =BAR!C7*0.75 -> 11550 | BJ7: =BAR!D7*0.75 -> 11175 | BK7: =BAR!E7*0.75 -> 11175 | BL7: =BAR!F7*0.75 -> 11175 | BM7: =BAR!G7*0.75 -> 11175 | BN7: =BAR!H7*0.75 -> 11175 | BO7: =BAR!I7*0.75 -> 11175 | ... BT7: =BAR!N7*0.75 -> 11175
A8: Улучшенный номер, вид на горы - с двуспальной кроватью Улучшенный номер, вид на горы с 2 односпальными кроватями
A9: 1 | B9: =BAR!#REF!*0.75 -> #REF! | C9: =BAR!#REF!*0.75 -> #REF! | D9: =BAR!#REF!*0.75 -> #REF! | E9: =BAR!#REF!*0.75 -> #REF! | F9: =BAR!#REF!*0.75 -> #REF! | G9: =BAR!#REF!*0.75 -> #REF! | H9: =BAR!#REF!*0.75 -> #REF! | I9: =BAR!#REF!*0.75 -> #REF! | ... BG9: =BAR!#REF!*0.75 -> #REF! | BH9: =BAR!B9*0.75 -> 12150 | BI9: =BAR!C9*0.75 -> 12150 | BJ9: =BAR!D9*0.75 -> 11775 | BK9: =BAR!E9*0.75 -> 11775 | BL9: =BAR!F9*0.75 -> 11775 | BM9: =BAR!G9*0.75 -> 11775 | BN9: =BAR!H9*0.75 -> 11775 | BO9: =BAR!I9*0.75 -> 11775 | ... BT9: =BAR!N9*0.75 -> 11775
A10: 2 | B10: =BAR!#REF!*0.75 -> #REF! | C10: =BAR!#REF!*0.75 -> #REF! | D10: =BAR!#REF!*0.75 -> #REF! | E10: =BAR!#REF!*0.75 -> #REF! | F10: =BAR!#REF!*0.75 -> #REF! | G10: =BAR!#REF!*0.75 -> #REF! | H10: =BAR!#REF!*0.75 -> #REF! | I10: =BAR!#REF!*0.75 -> #REF! | ... BG10: =BAR!#REF!*0.75 -> #REF! | BH10: =BAR!B10*0.75 -> 13800 | BI10: =BAR!C10*0.75 -> 13800 | BJ10: =BAR!D10*0.75 -> 13425 | BK10: =BAR!E10*0.75 -> 13425 | BL10: =BAR!F10*0.75 -> 13425 | BM10: =BAR!G10*0.75 -> 13425 | BN10: =BAR!H10*0.75 -> 13425 | BO10: =BAR!I10*0.75 -> 13425 | ... BT10: =BAR!N10*0.75 -> 13425
A11: Номер Люкс - с двуспальной кроватью
A12: 1 | B12: =BAR!#REF!*0.75 -> #REF! | C12: =BAR!#REF!*0.75 -> #REF! | D12: =BAR!#REF!*0.75 -> #REF! | E12: =BAR!#REF!*0.75 -> #REF! | F12: =BAR!#REF!*0.75 -> #REF! | G12: =BAR!#REF!*0.75 -> #REF! | H12: =BAR!#REF!*0.75 -> #REF! | I12: =BAR!#REF!*0.75 -> #REF! | ... BG12: =BAR!#REF!*0.75 -> #REF! | BH12: =BAR!B12*0.75 -> 16650 | BI12: =BAR!C12*0.75 -> 16650 | BJ12: =BAR!D12*0.75 -> 16275 | BK12: =BAR!E12*0.75 -> 16275 | BL12: =BAR!F12*0.75 -> 16275 | BM12: =BAR!G12*0.75 -> 16275 | BN12: =BAR!H12*0.75 -> 16275 | BO12: =BAR!I12*0.75 -> 16275 | ... BT12: =BAR!N12*0.75 -> 16275
A13: 2 | B13: =BAR!#REF!*0.75 -> #REF! | C13: =BAR!#REF!*0.75 -> #REF! | D13: =BAR!#REF!*0.75 -> #REF! | E13: =BAR!#REF!*0.75 -> #REF! | F13: =BAR!#REF!*0.75 -> #REF! | G13: =BAR!#REF!*0.75 -> #REF! | H13: =BAR!#REF!*0.75 -> #REF! | I13: =BAR!#REF!*0.75 -> #REF! | ... BG13: =BAR!#REF!*0.75 -> #REF! | BH13: =BAR!B13*0.75 -> 18300 | BI13: =BAR!C13*0.75 -> 18300 | BJ13: =BAR!D13*0.75 -> 17925 | BK13: =BAR!E13*0.75 -> 17925 | BL13: =BAR!F13*0.75 -> 17925 | BM13: =BAR!G13*0.75 -> 17925 | BN13: =BAR!H13*0.75 -> 17925 | BO13: =BAR!I13*0.75 -> 17925 | ... BT13: =BAR!N13*0.75 -> 17925
A14: Представительский Люкс - с двуспальной кроватью
A15: 1 | B15: =BAR!#REF!*0.75 -> #REF! | C15: =BAR!#REF!*0.75 -> #REF! | D15: =BAR!#REF!*0.75 -> #REF! | E15: =BAR!#REF!*0.75 -> #REF! | F15: =BAR!#REF!*0.75 -> #REF! | G15: =BAR!#REF!*0.75 -> #REF! | H15: =BAR!#REF!*0.75 -> #REF! | I15: =BAR!#REF!*0.75 -> #REF! | ... BG15: =BAR!#REF!*0.75 -> #REF! | BH15: =BAR!B15*0.75 -> 18900 | BI15: =BAR!C15*0.75 -> 18900 | BJ15: =BAR!D15*0.75 -> 18525 | BK15: =BAR!E15*0.75 -> 18525 | BL15: =BAR!F15*0.75 -> 18525 | BM15: =BAR!G15*0.75 -> 18525 | BN15: =BAR!H15*0.75 -> 18525 | BO15: =BAR!I15*0.75 -> 18525 | ... BT15: =BAR!N15*0.75 -> 18525
A16: 2 | B16: =BAR!#REF!*0.75 -> #REF! | C16: =BAR!#REF!*0.75 -> #REF! | D16: =BAR!#REF!*0.75 -> #REF! | E16: =BAR!#REF!*0.75 -> #REF! | F16: =BAR!#REF!*0.75 -> #REF! | G16: =BAR!#REF!*0.75 -> #REF! | H16: =BAR!#REF!*0.75 -> #REF! | I16: =BAR!#REF!*0.75 -> #REF! | ... BG16: =BAR!#REF!*0.75 -> #REF! | BH16: =BAR!B16*0.75 -> 20550 | BI16: =BAR!C16*0.75 -> 20550 | BJ16: =BAR!D16*0.75 -> 20175 | BK16: =BAR!E16*0.75 -> 20175 | BL16: =BAR!F16*0.75 -> 20175 | BM16: =BAR!G16*0.75 -> 20175 | BN16: =BAR!H16*0.75 -> 20175 | BO16: =BAR!I16*0.75 -> 20175 | ... BT16: =BAR!N16*0.75 -> 20175
A17: Пентхаус, 2-этажный, с террасой - с 2 спальнями
A18: от 1 до 4 | B18: =BAR!#REF!*0.75 -> #REF! | C18: =BAR!#REF!*0.75 -> #REF! | D18: =BAR!#REF!*0.75 -> #REF! | E18: =BAR!#REF!*0.75 -> #REF! | F18: =BAR!#REF!*0.75 -> #REF! | G18: =BAR!#REF!*0.75 -> #REF! | H18: =BAR!#REF!*0.75 -> #REF! | I18: =BAR!#REF!*0.75 -> #REF! | ... BG18: =BAR!#REF!*0.75 -> #REF! | BH18: =BAR!B18*0.75 -> 36150 | BI18: =BAR!C18*0.75 -> 36150 | BJ18: =BAR!D18*0.75 -> 35775 | BK18: =BAR!E18*0.75 -> 35775 | BL18: =BAR!F18*0.75 -> 35775 | BM18: =BAR!G18*0.75 -> 35775 | BN18: =BAR!H18*0.75 -> 35775 | BO18: =BAR!I18*0.75 -> 35775 | ... BT18: =BAR!N18*0.75 -> 35775
A19: Люкс Красная Поляна, 2-этажный, с террасой - с 3 спальнями
A20: от 1 до 6 | B20: =BAR!#REF!*0.75 -> #REF! | C20: =BAR!#REF!*0.75 -> #REF! | D20: =BAR!#REF!*0.75 -> #REF! | E20: =BAR!#REF!*0.75 -> #REF! | F20: =BAR!#REF!*0.75 -> #REF! | G20: =BAR!#REF!*0.75 -> #REF! | H20: =BAR!#REF!*0.75 -> #REF! | I20: =BAR!#REF!*0.75 -> #REF! | ... BG20: =BAR!#REF!*0.75 -> #REF! | BH20: =BAR!B20*0.75 -> 51150 | BI20: =BAR!C20*0.75 -> 51150 | BJ20: =BAR!D20*0.75 -> 50775 | BK20: =BAR!E20*0.75 -> 50775 | BL20: =BAR!F20*0.75 -> 50775 | BM20: =BAR!G20*0.75 -> 50775 | BN20: =BAR!H20*0.75 -> 50775 | BO20: =BAR!I20*0.75 -> 50775 | ... BT20: =BAR!N20*0.75 -> 50775
A21: Закрытые даты (включительно):
A22: 15.07.2026 - 30.11.2026
A23: Доп.инфо:
A24: 📌Дополнительное место с завтраком: 01.04.26 - 28.12.26 взр 3700 руб/сут, реб 2600 руб/сут 29.12.26 - 08.01.27 взр 4500 руб/сут, реб 3000 руб/сут 09.01.27 - 31.03.27 взр 4300 руб/сут, реб 2900 руб/сут 📌Дополнительное место без завтрака: 01.04.26 - 28.12.26 взр 1500 руб/сут, реб 1500 руб/сут 29.12.26 - 08.01.27 взр 1550 руб/сут, реб 1550 руб/сут 09.01.27 - 31.03.27 взр 1550 руб/сут, реб 1550 руб/сут 📌Завтраки: 01.04.26 - 28.12.26 взр 2200 руб/сут, реб 1100 руб/сут 29.12.26 - 08.01.27 взр 2950 руб/сут, реб 1450 руб/сут 09.01.27 - 31.03.27 взр 2750 руб/сут, реб 1350 руб/сут 📌Доплата за размещение с животными (до 15 кг и 45 см в холке) – 5000 рублей/единоразово при заселении. Допустимо проживание не более 1-го животного в номере. Обязателен вет.паспорт животного. 📌Услуга "Ранний заезд или Поздний выезд" предоставляется при 100% гарантиии доп. суток размещения по возможности отеля. Негарантированный РЗ/ПВ оформляется в отеле и предоставляется по возможности отеля. Время негарантированных услуг: РЗ с 00:00 до 02:59 - 100%, с 03:00 до 15:00 - 50%; ПВ с 12:00 до 18:00 - 50%, после 18:00 - 100%.
A25: Важно:
A26: тариф "Авиа" действует только на проживание с перелетом.
A27: Даты тарифа:
A28: Период продажи: 10.04.2026 - 30.09.2026 вкл-но Период проживания:10.04.2026 - 30.09.2026 вкл-но
A29: В стоимость включено:
A30: Подъем на канатной дороге с Поляны 540 на Поляну 960; Проживание в номере выбранной категории; Завтрак "Шведский стол" в ресторане "Прагер"; Шоколадный час ежедневно с 17.00 до 17.45; Посещение SPA комплекса отеля; Wi-Fi на территории всего отеля; Комната для хранения горнолыжного оборудования; Услуги бизнес-центра (персональный компьютер, принтер, Интернет); Услуги консьержа, в том числе мобильный консьерж-сервис; Доставка багажа в номер / из номера; Услуги парковки автомобиля (крытая парковка);
A31: Условия аннуляции:
A32: В случае отмены или изменения бронирования после 00:00 часов дня заезда удерживается стоимость первых суток.

Sheet AVIA25+25
A1: Мовенпик Красная Поляна 5*
A2: Тариф АВИА
A3: нетто тарифы
A4: завтраки формата "Шведский стол" | B4: 46225 | C4: 46226 | D4: 46227 | E4: 46228 | F4: 46229 | G4: 46230 | H4: 46231 | I4: 46232 | J4: 46233 | K4: 46234 | L4: 46235 | M4: 46236 | N4: 46237 | O4: 46238 | P4: 46239 | Q4: 46240 | R4: 46241 | S4: 46242 | T4: 46243 | U4: 46244 | V4: 46245 | W4: 46246 | X4: 46247 | Y4: 46248 | Z4: 46249 | AA4: 46250 | AB4: 46251 | AC4: 46252 | AD4: 46253 | AE4: 46254 | AF4: 46255 | AG4: 46256 | AH4: 46257 | AI4: 46258 | AJ4: 46259 | AK4: 46260 | AL4: 46261 | AM4: 46262 | AN4: 46263 | AO4: 46264 | AP4: 46265 | AQ4: 46266 | AR4: 46267 | AS4: 46268 | AT4: 46269 | AU4: 46270 | AV4: 46271 | AW4: 46272 | AX4: 46273 | AY4: 46274 | AZ4: 46275 | BA4: 46276 | BB4: 46277 | BC4: 46278 | BD4: 46279 | BE4: 46280 | BF4: 46281 | BG4: 46282 | BH4: 46283 | BI4: 46284 | BJ4: 46285 | BK4: 46286 | BL4: 46287 | BM4: 46288 | BN4: 46289 | BO4: 46290 | BP4: 46291 | BQ4: 46292 | BR4: 46293 | BS4: 46294 | BT4: 46295
A5: Улучшенный номер - с двуспальной кроватью Улучшенный номер с 2 односпальными кроватями Улучшенный номер, для маломобильных - с двуспальной кроватью
A6: 1 | B6: =AVIA25!B6+25 -> #REF! | C6: =AVIA25!C6+25 -> #REF! | D6: =AVIA25!D6+25 -> #REF! | E6: =AVIA25!E6+25 -> #REF! | F6: =AVIA25!F6+25 -> #REF! | G6: =AVIA25!G6+25 -> #REF! | H6: =AVIA25!H6+25 -> #REF! | I6: =AVIA25!I6+25 -> #REF! | ... BT6: =AVIA25!BT6+25 -> 9550
A7: 2 | B7: =AVIA25!B7+25 -> #REF! | C7: =AVIA25!C7+25 -> #REF! | D7: =AVIA25!D7+25 -> #REF! | E7: =AVIA25!E7+25 -> #REF! | F7: =AVIA25!F7+25 -> #REF! | G7: =AVIA25!G7+25 -> #REF! | H7: =AVIA25!H7+25 -> #REF! | I7: =AVIA25!I7+25 -> #REF! | ... BT7: =AVIA25!BT7+25 -> 11200
A8: Улучшенный номер, вид на горы - с двуспальной кроватью Улучшенный номер, вид на горы с 2 односпальными кроватями
A9: 1 | B9: =AVIA25!B9+25 -> #REF! | C9: =AVIA25!C9+25 -> #REF! | D9: =AVIA25!D9+25 -> #REF! | E9: =AVIA25!E9+25 -> #REF! | F9: =AVIA25!F9+25 -> #REF! | G9: =AVIA25!G9+25 -> #REF! | H9: =AVIA25!H9+25 -> #REF! | I9: =AVIA25!I9+25 -> #REF! | ... BT9: =AVIA25!BT9+25 -> 11800
A10: 2 | B10: =AVIA25!B10+25 -> #REF! | C10: =AVIA25!C10+25 -> #REF! | D10: =AVIA25!D10+25 -> #REF! | E10: =AVIA25!E10+25 -> #REF! | F10: =AVIA25!F10+25 -> #REF! | G10: =AVIA25!G10+25 -> #REF! | H10: =AVIA25!H10+25 -> #REF! | I10: =AVIA25!I10+25 -> #REF! | ... BT10: =AVIA25!BT10+25 -> 13450
A11: Номер Люкс - с двуспальной кроватью
A12: 1 | B12: =AVIA25!B12+25 -> #REF! | C12: =AVIA25!C12+25 -> #REF! | D12: =AVIA25!D12+25 -> #REF! | E12: =AVIA25!E12+25 -> #REF! | F12: =AVIA25!F12+25 -> #REF! | G12: =AVIA25!G12+25 -> #REF! | H12: =AVIA25!H12+25 -> #REF! | I12: =AVIA25!I12+25 -> #REF! | ... BT12: =AVIA25!BT12+25 -> 16300
A13: 2 | B13: =AVIA25!B13+25 -> #REF! | C13: =AVIA25!C13+25 -> #REF! | D13: =AVIA25!D13+25 -> #REF! | E13: =AVIA25!E13+25 -> #REF! | F13: =AVIA25!F13+25 -> #REF! | G13: =AVIA25!G13+25 -> #REF! | H13: =AVIA25!H13+25 -> #REF! | I13: =AVIA25!I13+25 -> #REF! | ... BT13: =AVIA25!BT13+25 -> 17950
A14: Представительский Люкс - с двуспальной кроватью
A15: 1 | B15: =AVIA25!B15+25 -> #REF! | C15: =AVIA25!C15+25 -> #REF! | D15: =AVIA25!D15+25 -> #REF! | E15: =AVIA25!E15+25 -> #REF! | F15: =AVIA25!F15+25 -> #REF! | G15: =AVIA25!G15+25 -> #REF! | H15: =AVIA25!H15+25 -> #REF! | I15: =AVIA25!I15+25 -> #REF! | ... BT15: =AVIA25!BT15+25 -> 18550
A16: 2 | B16: =AVIA25!B16+25 -> #REF! | C16: =AVIA25!C16+25 -> #REF! | D16: =AVIA25!D16+25 -> #REF! | E16: =AVIA25!E16+25 -> #REF! | F16: =AVIA25!F16+25 -> #REF! | G16: =AVIA25!G16+25 -> #REF! | H16: =AVIA25!H16+25 -> #REF! | I16: =AVIA25!I16+25 -> #REF! | ... BT16: =AVIA25!BT16+25 -> 20200
A17: Пентхаус, 2-этажный, с террасой - с 2 спальнями
A18: от 1 до 4 | B18: =AVIA25!B18+25 -> #REF! | C18: =AVIA25!C18+25 -> #REF! | D18: =AVIA25!D18+25 -> #REF! | E18: =AVIA25!E18+25 -> #REF! | F18: =AVIA25!F18+25 -> #REF! | G18: =AVIA25!G18+25 -> #REF! | H18: =AVIA25!H18+25 -> #REF! | I18: =AVIA25!I18+25 -> #REF! | ... BT18: =AVIA25!BT18+25 -> 35800
A19: Люкс Красная Поляна, 2-этажный, с террасой - с 3 спальнями
A20: от 1 до 6 | B20: =AVIA25!B20+25 -> #REF! | C20: =AVIA25!C20+25 -> #REF! | D20: =AVIA25!D20+25 -> #REF! | E20: =AVIA25!E20+25 -> #REF! | F20: =AVIA25!F20+25 -> #REF! | G20: =AVIA25!G20+25 -> #REF! | H20: =AVIA25!H20+25 -> #REF! | I20: =AVIA25!I20+25 -> #REF! | ... BT20: =AVIA25!BT20+25 -> 50800
A21: Важно:
A22: тариф "Авиа" действует только на проживание с перелетом.
A23: Даты тарифа:
A24: Период продажи: 10.04.2026 - 30.09.2026 вкл-но Период проживания:10.04.2026 - 30.09.2026 вкл-но
A25: Закрытые даты (включительно):
A26: 15.07.2026 - 30.11.2026
A27: В стоимость включено:
A28: Подъем на канатной дороге с Поляны 540 на Поляну 960; Проживание в номере выбранной категории; Завтрак "Шведский стол" в ресторане "Прагер"; Шоколадный час ежедневно с 17.00 до 17.45; Посещение SPA комплекса отеля; Wi-Fi на территории всего отеля; Комната для хранения горнолыжного оборудования; Услуги бизнес-центра (персональный компьютер, принтер, Интернет); Услуги консьержа, в том числе мобильный консьерж-сервис; Доставка багажа в номер / из номера; Услуги парковки автомобиля (крытая парковка);
A29: Условия аннуляции:
A30: В случае отмены или изменения бронирования после 00:00 часов дня заезда удерживается стоимость первых суток.
